Workbook

Sheet Resumen
B1: ANEXO III - PROYECTOS POR PROVINCIA EN EL PLAN NACIONAL DE INVERSIONES PÚBLICAS
B3: Ubicación geográfica | C3: Monto 2027 PLP (mill. $)
C4: Total | D4: IRD | E4: Transf. Capital | F4: Inv. Financiera | G4: Aplic. Financ.
B5: Ciudad Autónoma de Buenos Aires | C5: =CABA!J6 -> 425462.58 | D5: =CABA!K6 -> 412562.71 | E5: =CABA!L6 -> 12785.083 | F5: =CABA!M6 -> 114.79 | G5: =CABA!N6 -> 0
B6: Provincia de Buenos Aires | C6: ='Buenos Aires'!J6 -> 388916.78 | D6: ='Buenos Aires'!K6 -> 350950.2 | E6: ='Buenos Aires'!L6 -> 37856.2 | F6: ='Buenos Aires'!M6 -> 110.375 | G6: ='Buenos Aires'!N6 -> 0
B7: Provincia de Catamarca | C7: =Catamarca!J6 -> 22742.339 | D7: =Catamarca!K6 -> 21405.023 | E7: =Catamarca!L6 -> 1337.3166 | F7: =Catamarca!M6 -> 0 | G7: =Catamarca!N6 -> 0
B8: Provincia de Córdoba | C8: =Córdoba!J6 -> 60142.584 | D8: =Córdoba!K6 -> 58874.072 | E8: =Córdoba!L6 -> 1268.5121 | F8: =Córdoba!M6 -> 0 | G8: =Córdoba!N6 -> 0
B9: Provincia de Corrientes | C9: =Corrientes!J6 -> 30141.515 | D9: =Corrientes!K6 -> 27828.949 | E9: =Corrientes!L6 -> 2312.5654 | F9: =Corrientes!M6 -> 0 | G9: =Corrientes!N6 -> 0
B10: Provincia de Entre Ríos | C10: ='Entre Rios'!J6 -> 24534.865 | D10: ='Entre Rios'!K6 -> 23693.357 | E10: ='Entre Rios'!L6 -> 841.50789 | F10: ='Entre Rios'!M6 -> 0 | G10: ='Entre Rios'!N6 -> 0
B11: Provincia de Formosa | C11: =Formosa!J6 -> 13170.687 | D11: =Formosa!K6 -> 12512.489 | E11: =Formosa!L6 -> 658.19881 | F11: =Formosa!M6 -> 0 | G11: =Formosa!N6 -> 0
B12: Provincia de Jujuy | C12: =Jujuy!J6 -> 47751.697 | D12: =Jujuy!K6 -> 45373.101 | E12: =Jujuy!L6 -> 2378.596 | F12: =Jujuy!M6 -> 0 | G12: =Jujuy!N6 -> 0
B13: Provincia de La Pampa | C13: ='La Pampa'!J6 -> 6599.0195 | D13: ='La Pampa'!K6 -> 6269.5923 | E13: ='La Pampa'!L6 -> 329.42721 | F13: ='La Pampa'!M6 -> 0 | G13: ='La Pampa'!N6 -> 0
B14: Provincia de La Rioja | C14: ='La Rioja'!J6 -> 22172.127 | D14: ='La Rioja'!K6 -> 21112.233 | E14: ='La Rioja'!L6 -> 1059.8949 | F14: ='La Rioja'!M6 -> 0 | G14: ='La Rioja'!N6 -> 0
B15: Provincia de Mendoza | C15: =Mendoza!J6 -> 36765.278 | D15: =Mendoza!K6 -> 32794.807 | E15: =Mendoza!L6 -> 3970.4712 | F15: =Mendoza!M6 -> 0 | G15: =Mendoza!N6 -> 0
B16: Provincia de Misiones | C16: =Misiones!J6 -> 25187.514 | D16: =Misiones!K6 -> 13655.037 | E16: =Misiones!L6 -> 11532.476 | F16: =Misiones!M6 -> 0 | G16: =Misiones!N6 -> 0
B17: Provincia de Río Negro | C17: ='Rio Negro'!J6 -> 36052.759 | D17: ='Rio Negro'!K6 -> 35765.046 | E17: ='Rio Negro'!L6 -> 287.71302 | F17: ='Rio Negro'!M6 -> 0 | G17: ='Rio Negro'!N6 -> 0
B18: Provincia de Salta | C18: =Salta!J6 -> 130128.52 | D18: =Salta!K6 -> 127824.17 | E18: =Salta!L6 -> 2304.343 | F18: =Salta!M6 -> 0 | G18: =Salta!N6 -> 0
B19: Provincia de San Juan | C19: ='San Juan'!J6 -> 33396.565 | D19: ='San Juan'!K6 -> 31743.87 | E19: ='San Juan'!L6 -> 1652.695 | F19: ='San Juan'!M6 -> 0 | G19: ='San Juan'!N6 -> 0
B20: Provincia de San Luis | C20: ='San Luis'!J6 -> 10499.068 | D20: ='San Luis'!K6 -> 4340.9916 | E20: ='San Luis'!L6 -> 6158.0759 | F20: ='San Luis'!M6 -> 0 | G20: ='San Luis'!N6 -> 0
B21: Provincia de Santa Cruz | C21: ='Santa Cruz'!J6 -> 100028.67 | D21: ='Santa Cruz'!K6 -> 98859.666 | E21: ='Santa Cruz'!L6 -> 1169.0054 | F21: ='Santa Cruz'!M6 -> 0 | G21: ='Santa Cruz'!N6 -> 0
B22: Provincia de Santa Fe | C22: ='Santa Fe'!J6 -> 66110.066 | D22: ='Santa Fe'!K6 -> 30645.293 | E22: ='Santa Fe'!L6 -> 35464.773 | F22: ='Santa Fe'!M6 -> 0 | G22: ='Santa Fe'!N6 -> 0
B23: Provincia de Santiago del Estero | C23: ='Santiago del Estero'!J6 -> 29893.664 | D23: ='Santiago del Estero'!K6 -> 29270.637 | E23: ='Santiago del Estero'!L6 -> 623.02742 | F23: ='Santiago del Estero'!M6 -> 0 | G23: ='Santiago del Estero'!N6 -> 0
B24: Provincia de Tierra del Fuego, Antártida e Islas del Atlántico Sur | C24: ='Tierra del Fuego'!J6 -> 10829.204 | D24: ='Tierra del Fuego'!K6 -> 10056.677 | E24: ='Tierra del Fuego'!L6 -> 772.52704 | F24: ='Tierra del Fuego'!M6 -> 0 | G24: ='Tierra del Fuego'!N6 -> 0
B25: Provincia de Tucumán | C25: =Tucumán!J6 -> 109171.89 | D25: =Tucumán!K6 -> 53574.96 | E25: =Tucumán!L6 -> 55596.926 | F25: =Tucumán!M6 -> 0 | G25: =Tucumán!N6 -> 0
B26: Provincia del Chaco | C26: =Chaco!J6 -> 44178.604 | D26: =Chaco!K6 -> 11612.311 | E26: =Chaco!L6 -> 32566.293 | F26: =Chaco!M6 -> 0 | G26: =Chaco!N6 -> 0
B27: Provincia del Chubut | C27: =Chubut!J6 -> 31577.719 | D27: =Chubut!K6 -> 31317.325 | E27: =Chubut!L6 -> 260.39459 | F27: =Chubut!M6 -> 0 | G27: =Chubut!N6 -> 0
B28: Provincia del Neuquén | C28: =Neuquén!J6 -> 16236.965 | D28: =Neuquén!K6 -> 15743.403 | E28: =Neuquén!L6 -> 493.56209 | F28: =Neuquén!M6 -> 0 | G28: =Neuquén!N6 -> 0
B29: Nacional | C29: =Nacional!J6 -> 1060035 | D29: =Nacional!K6 -> 195952.78 | E29: =Nacional!L6 -> 859566.35 | F29: =Nacional!M6 -> 4515.835 | G29: =Nacional!N6 -> 0
B30: Binacional | C30: =Binacional!J6 -> 50882.584 | D30: =Binacional!K6 -> 0 | E30: =Binacional!L6 -> 50882.584 | F30: =Binacional!M6 -> 0 | G30: =Binacional!N6 -> 0
B31: Interprovincial | C31: =Interprovincial!J6 -> 575680.14 | D31: =Interprovincial!K6 -> 203611.14 | E31: =Interprovincial!L6 -> 372069 | F31: =Interprovincial!M6 -> 0 | G31: =Interprovincial!N6 -> 0
B32: No Clasificado | C32: ='No clasificado'!J6 -> 1141898.8 | D32: ='No clasificado'!K6 -> 0 | E32: ='No clasificado'!L6 -> 0 | F32: ='No clasificado'!M6 -> 0 | G32: ='No clasificado'!N6 -> 1141898.8
B33: Exterior | C33: =Exterior!J6 -> 359990.4 | D33: =Exterior!K6 -> 3514.6161 | E33: =Exterior!L6 -> 0 | F33: =Exterior!M6 -> 356475.78 | G33: =Exterior!N6 -> 0
B34: Total | C34: =SUM(C5:C33) -> 4910177.5 | D34: =SUM(D5:D33) -> 1910864.5 | E34: =SUM(E5:E33) -> 1496197.5 | F34: =SUM(F5:F33) -> 361216.78 | G34: =SUM(G5:G33) -> 1141898.8

Sheet CABA
A1: PLAN NACIONAL DE INVERSIONES PÚBLICAS 2027 - 2029 - Ciudad Autónoma de Buenos Aires
A2: montos en millones de pesos
A3: GASTO DE INVERSIÓN DE LA ADMINISTRACIÓN PÚBLICA NACIONAL POR PROYECTO
A4: Jurisdicción | C4: SAF | E4: Proyecto de Inversión (BAPIN) | G4: Estado | H4: Finalidad | I4: Función | J4: Monto 2027 Proyecto de ley
A5: Cód. | B5: Descripción | C5: Cód. | D5: Descripción | E5: Cod. BAPIN | F5: Denominación | J5: $ | K5: IRD | L5: Transf. Capital | M5: Inv. Financiera | N5: Aplic. Financ.
A6: GASTO DE INVERSIÓN DE LA ADMINISTRACIÓN PÚBLICA NACIONAL POR PROYECTO EN LA CIUDAD AUTÓNOMA DE BUENOS AIRES | J6: =+SUM(J7:J459) -> 425462.58 | K6: =+SUM(K7:K459) -> 412562.71 | L6: =+SUM(L7:L459) -> 12785.083 | M6: =+SUM(M7:M459) -> 114.79 | N6: =+SUM(N7:N459) -> 0
A7: 1 | B7: Poder Legislativo Nacional | C7: 1 | D7: Auditoría General de la Nación | E7: 154130 | F7: ADQUISICIÓN EQUIPAMIENTO BÁSICO -AUDITORIA GENERAL DE LA NACIÓN -AÑO 2027 | G7: A INICIAR | H7: ADMINISTRACION GUBERNAMENTAL | I7: Control de la Gestión Pública | J7: 608 | K7: 608 | L7: 0 | M7: 0 | N7: 0
A8: 1 | B8: Poder Legislativo Nacional | C8: 312 | D8: Honorable Senado de la Nación Argentina | E8: 154692 | F8: EQUIPAMIENTO BÁSICO DE OFICINA 2027 | G8: A INICIAR | H8: ADMINISTRACION GUBERNAMENTAL | I8: Legislativa | J8: 2498 | K8: 2498 | L8: 0 | M8: 0 | N8: 0
A9: 1 | B9: Poder Legislativo Nacional | C9: 312 | D9: Honorable Senado de la Nación Argentina | E9: 154766 | F9: EQUIPAMIENTOS VARIOS 2027 | G9: A INICIAR | H9: ADMINISTRACION GUBERNAMENTAL | I9: Legislativa | J9: 151 | K9: 151 | L9: 0 | M9: 0 | N9: 0
A10: 1 | B10: Poder Legislativo Nacional | C10: 313 | D10: Honorable Cámara de Diputados de la Nación Argentina | E10: 154696 | F10: ADQUISICION DE EQUIPAMIENTOS BASICOS DE OFICINA - PROGRAMA 17 - EJERCICIO 2027 | G10: A INICIAR | H10: ADMINISTRACION GUBERNAMENTAL | I10: Legislativa | J10: 2843 | K10: 2843 | L10: 0 | M10: 0 | N10: 0
A11: 1 | B11: Poder Legislativo Nacional | C11: 314 | D11: Biblioteca del Congreso de la Nación | E11: 148294 | F11: AMPLIACIÓN DEL ACERVO BIBLIOGRÁFICO Y DOCUMENTAL 2027 - BIBLIOTECA DEL CONGRESO DE LA NACIÓN - CIUDAD AUTÓNOMA DE BUENOS AIRES | G11: A INICIAR | H11: SERVICIOS SOCIALES | I11: Educación y Cultura | J11: 25 | K11: 25 | L11: 0 | M11: 0 | N11: 0
A12: 1 | B12: Poder Legislativo Nacional | C12: 314 | D12: Biblioteca del Congreso de la Nación | E12: 153852 | F12: ADQUISICIÓN DE EQUIPAMIENTO FUNCIONAL, MAQUINARIA ESPECÍFICA Y LICENCIAS DE SOFTWARE 2027 - BIBLIOTECA DEL CONGRESO DE LA NACIÓN - CIUDAD AUTÓNOMA DE BUENOS AIRES | G12: A INICIAR | H12: SERVICIOS SOCIALES | I12: Educación y Cultura | J12: 33 | K12: 33 | L12: 0 | M12: 0 | N12: 0
A13: 1 | B13: Poder Legislativo Nacional | C13: 315 | D13: Imprenta del Congreso de la Nación | E13: 154929 | F13: ADQUISICIÓN DE TRES EQUIPOS DE PRODUCCIÓN 1 (UNA) BOOKEYE 4 2 (DOS) RICOH FI-7900 | G13: A INICIAR | H13: ADMINISTRACION GUBERNAMENTAL | I13: Legislativa | J13: 224 | K13: 224 | L13: 0 | M13: 0 | N13: 0
A14: 1 | B14: Poder Legislativo Nacional | C14: 316 | D14: Dirección de Ayuda Social para el Personal del Congreso de la Nación (DAS) | E14: 154934 | F14: EQUIPAMIENTO BÁSICO DE OFICINA 2027 | G14: A INICIAR | H14: SERVICIOS SOCIALES | I14: Salud | J14: 740 | K14: 740 | L14: 0 | M14: 0 | N14: 0
A15: 1 | B15: Poder Legislativo Nacional | C15: 316 | D15: Dirección de Ayuda Social para el Personal del Congreso de la Nación (DAS) | E15: 155065 | F15: EQUIPAMIENTO MEDICO Y ODONTOLÓGICO 2027 | G15: A INICIAR | H15: SERVICIOS SOCIALES | I15: Salud | J15: 125 | K15: 125 | L15: 0 | M15: 0 | N15: 0
A16: 1 | B16: Poder Legislativo Nacional | C16: 319 | D16: Defensoría del Pueblo de la Nación | E16: 154706 | F16: BIENES DE USO 2027 | G16: A INICIAR | H16: ADMINISTRACION GUBERNAMENTAL | I16: Legislativa | J16: 81 | K16: 81 | L16: 0 | M16: 0 | N16: 0
A17: 1 | B17: Poder Legislativo Nacional | C17: 340 | D17: Procuración Penitenciaria de la Nación | E17: 154166 | F17: ADQUISICIÓN DE EQUIPAMIENTO DE OFICINA Y EQUIPAMIENTO INFORMATICO. | G17: A INICIAR | H17: ADMINISTRACION GUBERNAMENTAL | I17: Judicial | J17: 41 | K17: 41 | L17: 0 | M17: 0 | N17: 0
A18: 1 | B18: Poder Legislativo Nacional | C18: 346 | D18: Defensoría del Público de Servicios de Comunicación Audiovisual | E18: 153838 | F18: ACTUALIZACIÓN DE EQUIPAMIENTO INFORMÁTICO, MOBILIARIO DE OFICINA Y LICENCIAS 2027 | G18: A INICIAR | H18: ADMINISTRACION GUBERNAMENTAL | I18: Legislativa | J18: 9 | K18: 9 | L18: 0 | M18: 0 | N18: 0
... A459: 91 | B459: Obligaciones a Cargo del Tesoro | C459: 356 | D459: Obligaciones a Cargo del Tesoro | E459: 155000 | F459: TRANSFERENCIA DE CAPITAL PARA CONTENIDOS PUBLICOS SAU - AÑO 2027 | G459: A INICIAR | H459: SERVICIOS ECONOMICOS | I459: Comunicaciones | J459: 77.5 | K459: 0 | L459: 77.5 | M459: 0 | N459: 0

Sheet Buenos Aires
A1: PLAN NACIONAL DE INVERSIONES PÚBLICAS 2027 - 2029 - Provincia de Buenos Aires
A2: montos en millones de pesos
A3: GASTO DE INVERSIÓN DE LA ADMINISTRACIÓN PÚBLICA NACIONAL POR PROYECTO
A4: Jurisdicción | C4: SAF | E4: Proyecto de Inversión (BAPIN) | G4: Estado | H4: Finalidad | I4: Función | J4: Monto 2027 Proyecto de ley
A5: Cód. | B5: Descripción | C5: Cód. | D5: Descripción | E5: Cod. BAPIN | F5: Denominación | J5: $ | K5: IRD | L5: Transf. Capital | M5: Inv. Financiera | N5: Aplic. Financ.
A6: GASTO DE INVERSIÓN DE LA ADMINISTRACIÓN PÚBLICA NACIONAL POR PROYECTO EN LA PROVINCIA DE BUENOS AIRES | J6: =+SUM(J7:J178) -> 388916.78 | K6: =+SUM(K7:K178) -> 350950.2 | L6: =+SUM(L7:L178) -> 37856.2 | M6: =+SUM(M7:M178) -> 110.375 | N6: =+SUM(N7:N178) -> 0
A7: 5 | B7: Poder Judicial de la Nación | C7: 320 | D7: Consejo de la Magistratura | E7: 68989 | F7: REMODELACIÓN Y AMPLIACIÓN DEL EDIFICIO, JUZGADO FEDERAL DE JUNÍN CABRERA 222, JUNÍN, BS.AS. | G7: A INICIAR | H7: ADMINISTRACION GUBERNAMENTAL | I7: Judicial | J7: 140.31296 | K7: 140.31296 | L7: 0 | M7: 0 | N7: 0
A8: 10 | B8: Ministerio Público | C8: 360 | D8: Procuración General de la Nación | E8: 150663 | F8: ADQUISICIÓN DE EQUIPAMIENTO PARA LA CREACIÓN DE NUEVAS SEDES DEL RÉGIMEN ACUSATORIO EN EL TERRITORIO NACIONAL | G8: A INICIAR | H8: ADMINISTRACION GUBERNAMENTAL | I8: Judicial | J8: 463.16816 | K8: 463.16816 | L8: 0 | M8: 0 | N8: 0
A9: 10 | B9: Ministerio Público | C9: 361 | D9: Defensoría General de la Nación | E9: 146500 | F9: REFACCIÓN DE INMUEBLE PARA SEDE DE LA DEFENSORÍA DE BAHÍA BLANCA, PBA | G9: INICIADO | H9: ADMINISTRACION GUBERNAMENTAL | I9: Judicial | J9: 237.14612 | K9: 237.14612 | L9: 0 | M9: 0 | N9: 0
A10: 10 | B10: Ministerio Público | C10: 361 | D10: Defensoría General de la Nación | E10: 146504 | F10: REFACCIÓN DE INMUEBLE PARA SEDE DE LA DEFENSORÍA DE DOLORES, PBA | G10: INICIADO | H10: ADMINISTRACION GUBERNAMENTAL | I10: Judicial | J10: 67.013561 | K10: 67.013561 | L10: 0 | M10: 0 | N10: 0
A11: 10 | B11: Ministerio Público | C11: 361 | D11: Defensoría General de la Nación | E11: 146506 | F11: AMPLIACIÓN DE INMUEBLE PARA SEDE DE LA DEFENSORÍA DE MAR DEL PLATA, PBA | G11: A INICIAR | H11: ADMINISTRACION GUBERNAMENTAL | I11: Judicial | J11: 277.5 | K11: 277.5 | L11: 0 | M11: 0 | N11: 0
A12: 10 | B12: Ministerio Público | C12: 361 | D12: Defensoría General de la Nación | E12: 153020 | F12: REACONDICIONAMIENTO DEL EDIFICIO EN GARIBALDI 208, SAN NICOLÁS DE LOS ARROYO, BUENOS AIRES | G12: A INICIAR | H12: ADMINISTRACION GUBERNAMENTAL | I12: Judicial | J12: 7.163453 | K12: 7.163453 | L12: 0 | M12: 0 | N12: 0
A13: 10 | B13: Ministerio Público | C13: 361 | D13: Defensoría General de la Nación | E13: 153989 | F13: REEMPLAZO DE TEJAS PARA INMUEBLE DE LA CIUDAD DE SAN ISIDRO, PROVINCIA DE BUENOS AIRES | G13: A INICIAR | H13: ADMINISTRACION GUBERNAMENTAL | I13: Judicial | J13: 5.85 | K13: 5.85 | L13: 0 | M13: 0 | N13: 0
A14: 10 | B14: Ministerio Público | C14: 361 | D14: Defensoría General de la Nación | E14: 154356 | F14: IMPERMEABILIZACIÓN DE INMUEBLE EN LA CIUDAD DE SAN MARTIN, PCIA. DE BUENOS AIRES | G14: A INICIAR | H14: ADMINISTRACION GUBERNAMENTAL | I14: Judicial | J14: 10.8 | K14: 10.8 | L14: 0 | M14: 0 | N14: 0
A15: 20 | B15: Presidencia de la Nación | C15: 301 | D15: Secretaría General de la Presidencia de la Nación | E15: 154334 | F15: ADQUISICIÓN DE EQUIPAMIENTO BÁSICO DE OFICINA - EJERCICIO 2027 | G15: A INICIAR | H15: ADMINISTRACION GUBERNAMENTAL | I15: Dirección Superior Ejecutiva | J15: 48.4 | K15: 48.4 | L15: 0 | M15: 0 | N15: 0
A16: 20 | B16: Presidencia de la Nación | C16: 301 | D16: Secretaría General de la Presidencia de la Nación | E16: 154490 | F16: ADQUISICIÓN DE EQUIPOS AUDIOVISUALES, DE USO DOMÉSTICO Y OTROS. | G16: A INICIAR | H16: ADMINISTRACION GUBERNAMENTAL | I16: Dirección Superior Ejecutiva | J16: 2 | K16: 2 | L16: 0 | M16: 0 | N16: 0
A17: 25 | B17: Jefatura de Gabinete de Ministros | C17: 103 | D17: Consejo Nacional de Investigaciones Científicas y Técnicas | E17: 154565 | F17: ACONDICIONAMIENTO DE LOS BUQUES OCEONOGRÁFICOS PUERTO DESEADO Y ARA AUSTRAL 2027 - PROGRAMA PAMPA AZUL | G17: A INICIAR | H17: SERVICIOS SOCIALES | I17: Ciencia, Tecnología e Innovación | J17: 100 | K17: 0 | L17: 100 | M17: 0 | N17: 0
A18: 25 | B18: Jefatura de Gabinete de Ministros | C18: 107 | D18: Administración de Parques Nacionales | E18: 154714 | F18: ADQUISICIÓN DE EQUIPAMIENTO BÁSICO DE OFICINA PARA TODAS LAS DEPENDENCIAS DE LA ADMINISTRACIÓN DE PARQUES NACIONALES - AÑO 2027 | G18: A INICIAR | H18: SERVICIOS ECONOMICOS | I18: Ecología y Desarrollo Sostenible | J18: 32.260364 | K18: 32.260364 | L18: 0 | M18: 0 | N18: 0
... A178: 88 | B178: Ministerio de Capital Humano | C178: 850 | D178: Administración Nacional de la Seguridad Social | E178: 133236 | F178: PROVISIÓN E INSTALACIÓN DE UN SISTEMA DE PROTECCIÓN CONTRA INCENDIO PARA EL DEPOSITO EZEIZA, SITO EN PERITO MORENO 375, PARQUE INDUSTRIAL CANNING, EZEIZA | G178: A INICIAR | H178: SERVICIOS SOCIALES | I178: Seguridad Social | J178: 151 | K178: 151 | L178: 0 | M178: 0 | N178: 0

Sheet Catamarca
A1: PLAN NACIONAL DE INVERSIONES PÚBLICAS 2027 - 2029 - Provincia de Catamarca
A2: montos en millones de pesos
A3: GASTO DE INVERSIÓN DE LA ADMINISTRACIÓN PÚBLICA NACIONAL POR PROYECTO
A4: Jurisdicción | C4: SAF | E4: Proyecto de Inversión (BAPIN) | G4: Estado | H4: Finalidad | I4: Función | J4: Monto 2027 Proyecto de ley
A5: Cód. | B5: Descripción | C5: Cód. | D5: Descripción | E5: Cod. BAPIN | F5: Denominación | J5: $ | K5: IRD | L5: Transf. Capital | M5: Inv. Financiera | N5: Aplic. Financ.
A6: GASTO DE INVERSIÓN DE LA ADMINISTRACIÓN PÚBLICA NACIONAL POR PROYECTO EN LA PROVINCIA DE CATAMARCA | J6: =+SUM(J7:J34) -> 22742.339 | K6: =+SUM(K7:K34) -> 21405.023 | L6: =+SUM(L7:L34) -> 1337.3166 | M6: =+SUM(M7:M34) -> 0 | N6: =+SUM(N7:N34) -> 0
A7: 10 | B7: Ministerio Público | C7: 360 | D7: Procuración General de la Nación | E7: 150663 | F7: ADQUISICIÓN DE EQUIPAMIENTO PARA LA CREACIÓN DE NUEVAS SEDES DEL RÉGIMEN ACUSATORIO EN EL TERRITORIO NACIONAL | G7: A INICIAR | H7: ADMINISTRACION GUBERNAMENTAL | I7: Judicial | J7: 15.0696 | K7: 15.0696 | L7: 0 | M7: 0 | N7: 0
A8: 50 | B8: Ministerio de Economía | C8: 357 | D8: Ministerio de Economía | E8: 123929 | F8: AMPLIACIÓN LÍNEA DE ALTA TENSIÓN 220KV Y 132 KV ENTRE ALUMBRERA Y BELÉN Y NUEVAS ESTACIONES TRANSFORMADORAS EL EJE Y BELÉN, EN LA PROVINCIA DE CATAMARCA | G8: INICIADO | H8: SERVICIOS ECONOMICOS | I8: Energía, Combustibles y Minería | J8: 1000 | K8: 0 | L8: 1000 | M8: 0 | N8: 0
A9: 50 | B9: Ministerio de Economía | C9: 377 | D9: Infraestructura Económica y Social | E9: 109781 | F9: CONSTRUCCIÓN DE REDES FINAS Y CONEXIONES DOMICILIARIAS DE DESAGÜES CLOACALES PARA FRAY M. ESQUIÚ Y VALLE VIEJO - ETAPA II - PROVINCIA DE CATAMARCA | G9: INICIADO | H9: SERVICIOS SOCIALES | I9: Agua Potable y Alcantarillado | J9: 7871.5076 | K9: 7871.5076 | L9: 0 | M9: 0 | N9: 0
A10: 50 | B10: Ministerio de Economía | C10: 377 | D10: Infraestructura Económica y Social | E10: 132638 | F10: AMPLIACIÓN RED DE CLOACAS TINOGASTA ETAPA 1 - CATAMARCA | G10: INICIADO | H10: SERVICIOS SOCIALES | I10: Agua Potable y Alcantarillado | J10: 0.213765 | K10: 0 | L10: 0.213765 | M10: 0 | N10: 0
A11: 50 | B11: Ministerio de Economía | C11: 604 | D11: Dirección Nacional de Vialidad | E11: 108936 | F11: CREMA MALLA 408A - OBRAS DE RECUPERACIÓN Y MANTENIMIENTO EN RUTAS: RN 0060, TRAMO: LTE. CÓRDOBA/CATAMARCA - EMP. RP20 Y RN 0157, TRAMO: EMP. RN60 - LAVALLE - PROVINCIA DE CATAMARCA | G11: INICIADO | H11: SERVICIOS ECONOMICOS | I11: Transporte | J11: 3501.7254 | K11: 3501.7254 | L11: 0 | M11: 0 | N11: 0
A12: 50 | B12: Ministerio de Economía | C12: 604 | D12: Dirección Nacional de Vialidad | E12: 108941 | F12: CREMA MALLA 441 - OBRAS DE RECUPERACIÓN Y MANTENIMIENTO EN RUTA RN 0038, TRAMO: INICIO CIRCUNVALACIÓN CATAMARCA - LTE. CAT/TUC - PROVINCIA DE CATAMARCA (BID 3050) | G12: INICIADO | H12: SERVICIOS ECONOMICOS | I12: Transporte | J12: 3224.9965 | K12: 3224.9965 | L12: 0 | M12: 0 | N12: 0
A13: 50 | B13: Ministerio de Economía | C13: 604 | D13: Dirección Nacional de Vialidad | E13: 121433 | F13: SISTEMA MODULAR DE MANTENIMIENTO, RUTA NAC. N° 60, TRAMO: TINOGASTA - LA GRUTA, SECIÓN: KM1324,22 – KM1547,49, PROVINCIA DE CATAMARCA | G13: INICIADO | H13: SERVICIOS ECONOMICOS | I13: Transporte | J13: 1.6964 | K13: 1.6964 | L13: 0 | M13: 0 | N13: 0
A14: 50 | B14: Ministerio de Economía | C14: 604 | D14: Dirección Nacional de Vialidad | E14: 123878 | F14: REHABILITACIÓN Y CONSTRUCCIÓN DE OBRAS DE ARTE Y REPARACIÓN DE ASENTAMIENTOS EN CALZADA Y BANQUINAS, RUTA 38, TRAMO: EL PORTEZUELO - LA MERCED, SECCIÓN: KM 594,44 - KM. 636,50, PROVINCIA DE CATAMARCA | G14: INICIADO | H14: SERVICIOS ECONOMICOS | I14: Transporte | J14: 25.640224 | K14: 25.640224 | L14: 0 | M14: 0 | N14: 0
A15: 50 | B15: Ministerio de Economía | C15: 604 | D15: Dirección Nacional de Vialidad | E15: 130645 | F15: PAVIMENTACIÓN RUTA NACIONAL N° 40, TRAMO: LTE. C/ LA RIOJA - BELEN, SECCION: KM. 4072,91 - KM. 4078,21. PROVINCIA DE CATAMARCA | G15: INICIADO | H15: SERVICIOS ECONOMICOS | I15: Transporte | J15: 70.342421 | K15: 70.342421 | L15: 0 | M15: 0 | N15: 0
A16: 50 | B16: Ministerio de Economía | C16: 604 | D16: Dirección Nacional de Vialidad | E16: 141230 | F16: REPAVIMENTACIÓN DE CALZADA CON RECONSTRUCCIÓN Y PAVIMENTACIÓN DE BANQUINAS, RN N°38, LÍMITE LA RIOJA/CATAMARCA - RIO ONGOLI, KM 506,02 - KM 570,24, PROVINCIA DE CATAMARCA | G16: A INICIAR | H16: SERVICIOS ECONOMICOS | I16: Transporte | J16: 540.05268 | K16: 540.05268 | L16: 0 | M16: 0 | N16: 0
A17: 50 | B17: Ministerio de Economía | C17: 604 | D17: Dirección Nacional de Vialidad | E17: 154009 | F17: OBRAS DE MANTENIMIENTO POR ADMINISTRACIÓN EN LOS 24 DISTRITOS DE LA DIRECCIÓN NACIONAL DE VIALIDAD (AÑO 2027) | G17: A INICIAR | H17: SERVICIOS ECONOMICOS | I17: Transporte | J17: 2421.1047 | K17: 2421.1047 | L17: 0 | M17: 0 | N17: 0
A18: 50 | B18: Ministerio de Economía | C18: 604 | D18: Dirección Nacional de Vialidad | E18: 154020 | F18: DESARROLLO DE INFRAESTRUCTURA DE MANTENIMIENTO Y EQUIPAMIENTO BÁSICO EN LOS 24 DISTRITOS DE LA DIRECCIÓN NACIONAL DE VIALIDAD (AÑO 2027) | G18: A INICIAR | H18: SERVICIOS ECONOMICOS | I18: Transporte | J18: 250.73415 | K18: 250.73415 | L18: 0 | M18: 0 | N18: 0
... A34: 88 | B34: Ministerio de Capital Humano | C34: 330 | D34: Secretaría de Educación | E34: 154368 | F34: EQUIPAMIENTOS DE TALLERES EN INSTITUCIONES DE EDUCACION TECNICO PROFESIONAL PARA LAS PRACTICAS FORMATIVAS | G34: A INICIAR | H34: SERVICIOS SOCIALES | I34: Educación y Cultura | J34: 41.64 | K34: 0 | L34: 41.64 | M34: 0 | N34: 0

Sheet Córdoba
A1: PLAN NACIONAL DE INVERSIONES PÚBLICAS 2027 - 2029 - Provincia de Córdoba
A2: montos en millones de pesos
A3: GASTO DE INVERSIÓN DE LA ADMINISTRACIÓN PÚBLICA NACIONAL POR PROYECTO
A4: Jurisdicción | C4: SAF | E4: Proyecto de Inversión (BAPIN) | G4: Estado | H4: Finalidad | I4: Función | J4: Monto 2027 Proyecto de ley
A5: Cód. | B5: Descripción | C5: Cód. | D5: Descripción | E5: Cod. BAPIN | F5: Denominación | J5: $ | K5: IRD | L5: Transf. Capital | M5: Inv. Financiera | N5: Aplic. Financ.
A6: GASTO DE INVERSIÓN DE LA ADMINISTRACIÓN PÚBLICA NACIONAL POR PROYECTO EN LA PROVINCIA DE CÓRDOBA | J6: =+SUM(J7:J43) -> 60142.584 | K6: =+SUM(K7:K43) -> 58874.072 | L6: =+SUM(L7:L43) -> 1268.5121 | M6: =+SUM(M7:M43) -> 0 | N6: =+SUM(N7:N43) -> 0
A7: 10 | B7: Ministerio Público | C7: 360 | D7: Procuración General de la Nación | E7: 150663 | F7: ADQUISICIÓN DE EQUIPAMIENTO PARA LA CREACIÓN DE NUEVAS SEDES DEL RÉGIMEN ACUSATORIO EN EL TERRITORIO NACIONAL | G7: A INICIAR | H7: ADMINISTRACION GUBERNAMENTAL | I7: Judicial | J7: 55.2552 | K7: 55.2552 | L7: 0 | M7: 0 | N7: 0
A8: 25 | B8: Jefatura de Gabinete de Ministros | C8: 106 | D8: Comisión Nacional de Actividades Espaciales | E8: 154709 | F8: ADQUISICIÓN DE EQUIPAMIENTO DE OFICINA PARA LOS PROYECTOS Y PROGRAMAS DEL PLAN NACIONAL ESPACIAL - 2027 | G8: A INICIAR | H8: SERVICIOS SOCIALES | I8: Ciencia, Tecnología e Innovación | J8: 80 | K8: 80 | L8: 0 | M8: 0 | N8: 0
A9: 25 | B9: Jefatura de Gabinete de Ministros | C9: 106 | D9: Comisión Nacional de Actividades Espaciales | E9: 154741 | F9: ADQUISICIÓN DE EQUIPAMIENTO VINCULADO CON LA GENERACIÓN Y USO DE LA INFORMACIÓN DE ORIGEN ESPACIAL - CÓRDOBA - 2027 | G9: A INICIAR | H9: SERVICIOS SOCIALES | I9: Ciencia, Tecnología e Innovación | J9: 40000 | K9: 40000 | L9: 0 | M9: 0 | N9: 0
A10: 25 | B10: Jefatura de Gabinete de Ministros | C10: 106 | D10: Comisión Nacional de Actividades Espaciales | E10: 154760 | F10: ADQUISICIÓN DE EQUIPAMIENTO VINCULADO A LA OPERACIÓN DE ESTACIONES TERRENAS Y PRESTACIÓN DE SERVICIOS TECNOLÓGICOS - CÓRDOBA - 2027 | G10: A INICIAR | H10: SERVICIOS SOCIALES | I10: Ciencia, Tecnología e Innovación | J10: 400 | K10: 400 | L10: 0 | M10: 0 | N10: 0
A11: 25 | B11: Jefatura de Gabinete de Ministros | C11: 106 | D11: Comisión Nacional de Actividades Espaciales | E11: 154958 | F11: EQUIPAMIENTO BASICO DE OFICINA PAR EL NORMAL FUNCIONAMIENTO DEL ORGANISMO | G11: A INICIAR | H11: SERVICIOS SOCIALES | I11: Ciencia, Tecnología e Innovación | J11: 70 | K11: 70 | L11: 0 | M11: 0 | N11: 0
A12: 25 | B12: Jefatura de Gabinete de Ministros | C12: 107 | D12: Administración de Parques Nacionales | E12: 154714 | F12: ADQUISICIÓN DE EQUIPAMIENTO BÁSICO DE OFICINA PARA TODAS LAS DEPENDENCIAS DE LA ADMINISTRACIÓN DE PARQUES NACIONALES - AÑO 2027 | G12: A INICIAR | H12: SERVICIOS ECONOMICOS | I12: Ecología y Desarrollo Sostenible | J12: 117.892 | K12: 117.892 | L12: 0 | M12: 0 | N12: 0
A13: 25 | B13: Jefatura de Gabinete de Ministros | C13: 107 | D13: Administración de Parques Nacionales | E13: 154718 | F13: ADQUISICIÓN DE EQUIPAMIENTO PARA MANTENIMIENTO Y OPERACIÓN DE TODAS LAS ÁREAS PROTEGIDAS DE LA ADMINISTRACIÓN DE PARQUES NACIONALES - NACIONAL - AÑO 2027 | G13: A INICIAR | H13: SERVICIOS ECONOMICOS | I13: Ecología y Desarrollo Sostenible | J13: 214.89063 | K13: 214.89063 | L13: 0 | M13: 0 | N13: 0
A14: 25 | B14: Jefatura de Gabinete de Ministros | C14: 107 | D14: Administración de Parques Nacionales | E14: 154734 | F14: ADQUISICIÓN DE EQUIPAMIENTO PARA PROYECTOS DE CONSERVACIÓN DE LA DIRECCION NACIONAL DE CONSERVACION Y DIRECCIONES REGIONALES - AÑO 2027 | G14: A INICIAR | H14: SERVICIOS ECONOMICOS | I14: Ecología y Desarrollo Sostenible | J14: 129.64243 | K14: 129.64243 | L14: 0 | M14: 0 | N14: 0
A15: 25 | B15: Jefatura de Gabinete de Ministros | C15: 107 | D15: Administración de Parques Nacionales | E15: 154737 | F15: ADQUISICIÓN DE EQUIPAMIENTO PARA MANTENIMIENTO Y OPERACIÓN DE LA DIRECCIÓN DE FORMACIÓN Y CAPACITACIÓN - CORDOBA - AÑO 2027 | G15: A INICIAR | H15: SERVICIOS ECONOMICOS | I15: Ecología y Desarrollo Sostenible | J15: 459.18037 | K15: 459.18037 | L15: 0 | M15: 0 | N15: 0
A16: 45 | B16: Ministerio de Defensa | C16: 374 | D16: Estado Mayor General del Ejército Argentino (EMGE) | E16: 153697 | F16: ADQUISICIÓN DE UN (01) SISTEMA DE SIMULADOR DE REALIDAD VIRTUAL DE ALTA INFILTRACIÓN HALO/HAHO PARA LA IVTA BRIGADA PARACAIDISTA. CIUDAD DE CÓRDOBA, PCIA DE CÓRDOBA. | G16: A INICIAR | H16: SERVICIOS DE DEFENSA Y SEGURIDAD | I16: Defensa | J16: 1225 | K16: 1225 | L16: 0 | M16: 0 | N16: 0
A17: 45 | B17: Ministerio de Defensa | C17: 381 | D17: Estado Mayor General de la Fuerza Aérea Argentina (EMGFA) | E17: 115919 | F17: DESARROLLO DE SISTEMAS DE PROPULSION MULTIPROPOSITO PARA LA FUERZA AEREA EN CORDOBA PROVINCIA DE CORDOBA | G17: INICIADO | H17: SERVICIOS DE DEFENSA Y SEGURIDAD | I17: Defensa | J17: 311.22252 | K17: 311.22252 | L17: 0 | M17: 0 | N17: 0
A18: 50 | B18: Ministerio de Economía | C18: 604 | D18: Dirección Nacional de Vialidad | E18: 31030 | F18: CONSTRUCCIÓN DE AUTOPISTA EN VARIANTE RN N° 158, TRAMO: RN N°9 - R.P. N°2, SECCIÓN: INTERCAMBIADOR CON AU0009 - INTERCAMBIADOR RP N°2, PROVINCIA: CÓRDOBA | G18: INICIADO | H18: SERVICIOS ECONOMICOS | I18: Transporte | J18: 4156.18 | K18: 4156.18 | L18: 0 | M18: 0 | N18: 0
... A43: 91 | B43: Obligaciones a Cargo del Tesoro | C43: 356 | D43: Obligaciones a Cargo del Tesoro | E43: 154475 | F43: TRANSFERENCIA DE CAPITAL A FADEA (2027) | G43: A INICIAR | H43: SERVICIOS ECONOMICOS | I43: Industria | J43: 219 | K43: 0 | L43: 219 | M43: 0 | N43: 0

Sheet Corrientes
A1: PLAN NACIONAL DE INVERSIONES PÚBLICAS 2027 - 2029 - Provincia de Corrientes
A2: montos en millones de pesos
A3: GASTO DE INVERSIÓN DE LA ADMINISTRACIÓN PÚBLICA NACIONAL POR PROYECTO
A4: Jurisdicción | C4: SAF | E4: Proyecto de Inversión (BAPIN) | G4: Estado | H4: Finalidad | I4: Función | J4: Monto 2027 Proyecto de ley
A5: Cód. | B5: Descripción | C5: Cód. | D5: Descripción | E5: Cod. BAPIN | F5: Denominación | J5: $ | K5: IRD | L5: Transf. Capital | M5: Inv. Financiera | N5: Aplic. Financ.
A6: GASTO DE INVERSIÓN DE LA ADMINISTRACIÓN PÚBLICA NACIONAL POR PROYECTO EN LA PROVINCIA DE CORRIENTES | J6: =+SUM(J7:J36) -> 30141.515 | K6: =+SUM(K7:K36) -> 27828.949 | L6: =+SUM(L7:L36) -> 2312.5654 | M6: =+SUM(M7:M36) -> 0 | N6: =+SUM(N7:N36) -> 0
A7: 10 | B7: Ministerio Público | C7: 360 | D7: Procuración General de la Nación | E7: 150663 | F7: ADQUISICIÓN DE EQUIPAMIENTO PARA LA CREACIÓN DE NUEVAS SEDES DEL RÉGIMEN ACUSATORIO EN EL TERRITORIO NACIONAL | G7: A INICIAR | H7: ADMINISTRACION GUBERNAMENTAL | I7: Judicial | J7: 89.64956 | K7: 89.64956 | L7: 0 | M7: 0 | N7: 0
A8: 10 | B8: Ministerio Público | C8: 361 | D8: Defensoría General de la Nación | E8: 146564 | F8: REFACCIÓN DE INMUEBLE PARA SEDE DE LA DEFENSORÍA DE CORRIENTES | G8: A INICIAR | H8: ADMINISTRACION GUBERNAMENTAL | I8: Judicial | J8: 128.13068 | K8: 128.13068 | L8: 0 | M8: 0 | N8: 0
A9: 25 | B9: Jefatura de Gabinete de Ministros | C9: 107 | D9: Administración de Parques Nacionales | E9: 154714 | F9: ADQUISICIÓN DE EQUIPAMIENTO BÁSICO DE OFICINA PARA TODAS LAS DEPENDENCIAS DE LA ADMINISTRACIÓN DE PARQUES NACIONALES - AÑO 2027 | G9: A INICIAR | H9: SERVICIOS ECONOMICOS | I9: Ecología y Desarrollo Sostenible | J9: 82.711334 | K9: 82.711334 | L9: 0 | M9: 0 | N9: 0
A10: 25 | B10: Jefatura de Gabinete de Ministros | C10: 107 | D10: Administración de Parques Nacionales | E10: 154718 | F10: ADQUISICIÓN DE EQUIPAMIENTO PARA MANTENIMIENTO Y OPERACIÓN DE TODAS LAS ÁREAS PROTEGIDAS DE LA ADMINISTRACIÓN DE PARQUES NACIONALES - NACIONAL - AÑO 2027 | G10: A INICIAR | H10: SERVICIOS ECONOMICOS | I10: Ecología y Desarrollo Sostenible | J10: 33.202273 | K10: 33.202273 | L10: 0 | M10: 0 | N10: 0
A11: 25 | B11: Jefatura de Gabinete de Ministros | C11: 107 | D11: Administración de Parques Nacionales | E11: 154734 | F11: ADQUISICIÓN DE EQUIPAMIENTO PARA PROYECTOS DE CONSERVACIÓN DE LA DIRECCION NACIONAL DE CONSERVACION Y DIRECCIONES REGIONALES - AÑO 2027 | G11: A INICIAR | H11: SERVICIOS ECONOMICOS | I11: Ecología y Desarrollo Sostenible | J11: 48.272808 | K11: 48.272808 | L11: 0 | M11: 0 | N11: 0
A12: 50 | B12: Ministerio de Economía | C12: 377 | D12: Infraestructura Económica y Social | E12: 101627 | F12: REMODELACIÓN Y PROLONGACIÓN DE COLECTORES CLOACALES Y CONSTRUCCCIÓN DE PLANTA DEPURADORA CLOACAL DE LA CAPITAL DE CORRIENTES - PROVINCIA DE CORRIENTES | G12: INICIADO | H12: SERVICIOS SOCIALES | I12: Agua Potable y Alcantarillado | J12: 6894.6043 | K12: 6894.6043 | L12: 0 | M12: 0 | N12: 0
A13: 50 | B13: Ministerio de Economía | C13: 377 | D13: Infraestructura Económica y Social | E13: 133512 | F13: AMPLIACIÓN DE RED INTEGRAL DE CLOACAS - PASO DE LA PATRIA - CORRIENTES | G13: INICIADO | H13: SERVICIOS SOCIALES | I13: Agua Potable y Alcantarillado | J13: 0.253412 | K13: 0 | L13: 0.253412 | M13: 0 | N13: 0
A14: 50 | B14: Ministerio de Economía | C14: 377 | D14: Infraestructura Económica y Social | E14: 153554 | F14: CONSTRUCCIÓN DE VIVIENDAS SUSTENTABLES EN ZONA BIOCLIMÁTICA CÁLIDO – ZONA IIB – PASO DE LOS LIBRES – CORRIENTES. | G14: A INICIAR | H14: SERVICIOS SOCIALES | I14: Vivienda y Urbanismo | J14: 2625.5019 | K14: 2625.5019 | L14: 0 | M14: 0 | N14: 0
A15: 50 | B15: Ministerio de Economía | C15: 604 | D15: Dirección Nacional de Vialidad | E15: 109011 | F15: CREMA MALLA 535 - OBRAS DE RECUPERACIÓN Y MANTENIMIENTO EN RUTA RN 0012, TRAMO: EMP. R.P. Nº25 - INTERSECCIÓN R.N.Nº 123 Y RUTA RN 0123, TRAMO: EMP. R.P. Nº 27 - INTERSECCION R. N. Nº12 - PROVINCIA DE CORRIENTES (BID 3050) | G15: INICIADO | H15: SERVICIOS ECONOMICOS | I15: Transporte | J15: 482.01033 | K15: 482.01033 | L15: 0 | M15: 0 | N15: 0
A16: 50 | B16: Ministerio de Economía | C16: 604 | D16: Dirección Nacional de Vialidad | E16: 109097 | F16: DUPLICACIÓN DE CALZADA Y CONSTRUCCIÓN DE COLECTORAS. RNN°12. TRAMO: EMPEDRADO- ITATI. SECC: TRAVESÍA URBANA POR CORRIENTES (KM 1023.00 - KM 1036,00). PROV. DE CORRIENTES. | G16: INICIADO | H16: SERVICIOS ECONOMICOS | I16: Transporte | J16: 9263.64 | K16: 9263.64 | L16: 0 | M16: 0 | N16: 0
A17: 50 | B17: Ministerio de Economía | C17: 604 | D17: Dirección Nacional de Vialidad | E17: 111548 | F17: OBRA CONSTRUCCIÓN DE PUENTE - RUTA NAC Nº 12 - TRAMO ESQUINA - GOYA - SECCION PUENTE SOBRE ARROYO GUAZU (KM. 712.71) - PROVINCIA DE CORRIENTES | G17: INICIADO | H17: SERVICIOS ECONOMICOS | I17: Transporte | J17: 7.004129 | K17: 7.004129 | L17: 0 | M17: 0 | N17: 0
A18: 50 | B18: Ministerio de Economía | C18: 604 | D18: Dirección Nacional de Vialidad | E18: 128772 | F18: REPAVIMENTACIÓN RPN°126; TRAMO: SAUCE (RPN°23)- CURUZÚ CUATIÁ; PROVINCIA DE CORRIENTES (CAF 10703) | G18: INICIADO | H18: SERVICIOS ECONOMICOS | I18: Transporte | J18: 1090.9328 | K18: 0 | L18: 1090.9328 | M18: 0 | N18: 0
... A36: 88 | B36: Ministerio de Capital Humano | C36: 330 | D36: Secretaría de Educación | E36: 154368 | F36: EQUIPAMIENTOS DE TALLERES EN INSTITUCIONES DE EDUCACION TECNICO PROFESIONAL PARA LAS PRACTICAS FORMATIVAS | G36: A INICIAR | H36: SERVICIOS SOCIALES | I36: Educación y Cultura | J36: 49.32 | K36: 0 | L36: 49.32 | M36: 0 | N36: 0

Sheet Entre Rios
A1: PLAN NACIONAL DE INVERSIONES PÚBLICAS 2027 - 2029 - Provincia de Entre Rios
A2: montos en millones de pesos
A3: GASTO DE INVERSIÓN DE LA ADMINISTRACIÓN PÚBLICA NACIONAL POR PROYECTO
A4: Jurisdicción | C4: SAF | E4: Proyecto de Inversión (BAPIN) | G4: Estado | H4: Finalidad | I4: Función | J4: Monto 2027 Proyecto de ley
A5: Cód. | B5: Descripción | C5: Cód. | D5: Descripción | E5: Cod. BAPIN | F5: Denominación | J5: $ | K5: IRD | L5: Transf. Capital | M5: Inv. Financiera | N5: Aplic. Financ.
A6: GASTO DE INVERSIÓN DE LA ADMINISTRACIÓN PÚBLICA NACIONAL POR PROYECTO EN LA PROVINCIA DE ENTRE RIOS | J6: =+SUM(J7:J34) -> 24534.865 | K6: =+SUM(K7:K34) -> 23693.357 | L6: =+SUM(L7:L34) -> 841.50789 | M6: =+SUM(M7:M34) -> 0 | N6: =+SUM(N7:N34) -> 0
A7: 10 | B7: Ministerio Público | C7: 360 | D7: Procuración General de la Nación | E7: 150663 | F7: ADQUISICIÓN DE EQUIPAMIENTO PARA LA CREACIÓN DE NUEVAS SEDES DEL RÉGIMEN ACUSATORIO EN EL TERRITORIO NACIONAL | G7: A INICIAR | H7: ADMINISTRACION GUBERNAMENTAL | I7: Judicial | J7: 81.65248 | K7: 81.65248 | L7: 0 | M7: 0 | N7: 0
A8: 25 | B8: Jefatura de Gabinete de Ministros | C8: 107 | D8: Administración de Parques Nacionales | E8: 154714 | F8: ADQUISICIÓN DE EQUIPAMIENTO BÁSICO DE OFICINA PARA TODAS LAS DEPENDENCIAS DE LA ADMINISTRACIÓN DE PARQUES NACIONALES - AÑO 2027 | G8: A INICIAR | H8: SERVICIOS ECONOMICOS | I8: Ecología y Desarrollo Sostenible | J8: 9.819396 | K8: 9.819396 | L8: 0 | M8: 0 | N8: 0
A9: 25 | B9: Jefatura de Gabinete de Ministros | C9: 107 | D9: Administración de Parques Nacionales | E9: 154718 | F9: ADQUISICIÓN DE EQUIPAMIENTO PARA MANTENIMIENTO Y OPERACIÓN DE TODAS LAS ÁREAS PROTEGIDAS DE LA ADMINISTRACIÓN DE PARQUES NACIONALES - NACIONAL - AÑO 2027 | G9: A INICIAR | H9: SERVICIOS ECONOMICOS | I9: Ecología y Desarrollo Sostenible | J9: 83.865173 | K9: 83.865173 | L9: 0 | M9: 0 | N9: 0
A10: 50 | B10: Ministerio de Economía | C10: 377 | D10: Infraestructura Económica y Social | E10: 112431 | F10: AMPLIACIÓN DEL SISTEMA DE DESAGÜES CLOACALES PARA LA LOCALIDAD DE VILLAGUAY - ENTRE RÍOS (PROAS II) | G10: INICIADO | H10: SERVICIOS SOCIALES | I10: Agua Potable y Alcantarillado | J10: 5605.5713 | K10: 5605.5713 | L10: 0 | M10: 0 | N10: 0
A11: 50 | B11: Ministerio de Economía | C11: 604 | D11: Dirección Nacional de Vialidad | E11: 51586 | F11: CONSTRUCCIÓN DE LA RNN° 18. TRAMO II: COLECTORAS PAVIMENTADAS (KM 67,75) - INTERSECCIÓN R.P.N.° 20 (KM 135,60) . PROVINCIA DE ENTRE RÍOS. | G11: INICIADO | H11: SERVICIOS ECONOMICOS | I11: Transporte | J11: 934.35356 | K11: 934.35356 | L11: 0 | M11: 0 | N11: 0
A12: 50 | B12: Ministerio de Economía | C12: 604 | D12: Dirección Nacional de Vialidad | E12: 108950 | F12: MALLA 513C - RUTA NACIONAL Nº 0012, TRAMO: ACCESO GALARZA - INTERSECCIÓN RUTA PROVINCIAL Nº 32, PROVINCIA DE ENTRE RÍOS (BID 5378) | G12: INICIADO | H12: SERVICIOS ECONOMICOS | I12: Transporte | J12: 6153.8946 | K12: 6153.8946 | L12: 0 | M12: 0 | N12: 0
A13: 50 | B13: Ministerio de Economía | C13: 604 | D13: Dirección Nacional de Vialidad | E13: 109095 | F13: CORREDOR RN 18 PARANÁ - CONCORDIA | G13: INICIADO | H13: SERVICIOS ECONOMICOS | I13: Transporte | J13: 648.93238 | K13: 648.93238 | L13: 0 | M13: 0 | N13: 0
A14: 50 | B14: Ministerio de Economía | C14: 604 | D14: Dirección Nacional de Vialidad | E14: 109138 | F14: PAVIMENTACIÓN VINCULACIÓN RUTA NACIONAL N°12 CON AV. CIRCUNVALACIÓN DE PARANÁ; TRAMO: PUENTE S/Aº SAUCESITO - AV. ALMAFUERTE, PROVINCIA DE ENTRE RÍOS | G14: INICIADO | H14: SERVICIOS ECONOMICOS | I14: Transporte | J14: 291.22464 | K14: 291.22464 | L14: 0 | M14: 0 | N14: 0
A15: 50 | B15: Ministerio de Economía | C15: 604 | D15: Dirección Nacional de Vialidad | E15: 129187 | F15: REHABILITACIÓN DE CALZADA RUTA NACIONAL N° 136 - TRAMO: EMP. R.P.N°20 – INICIO VIADUCTO PUENTE INTERNACIONAL - SECCIÓN: KM. 8,50 – KM. 40,18 - PROVINCIA: ENTRE RÍOS | G15: INICIADO | H15: SERVICIOS ECONOMICOS | I15: Transporte | J15: 471.27675 | K15: 471.27675 | L15: 0 | M15: 0 | N15: 0
A16: 50 | B16: Ministerio de Economía | C16: 604 | D16: Dirección Nacional de Vialidad | E16: 130513 | F16: OBRAS BÁSICAS, REHABILITACIÓN Y RECONSTRUCCIÓN DE CALZADA EN RP S/ Nº, TRAMO: ACCESO A PARANÁ - ACCESO A CRESPO, SECCIÓN: ACCESO A GRAL. RACEDO - ACCESO A CRESPO, ENTRE RÍOS | G16: INICIADO | H16: SERVICIOS ECONOMICOS | I16: Transporte | J16: 211.3509 | K16: 0 | L16: 211.3509 | M16: 0 | N16: 0
A17: 50 | B17: Ministerio de Economía | C17: 604 | D17: Dirección Nacional de Vialidad | E17: 154009 | F17: OBRAS DE MANTENIMIENTO POR ADMINISTRACIÓN EN LOS 24 DISTRITOS DE LA DIRECCIÓN NACIONAL DE VIALIDAD (AÑO 2027) | G17: A INICIAR | H17: SERVICIOS ECONOMICOS | I17: Transporte | J17: 4675.4471 | K17: 4675.4471 | L17: 0 | M17: 0 | N17: 0
A18: 50 | B18: Ministerio de Economía | C18: 604 | D18: Dirección Nacional de Vialidad | E18: 154011 | F18: OBRAS DE MANTENIMIENTO EN DISTRITO ENTRE RÍOS (AÑO 2027) | G18: A INICIAR | H18: SERVICIOS ECONOMICOS | I18: Transporte | J18: 763.85873 | K18: 763.85873 | L18: 0 | M18: 0 | N18: 0
... A34: 88 | B34: Ministerio de Capital Humano | C34: 330 | D34: Secretaría de Educación | E34: 154368 | F34: EQUIPAMIENTOS DE TALLERES EN INSTITUCIONES DE EDUCACION TECNICO PROFESIONAL PARA LAS PRACTICAS FORMATIVAS | G34: A INICIAR | H34: SERVICIOS SOCIALES | I34: Educación y Cultura | J34: 57.48 | K34: 0 | L34: 57.48 | M34: 0 | N34: 0

Sheet Formosa
A1: PLAN NACIONAL DE INVERSIONES PÚBLICAS 2027 - 2029 - Provincia de Formosa
A2: montos en millones de pesos
A3: GASTO DE INVERSIÓN DE LA ADMINISTRACIÓN PÚBLICA NACIONAL POR PROYECTO
A4: Jurisdicción | C4: SAF | E4: Proyecto de Inversión (BAPIN) | G4: Estado | H4: Finalidad | I4: Función | J4: Monto 2027 Proyecto de ley
A5: Cód. | B5: Descripción | C5: Cód. | D5: Descripción | E5: Cod. BAPIN | F5: Denominación | J5: $ | K5: IRD | L5: Transf. Capital | M5: Inv. Financiera | N5: Aplic. Financ.
A6: GASTO DE INVERSIÓN DE LA ADMINISTRACIÓN PÚBLICA NACIONAL POR PROYECTO EN LA PROVINCIA DE FORMOSA | J6: =+SUM(J7:J35) -> 13170.687 | K6: =+SUM(K7:K35) -> 12512.489 | L6: =+SUM(L7:L35) -> 658.19881 | M6: =+SUM(M7:M35) -> 0 | N6: =+SUM(N7:N35) -> 0
A7: 10 | B7: Ministerio Público | C7: 360 | D7: Procuración General de la Nación | E7: 150663 | F7: ADQUISICIÓN DE EQUIPAMIENTO PARA LA CREACIÓN DE NUEVAS SEDES DEL RÉGIMEN ACUSATORIO EN EL TERRITORIO NACIONAL | G7: A INICIAR | H7: ADMINISTRACION GUBERNAMENTAL | I7: Judicial | J7: 20.0928 | K7: 20.0928 | L7: 0 | M7: 0 | N7: 0
A8: 25 | B8: Jefatura de Gabinete de Ministros | C8: 107 | D8: Administración de Parques Nacionales | E8: 154714 | F8: ADQUISICIÓN DE EQUIPAMIENTO BÁSICO DE OFICINA PARA TODAS LAS DEPENDENCIAS DE LA ADMINISTRACIÓN DE PARQUES NACIONALES - AÑO 2027 | G8: A INICIAR | H8: SERVICIOS ECONOMICOS | I8: Ecología y Desarrollo Sostenible | J8: 57.81228 | K8: 57.81228 | L8: 0 | M8: 0 | N8: 0
A9: 25 | B9: Jefatura de Gabinete de Ministros | C9: 107 | D9: Administración de Parques Nacionales | E9: 154718 | F9: ADQUISICIÓN DE EQUIPAMIENTO PARA MANTENIMIENTO Y OPERACIÓN DE TODAS LAS ÁREAS PROTEGIDAS DE LA ADMINISTRACIÓN DE PARQUES NACIONALES - NACIONAL - AÑO 2027 | G9: A INICIAR | H9: SERVICIOS ECONOMICOS | I9: Ecología y Desarrollo Sostenible | J9: 208.1927 | K9: 208.1927 | L9: 0 | M9: 0 | N9: 0
A10: 41 | B10: Ministerio de Seguridad Nacional | C10: 380 | D10: Prefectura Naval Argentina (PNA) | E10: 73744 | F10: REMODELACIÓN DEL COMPLEJO FRONTERIZO PUERTO PILCOMAYO - PUERTO ITÁ ENRAMADA (ARG - 28/2016) | G10: INICIADO | H10: SERVICIOS DE DEFENSA Y SEGURIDAD | I10: Seguridad Interior | J10: 547.4782 | K10: 547.4782 | L10: 0 | M10: 0 | N10: 0
A11: 50 | B11: Ministerio de Economía | C11: 604 | D11: Dirección Nacional de Vialidad | E11: 108933 | F11: CREMA MALLA 542 - OBRAS DE RECUPERACIÓN Y MANTENIMIENTO EN RUTA RN 0081 - PROVINCIA DE FORMOSA | G11: INICIADO | H11: SERVICIOS ECONOMICOS | I11: Transporte | J11: 247.80001 | K11: 247.80001 | L11: 0 | M11: 0 | N11: 0
A12: 50 | B12: Ministerio de Economía | C12: 604 | D12: Dirección Nacional de Vialidad | E12: 108959 | F12: CREMA MALLA 544 - OBRAS DE RECUPERACIÓN Y MANTENIMIENTO EN RUTA RN 0011 / RN A011 - PROVINCIA DE FORMOSA (BID 3050) | G12: INICIADO | H12: SERVICIOS ECONOMICOS | I12: Transporte | J12: 643.74803 | K12: 643.74803 | L12: 0 | M12: 0 | N12: 0
A13: 50 | B13: Ministerio de Economía | C13: 604 | D13: Dirección Nacional de Vialidad | E13: 123882 | F13: RÍO BERMEJO - DEFENSA DE MÁRGEN LADO FORMOSA, RUTA 95, TRAMO: CASTELLI – LÍMITE CHACO/FORMOSA, SECCIÓN: KM 1.278,90 – KM 1.288,31, PROVINCIA DE FORMOSA | G13: A INICIAR | H13: SERVICIOS ECONOMICOS | I13: Transporte | J13: 220.89503 | K13: 220.89503 | L13: 0 | M13: 0 | N13: 0
A14: 50 | B14: Ministerio de Economía | C14: 604 | D14: Dirección Nacional de Vialidad | E14: 123897 | F14: DUPLICACIÓN DE CALZADA EN AUTOVÍA, RUTA NACIONAL N° 11, TRAMO: LIMITE CON LA PROVINCIA DE CHACO (KM 1.103,16) - EMPALME RUTA NACIONAL N°81 (KM 1.184,38), SECCIÓN: KM. 1.103,16 - KM 1.119,50. | G14: INICIADO | H14: SERVICIOS ECONOMICOS | I14: Transporte | J14: 1044.8002 | K14: 1044.8002 | L14: 0 | M14: 0 | N14: 0
A15: 50 | B15: Ministerio de Economía | C15: 604 | D15: Dirección Nacional de Vialidad | E15: 123898 | F15: DUPLICACIÓN DE CALZADA EN AUTOVÍA, RUTA NACIONAL N° 11, TRAMO: LIMITE CON LA PROVINCIA DE CHACO (KM 1.103,16) - EMPALME RUTA NACIONAL N°81 (KM 1.184,38), SECCIÓN: KM.1.119,50 - KM 1.140,00 | G15: INICIADO | H15: SERVICIOS ECONOMICOS | I15: Transporte | J15: 904.65403 | K15: 904.65403 | L15: 0 | M15: 0 | N15: 0
A16: 50 | B16: Ministerio de Economía | C16: 604 | D16: Dirección Nacional de Vialidad | E16: 129021 | F16: CONSTRUCCIÓN VIADUCTO SOBREELEVADO EN LA INTERSECCIÓN DE LA AVENIDA CIRCUNVALACIÓN GENDARMERÍA NACIONAL Y LA AVENIDA PRESIDENTE NÉSTOR KIRCHNER SOBRE LA RUTA NACIONAL N° 11, EN LA PROVINCIA DE FORMOSA. | G16: INICIADO | H16: SERVICIOS ECONOMICOS | I16: Transporte | J16: 100.54126 | K16: 0 | L16: 100.54126 | M16: 0 | N16: 0
A17: 50 | B17: Ministerio de Economía | C17: 604 | D17: Dirección Nacional de Vialidad | E17: 130215 | F17: AUTOVÍA SOBRE LA RUTA NACIONAL N° 11, DESDE LA ROTONDA DE LA VIRGEN DEL CARMEN HASTA LA INTERSECCIÓN DE LA RUTA NACIONAL N° 11 Y LA RUTA NACIONAL N° 81. PROVINCIA DE FORMOSA | G17: INICIADO | H17: SERVICIOS ECONOMICOS | I17: Transporte | J17: 1423.1234 | K17: 1423.1234 | L17: 0 | M17: 0 | N17: 0
A18: 50 | B18: Ministerio de Economía | C18: 604 | D18: Dirección Nacional de Vialidad | E18: 154009 | F18: OBRAS DE MANTENIMIENTO POR ADMINISTRACIÓN EN LOS 24 DISTRITOS DE LA DIRECCIÓN NACIONAL DE VIALIDAD (AÑO 2027) | G18: A INICIAR | H18: SERVICIOS ECONOMICOS | I18: Transporte | J18: 4191.2412 | K18: 4191.2412 | L18: 0 | M18: 0 | N18: 0
... A35: 88 | B35: Ministerio de Capital Humano | C35: 330 | D35: Secretaría de Educación | E35: 154368 | F35: EQUIPAMIENTOS DE TALLERES EN INSTITUCIONES DE EDUCACION TECNICO PROFESIONAL PARA LAS PRACTICAS FORMATIVAS | G35: A INICIAR | H35: SERVICIOS SOCIALES | I35: Educación y Cultura | J35: 49.2 | K35: 0 | L35: 49.2 | M35: 0 | N35: 0

Sheet Jujuy
A1: PLAN NACIONAL DE INVERSIONES PÚBLICAS 2027 - 2029 - Provincia de Jujuy
A2: montos en millones de pesos
A3: GASTO DE INVERSIÓN DE LA ADMINISTRACIÓN PÚBLICA NACIONAL POR PROYECTO
A4: Jurisdicción | C4: SAF | E4: Proyecto de Inversión (BAPIN) | G4: Estado | H4: Finalidad | I4: Función | J4: Monto 2027 Proyecto de ley
A5: Cód. | B5: Descripción | C5: Cód. | D5: Descripción | E5: Cod. BAPIN | F5: Denominación | J5: $ | K5: IRD | L5: Transf. Capital | M5: Inv. Financiera | N5: Aplic. Financ.
A6: GASTO DE INVERSIÓN DE LA ADMINISTRACIÓN PÚBLICA NACIONAL POR PROYECTO EN LA PROVINCIA DE JUJUY | J6: =+SUM(J7:J34) -> 47751.697 | K6: =+SUM(K7:K34) -> 45373.101 | L6: =+SUM(L7:L34) -> 2378.596 | M6: =+SUM(M7:M34) -> 0 | N6: =+SUM(N7:N34) -> 0
A7: 25 | B7: Jefatura de Gabinete de Ministros | C7: 107 | D7: Administración de Parques Nacionales | E7: 154714 | F7: ADQUISICIÓN DE EQUIPAMIENTO BÁSICO DE OFICINA PARA TODAS LAS DEPENDENCIAS DE LA ADMINISTRACIÓN DE PARQUES NACIONALES - AÑO 2027 | G7: A INICIAR | H7: SERVICIOS ECONOMICOS | I7: Ecología y Desarrollo Sostenible | J7: 16.247921 | K7: 16.247921 | L7: 0 | M7: 0 | N7: 0
A8: 25 | B8: Jefatura de Gabinete de Ministros | C8: 107 | D8: Administración de Parques Nacionales | E8: 154718 | F8: ADQUISICIÓN DE EQUIPAMIENTO PARA MANTENIMIENTO Y OPERACIÓN DE TODAS LAS ÁREAS PROTEGIDAS DE LA ADMINISTRACIÓN DE PARQUES NACIONALES - NACIONAL - AÑO 2027 | G8: A INICIAR | H8: SERVICIOS ECONOMICOS | I8: Ecología y Desarrollo Sostenible | J8: 18.273024 | K8: 18.273024 | L8: 0 | M8: 0 | N8: 0
A9: 50 | B9: Ministerio de Economía | C9: 377 | D9: Infraestructura Económica y Social | E9: 123418 | F9: CONSTRUCCIÓN EDIFICIO DE AULAS ETAPA II- MANZANA 1, UNIVERSIDAD NACIONAL DE JUJUY, EN LA LOCALIDAD DE DR MANUEL BELGRANO, PROVINCIA DE JUJUY | G9: INICIADO | H9: SERVICIOS SOCIALES | I9: Educación y Cultura | J9: 2000 | K9: 0 | L9: 2000 | M9: 0 | N9: 0
A10: 50 | B10: Ministerio de Economía | C10: 377 | D10: Infraestructura Económica y Social | E10: 136228 | F10: REDES COLECTORAS, CONEXIONES DOMICILIARIAS, PLANTA DE TRATAMIENTO LÍQUIDOS CLOACALES Y NEXOS CONECTORES - HUMAHUACA, JUJUY | G10: INICIADO | H10: SERVICIOS SOCIALES | I10: Agua Potable y Alcantarillado | J10: 2470.0611 | K10: 2470.0611 | L10: 0 | M10: 0 | N10: 0
A11: 50 | B11: Ministerio de Economía | C11: 604 | D11: Dirección Nacional de Vialidad | E11: 122708 | F11: CONSTRUCCIÓN DE AUTOPISTA EN DUPLICACIÓN Y REPAVIMENTACIÓN DE CALZADA EXISTENTE, RUTA NACIONAL N° 34, TRAMO: EMP. RUTA NAC. N° 66 – ACCESO NORTE A SAN PEDRO, PROVINCIA DE JUJUY - GRUPO2 (BIRF 8810) | G11: INICIADO | H11: SERVICIOS ECONOMICOS | I11: Transporte | J11: 34298.715 | K11: 34298.715 | L11: 0 | M11: 0 | N11: 0
A12: 50 | B12: Ministerio de Economía | C12: 604 | D12: Dirección Nacional de Vialidad | E12: 143041 | F12: CONSTRUCCIÓN DE PUENTE SOBRE Aº ZANJÓN Y ACCESOS SOBRE RUTA NACIONAL N° 34, TRAMO: RIO GRANDE - RIO LEDESMA, PROVINCIA DE JUJUY. | G12: A INICIAR | H12: SERVICIOS ECONOMICOS | I12: Transporte | J12: 397.76727 | K12: 397.76727 | L12: 0 | M12: 0 | N12: 0
A13: 50 | B13: Ministerio de Economía | C13: 604 | D13: Dirección Nacional de Vialidad | E13: 146544 | F13: OBRA FALTANTE GRUPO 1 - LOTE 1: DUPLICACIÓN DE CALZADA EN LA RUTA NACIONAL N°34, TRAMO: ACC. A SALTA - SAN PEDRO DE JUJUY, SECCIÓN: KM. 1149,74 - KM. 1176. PROVINCIA DE JUJUY. | G13: INICIADO | H13: SERVICIOS ECONOMICOS | I13: Transporte | J13: 781.56592 | K13: 781.56592 | L13: 0 | M13: 0 | N13: 0
A14: 50 | B14: Ministerio de Economía | C14: 604 | D14: Dirección Nacional de Vialidad | E14: 147832 | F14: OBRA DE MITIGACIÓN HIDRÁULICA, RUTA NACIONAL N° 34, TRAMO: KM. 1161,38 - KM. 1161,68. PROVINCIA DE JUJUY (BIRF 8810) | G14: INICIADO | H14: SERVICIOS ECONOMICOS | I14: Transporte | J14: 1.6964 | K14: 1.6964 | L14: 0 | M14: 0 | N14: 0
A15: 50 | B15: Ministerio de Economía | C15: 604 | D15: Dirección Nacional de Vialidad | E15: 147833 | F15: OBRA DE MITIGACIÓN HIDRÁULICA, RUTA NACIONAL N° 34, TRAMO: KM. 1160,83 - KM. 1161,13. PROVINCIA DE JUJUY (BIRF 8810) | G15: INICIADO | H15: SERVICIOS ECONOMICOS | I15: Transporte | J15: 1.6964 | K15: 1.6964 | L15: 0 | M15: 0 | N15: 0
A16: 50 | B16: Ministerio de Economía | C16: 604 | D16: Dirección Nacional de Vialidad | E16: 152302 | F16: MANTENIMIENTO RUTINARIO (TFO) 2025 - 2026 PROVINCIA DE JUJUY. RUTA NACIONAL N° 40 Y RUTA NACIONAL N° 52, TRAMO: A° CHURCALITO - LTE. CON CHILE / T-01: CGA. PAICONE - LTE, C/ BOLIVIA / T-01: LTE. CON SALTA - LA QUIACA. PROVINCIA DE JUJUY. | G16: A INICIAR | H16: SERVICIOS ECONOMICOS | I16: Transporte | J16: 990.46965 | K16: 990.46965 | L16: 0 | M16: 0 | N16: 0
A17: 50 | B17: Ministerio de Economía | C17: 604 | D17: Dirección Nacional de Vialidad | E17: 154009 | F17: OBRAS DE MANTENIMIENTO POR ADMINISTRACIÓN EN LOS 24 DISTRITOS DE LA DIRECCIÓN NACIONAL DE VIALIDAD (AÑO 2027) | G17: A INICIAR | H17: SERVICIOS ECONOMICOS | I17: Transporte | J17: 2124.346 | K17: 2124.346 | L17: 0 | M17: 0 | N17: 0
A18: 50 | B18: Ministerio de Economía | C18: 604 | D18: Dirección Nacional de Vialidad | E18: 154020 | F18: DESARROLLO DE INFRAESTRUCTURA DE MANTENIMIENTO Y EQUIPAMIENTO BÁSICO EN LOS 24 DISTRITOS DE LA DIRECCIÓN NACIONAL DE VIALIDAD (AÑO 2027) | G18: A INICIAR | H18: SERVICIOS ECONOMICOS | I18: Transporte | J18: 471.3802 | K18: 471.3802 | L18: 0 | M18: 0 | N18: 0
... A34: 88 | B34: Ministerio de Capital Humano | C34: 330 | D34: Secretaría de Educación | E34: 154368 | F34: EQUIPAMIENTOS DE TALLERES EN INSTITUCIONES DE EDUCACION TECNICO PROFESIONAL PARA LAS PRACTICAS FORMATIVAS | G34: A INICIAR | H34: SERVICIOS SOCIALES | I34: Educación y Cultura | J34: 40.2 | K34: 0 | L34: 40.2 | M34: 0 | N34: 0

Sheet La Pampa
A1: PLAN NACIONAL DE INVERSIONES PÚBLICAS 2027 - 2029 - Provincia de La Pampa
A2: montos en millones de pesos
A3: GASTO DE INVERSIÓN DE LA ADMINISTRACIÓN PÚBLICA NACIONAL POR PROYECTO
A4: Jurisdicción | C4: SAF | E4: Proyecto de Inversión (BAPIN) | G4: Estado | H4: Finalidad | I4: Función | J4: Monto 2027 Proyecto de ley
A5: Cód. | B5: Descripción | C5: Cód. | D5: Descripción | E5: Cod. BAPIN | F5: Denominación | J5: $ | K5: IRD | L5: Transf. Capital | M5: Inv. Financiera | N5: Aplic. Financ.
A6: GASTO DE INVERSIÓN DE LA ADMINISTRACIÓN PÚBLICA NACIONAL POR PROYECTO EN LA PROVINCIA DE LA PAMPA | J6: =+SUM(J7:J32) -> 6599.0195 | K6: =+SUM(K7:K32) -> 6269.5923 | L6: =+SUM(L7:L32) -> 329.42721 | M6: =+SUM(M7:M32) -> 0 | N6: =+SUM(N7:N32) -> 0
A7: 5 | B7: Poder Judicial de la Nación | C7: 320 | D7: Consejo de la Magistratura | E7: 68979 | F7: ADECUACIÓN DE EDIFICIO ADQUIRIDO - JUZGADO FEDERAL DE GENERAL PICO - CALLE 18 Nº 845, GRAL. PICO, PCIA. DE LA PAMPA. | G7: A INICIAR | H7: ADMINISTRACION GUBERNAMENTAL | I7: Judicial | J7: 263.16179 | K7: 263.16179 | L7: 0 | M7: 0 | N7: 0
A8: 5 | B8: Poder Judicial de la Nación | C8: 320 | D8: Consejo de la Magistratura | E8: 136401 | F8: AMPLIACIÓN Y ADECUACIÓN DE CONSTRUCCIÓN EXISTENTE. JUZGADO FEDERAL Y TRIBUNAL ORAL CRIMINAL FEDERAL DE SANTA ROSA - AV. SAN MARTIN OESTE 153 SANTA. ROSA, LA PAMPA | G8: A INICIAR | H8: ADMINISTRACION GUBERNAMENTAL | I8: Judicial | J8: 476.75112 | K8: 476.75112 | L8: 0 | M8: 0 | N8: 0
A9: 10 | B9: Ministerio Público | C9: 360 | D9: Procuración General de la Nación | E9: 150663 | F9: ADQUISICIÓN DE EQUIPAMIENTO PARA LA CREACIÓN DE NUEVAS SEDES DEL RÉGIMEN ACUSATORIO EN EL TERRITORIO NACIONAL | G9: A INICIAR | H9: ADMINISTRACION GUBERNAMENTAL | I9: Judicial | J9: 12.05568 | K9: 12.05568 | L9: 0 | M9: 0 | N9: 0
A10: 10 | B10: Ministerio Público | C10: 361 | D10: Defensoría General de la Nación | E10: 146543 | F10: CONSTRUCCIÓN DE INMUEBLE PARA SEDE LA DEFENSORÍA DE SANTA ROSA, LA PAMPA | G10: INICIADO | H10: ADMINISTRACION GUBERNAMENTAL | I10: Judicial | J10: 516.96194 | K10: 516.96194 | L10: 0 | M10: 0 | N10: 0
A11: 25 | B11: Jefatura de Gabinete de Ministros | C11: 107 | D11: Administración de Parques Nacionales | E11: 154714 | F11: ADQUISICIÓN DE EQUIPAMIENTO BÁSICO DE OFICINA PARA TODAS LAS DEPENDENCIAS DE LA ADMINISTRACIÓN DE PARQUES NACIONALES - AÑO 2027 | G11: A INICIAR | H11: SERVICIOS ECONOMICOS | I11: Ecología y Desarrollo Sostenible | J11: 10.243254 | K11: 10.243254 | L11: 0 | M11: 0 | N11: 0
A12: 25 | B12: Jefatura de Gabinete de Ministros | C12: 107 | D12: Administración de Parques Nacionales | E12: 154718 | F12: ADQUISICIÓN DE EQUIPAMIENTO PARA MANTENIMIENTO Y OPERACIÓN DE TODAS LAS ÁREAS PROTEGIDAS DE LA ADMINISTRACIÓN DE PARQUES NACIONALES - NACIONAL - AÑO 2027 | G12: A INICIAR | H12: SERVICIOS ECONOMICOS | I12: Ecología y Desarrollo Sostenible | J12: 19.426862 | K12: 19.426862 | L12: 0 | M12: 0 | N12: 0
A13: 50 | B13: Ministerio de Economía | C13: 604 | D13: Dirección Nacional de Vialidad | E13: 109029 | F13: CREMA MALLA 137 - OBRAS DE REHABILITACIÓN EN RUTA RN 0151 - PROVINCIA DE LA PAMPA | G13: INICIADO | H13: SERVICIOS ECONOMICOS | I13: Transporte | J13: 39.0172 | K13: 39.0172 | L13: 0 | M13: 0 | N13: 0
A14: 50 | B14: Ministerio de Economía | C14: 604 | D14: Dirección Nacional de Vialidad | E14: 121406 | F14: CONSERVACION MEJORATIVA, RUTA NAC. 151, TRAMO: LTE. C/RIO NEGRO - EMP. R.N.143, SECIÓN: KM 150,18 - KM 315,75, PROVINCIA DE LA PAMPA | G14: A INICIAR | H14: SERVICIOS ECONOMICOS | I14: Transporte | J14: 96.62864 | K14: 96.62864 | L14: 0 | M14: 0 | N14: 0
A15: 50 | B15: Ministerio de Economía | C15: 604 | D15: Dirección Nacional de Vialidad | E15: 146178 | F15: RUTA NACIONAL N° 22, TRAMO: BS.AS./LA PAMPA - LA PAMPA / RÍO NEGRO, SECCIÓN: KM 857.11- KM 857.23, TIPO DE OBRA: MANTENIMIENTO PUENTE S/ RÍO COLORADO, PROVINCIA DE LA PAMPA | G15: A INICIAR | H15: SERVICIOS ECONOMICOS | I15: Transporte | J15: 244.02035 | K15: 244.02035 | L15: 0 | M15: 0 | N15: 0
A16: 50 | B16: Ministerio de Economía | C16: 604 | D16: Dirección Nacional de Vialidad | E16: 154009 | F16: OBRAS DE MANTENIMIENTO POR ADMINISTRACIÓN EN LOS 24 DISTRITOS DE LA DIRECCIÓN NACIONAL DE VIALIDAD (AÑO 2027) | G16: A INICIAR | H16: SERVICIOS ECONOMICOS | I16: Transporte | J16: 1281.3405 | K16: 1281.3405 | L16: 0 | M16: 0 | N16: 0
A17: 50 | B17: Ministerio de Economía | C17: 604 | D17: Dirección Nacional de Vialidad | E17: 154016 | F17: OBRAS DE MANTENIMIENTO EN DISTRITO LA PAMPA (AÑO 2027) | G17: A INICIAR | H17: SERVICIOS ECONOMICOS | I17: Transporte | J17: 1330.1023 | K17: 1330.1023 | L17: 0 | M17: 0 | N17: 0
A18: 50 | B18: Ministerio de Economía | C18: 604 | D18: Dirección Nacional de Vialidad | E18: 154020 | F18: DESARROLLO DE INFRAESTRUCTURA DE MANTENIMIENTO Y EQUIPAMIENTO BÁSICO EN LOS 24 DISTRITOS DE LA DIRECCIÓN NACIONAL DE VIALIDAD (AÑO 2027) | G18: A INICIAR | H18: SERVICIOS ECONOMICOS | I18: Transporte | J18: 50.146829 | K18: 50.146829 | L18: 0 | M18: 0 | N18: 0
... A32: 88 | B32: Ministerio de Capital Humano | C32: 330 | D32: Secretaría de Educación | E32: 154368 | F32: EQUIPAMIENTOS DE TALLERES EN INSTITUCIONES DE EDUCACION TECNICO PROFESIONAL PARA LAS PRACTICAS FORMATIVAS | G32: A INICIAR | H32: SERVICIOS SOCIALES | I32: Educación y Cultura | J32: 16.08 | K32: 0 | L32: 16.08 | M32: 0 | N32: 0

Sheet La Rioja
A1: PLAN NACIONAL DE INVERSIONES PÚBLICAS 2027 - 2029 - Provincia de La Rioja
A2: montos en millones de pesos
A3: GASTO DE INVERSIÓN DE LA ADMINISTRACIÓN PÚBLICA NACIONAL POR PROYECTO
A4: Jurisdicción | C4: SAF | E4: Proyecto de Inversión (BAPIN) | G4: Estado | H4: Finalidad | I4: Función | J4: Monto 2027 Proyecto de ley
A5: Cód. | B5: Descripción | C5: Cód. | D5: Descripción | E5: Cod. BAPIN | F5: Denominación | J5: $ | K5: IRD | L5: Transf. Capital | M5: Inv. Financiera | N5: Aplic. Financ.
A6: GASTO DE INVERSIÓN DE LA ADMINISTRACIÓN PÚBLICA NACIONAL POR PROYECTO EN LA PROVINCIA DE LA RIOJA | J6: =+SUM(J7:J38) -> 22172.127 | K6: =+SUM(K7:K38) -> 21112.233 | L6: =+SUM(L7:L38) -> 1059.8949 | M6: =+SUM(M7:M38) -> 0 | N6: =+SUM(N7:N38) -> 0
A7: 10 | B7: Ministerio Público | C7: 360 | D7: Procuración General de la Nación | E7: 150663 | F7: ADQUISICIÓN DE EQUIPAMIENTO PARA LA CREACIÓN DE NUEVAS SEDES DEL RÉGIMEN ACUSATORIO EN EL TERRITORIO NACIONAL | G7: A INICIAR | H7: ADMINISTRACION GUBERNAMENTAL | I7: Judicial | J7: 10.0464 | K7: 10.0464 | L7: 0 | M7: 0 | N7: 0
A8: 10 | B8: Ministerio Público | C8: 361 | D8: Defensoría General de la Nación | E8: 146494 | F8: CONSTRUCCIÓN DE LA SEDE DE LA DEFENSORÍA DE VÍCTIMAS DE LA RIOJA | G8: A INICIAR | H8: ADMINISTRACION GUBERNAMENTAL | I8: Judicial | J8: 73.5 | K8: 73.5 | L8: 0 | M8: 0 | N8: 0
A9: 25 | B9: Jefatura de Gabinete de Ministros | C9: 107 | D9: Administración de Parques Nacionales | E9: 154714 | F9: ADQUISICIÓN DE EQUIPAMIENTO BÁSICO DE OFICINA PARA TODAS LAS DEPENDENCIAS DE LA ADMINISTRACIÓN DE PARQUES NACIONALES - AÑO 2027 | G9: A INICIAR | H9: SERVICIOS ECONOMICOS | I9: Ecología y Desarrollo Sostenible | J9: 96.545616 | K9: 96.545616 | L9: 0 | M9: 0 | N9: 0
A10: 25 | B10: Jefatura de Gabinete de Ministros | C10: 107 | D10: Administración de Parques Nacionales | E10: 154718 | F10: ADQUISICIÓN DE EQUIPAMIENTO PARA MANTENIMIENTO Y OPERACIÓN DE TODAS LAS ÁREAS PROTEGIDAS DE LA ADMINISTRACIÓN DE PARQUES NACIONALES - NACIONAL - AÑO 2027 | G10: A INICIAR | H10: SERVICIOS ECONOMICOS | I10: Ecología y Desarrollo Sostenible | J10: 84.77176 | K10: 84.77176 | L10: 0 | M10: 0 | N10: 0
A11: 50 | B11: Ministerio de Economía | C11: 105 | D11: Comisión Nacional de Energía Atómica | E11: 50385 | F11: ADQUISICIÓN DE EQUIPOS, ACTIVOS INTANGIBLES Y DESARROLLO DE ACTIVIDADES MINERAS NECESARIAS PARA OBTENER NUEVOS RECURSOS URANIFEROS EN LA PROVINCIA DE LA RIOJA | G11: INICIADO | H11: SERVICIOS SOCIALES | I11: Ciencia, Tecnología e Innovación | J11: 160 | K11: 160 | L11: 0 | M11: 0 | N11: 0
A12: 50 | B12: Ministerio de Economía | C12: 604 | D12: Dirección Nacional de Vialidad | E12: 109047 | F12: CREMA MALLA 304 - OBRAS DE RECUPERACIÓN Y MANTENIMIENTO EN LA RUTA NACIONAL N°38; TRAMO: LTE. CÓRDOBA/LA RIOJA - PUNTA DE LOS LLANOS Y RN 79; TRAMO: STA. RITA RP 31 - EMP. RN 60, PROVINCIA: LA RIOJA Y CATAMARCA | G12: A INICIAR | H12: SERVICIOS ECONOMICOS | I12: Transporte | J12: 2269.1958 | K12: 2269.1958 | L12: 0 | M12: 0 | N12: 0
A13: 50 | B13: Ministerio de Economía | C13: 604 | D13: Dirección Nacional de Vialidad | E13: 109125 | F13: ENSANCHE RN 75 LA RIOJA - LOS SAUCES | G13: INICIADO | H13: SERVICIOS ECONOMICOS | I13: Transporte | J13: 7559.7625 | K13: 7559.7625 | L13: 0 | M13: 0 | N13: 0
A14: 50 | B14: Ministerio de Economía | C14: 604 | D14: Dirección Nacional de Vialidad | E14: 121394 | F14: CONSERVACION MEJORATIVA, RUTA NAC. N° 38, TRAMO: BAZAN - LTE. CON CATAMARCA, SECIÓN: KM. 460,33 - KM. 506,02, PROVINCIA DE LA RIOJA | G14: A INICIAR | H14: SERVICIOS ECONOMICOS | I14: Transporte | J14: 469.77242 | K14: 469.77242 | L14: 0 | M14: 0 | N14: 0
A15: 50 | B15: Ministerio de Economía | C15: 604 | D15: Dirección Nacional de Vialidad | E15: 121410 | F15: SISTEMA MODULAR DE MANTENIMIENTO, RUTA NAC. N° 76, TRAMO: VINCHINA - LTE. CON CHILE, SECIÓN: KM. 179,59 - KM. 377,21, PROVINCIA DE LA RIOJA | G15: INICIADO | H15: SERVICIOS ECONOMICOS | I15: Transporte | J15: 1.6964 | K15: 1.6964 | L15: 0 | M15: 0 | N15: 0
A16: 50 | B16: Ministerio de Economía | C16: 604 | D16: Dirección Nacional de Vialidad | E16: 122864 | F16: PAVIMENTACIÓN DE CAMINO, RUTA NACIONAL N° 76 - TRAMO: QUEBRADA SANTO DOMINGO - PIRCAS NEGRAS, PROVINCIA DE LA RIOJA | G16: INICIADO | H16: SERVICIOS ECONOMICOS | I16: Transporte | J16: 904.56237 | K16: 904.56237 | L16: 0 | M16: 0 | N16: 0
A17: 50 | B17: Ministerio de Economía | C17: 604 | D17: Dirección Nacional de Vialidad | E17: 122868 | F17: CONSTRUCCIÓN DE NUEVO CAMINO DE MONTAÑA, RUTA NACIONAL N° 73, TRAMO: ANGUINÁN - EMPALME RUTA NACIONAL N° 75, SECCIÓN II: KM 21.60 - QUEBRADA DE LA HORQUETA, LA RIOJA | G17: INICIADO | H17: SERVICIOS ECONOMICOS | I17: Transporte | J17: 760.42242 | K17: 760.42242 | L17: 0 | M17: 0 | N17: 0
A18: 50 | B18: Ministerio de Economía | C18: 604 | D18: Dirección Nacional de Vialidad | E18: 122870 | F18: CONSTRUCCIÓN DE NUEVO CAMINO DE MONTAÑA, RUTA NACIONAL N° 73, TRAMO: LOS CAJONES - ANGUINÁN; SECCIÓN: KM. 0,00 (PAMPA DE LA VIUDA) KM. 21,60, LA RIOJA | G18: INICIADO | H18: SERVICIOS ECONOMICOS | I18: Transporte | J18: 2490.1914 | K18: 2490.1914 | L18: 0 | M18: 0 | N18: 0
... A38: 88 | B38: Ministerio de Capital Humano | C38: 330 | D38: Secretaría de Educación | E38: 154368 | F38: EQUIPAMIENTOS DE TALLERES EN INSTITUCIONES DE EDUCACION TECNICO PROFESIONAL PARA LAS PRACTICAS FORMATIVAS | G38: A INICIAR | H38: SERVICIOS SOCIALES | I38: Educación y Cultura | J38: 33.6 | K38: 0 | L38: 33.6 | M38: 0 | N38: 0

Sheet Mendoza
A1: PLAN NACIONAL DE INVERSIONES PÚBLICAS 2027 - 2029 - Provincia de Mendoza
A2: montos en millones de pesos
A3: GASTO DE INVERSIÓN DE LA ADMINISTRACIÓN PÚBLICA NACIONAL POR PROYECTO
A4: Jurisdicción | C4: SAF | E4: Proyecto de Inversión (BAPIN) | G4: Estado | H4: Finalidad | I4: Función | J4: Monto 2027 Proyecto de ley
A5: Cód. | B5: Descripción | C5: Cód. | D5: Descripción | E5: Cod. BAPIN | F5: Denominación | J5: $ | K5: IRD | L5: Transf. Capital | M5: Inv. Financiera | N5: Aplic. Financ.
A6: GASTO DE INVERSIÓN DE LA ADMINISTRACIÓN PÚBLICA NACIONAL POR PROYECTO EN LA PROVINCIA DE MENDOZA | J6: =+SUM(J7:J42) -> 36765.278 | K6: =+SUM(K7:K42) -> 32794.807 | L6: =+SUM(L7:L42) -> 3970.4712 | M6: =+SUM(M7:M42) -> 0 | N6: =+SUM(N7:N42) -> 0
A7: 10 | B7: Ministerio Público | C7: 361 | D7: Defensoría General de la Nación | E7: 146576 | F7: REFACCIÓN DE INMUEBLE PARA SEDE DE LA DEFENSORÍA DE MENDOZA | G7: A INICIAR | H7: ADMINISTRACION GUBERNAMENTAL | I7: Judicial | J7: 208 | K7: 208 | L7: 0 | M7: 0 | N7: 0
A8: 25 | B8: Jefatura de Gabinete de Ministros | C8: 103 | D8: Consejo Nacional de Investigaciones Científicas y Técnicas | E8: 113990 | F8: IADIZA IANIGLA - CONSTRUCCIÓN DEL NUEVO EDIFICIO DEL INSTITUTO ARGENTINO DE INESTIGACIONES DE LAS ZONAS ÁRIDAS - PCIA. DE MENDOZA | G8: INICIADO | H8: SERVICIOS SOCIALES | I8: Ciencia, Tecnología e Innovación | J8: 200 | K8: 0 | L8: 200 | M8: 0 | N8: 0
A9: 50 | B9: Ministerio de Economía | C9: 105 | D9: Comisión Nacional de Energía Atómica | E9: 71138 | F9: ADECUACIÓN AMBIENTAL EDILICIA Y CONSTRUCCIÓN DE LABORATORIOS - REGIONAL CUYO, PROVINCIA DE MENDOZA | G9: INICIADO | H9: SERVICIOS SOCIALES | I9: Ciencia, Tecnología e Innovación | J9: 157 | K9: 157 | L9: 0 | M9: 0 | N9: 0
A10: 50 | B10: Ministerio de Economía | C10: 105 | D10: Comisión Nacional de Energía Atómica | E10: 102319 | F10: ADQUISICIÓN DE EQUIPOS, ACTIVOS INTANGIBLES Y DESARROLLO DE ACTIVIDADES NECESARIAS PARA LA GESTIÓN DE PASIVOS EN DISPOSICIÓN TRANSITORIA DEL COMPLEJO MINERO FABRIL SAN RAFAEL -FASE II- SAN RAFAEL, PROVINCIA DE MENDOZA | G10: INICIADO | H10: SERVICIOS SOCIALES | I10: Ciencia, Tecnología e Innovación | J10: 1077.8 | K10: 1077.8 | L10: 0 | M10: 0 | N10: 0
A11: 50 | B11: Ministerio de Economía | C11: 105 | D11: Comisión Nacional de Energía Atómica | E11: 146324 | F11: ADECUACIÓN DE INFRAESTRUCTURA DEL COMPLEJO MINERO FABRIL SAN RAFAEL (CMFSR) - SAN RAFAEL - MENDOZA | G11: INICIADO | H11: SERVICIOS SOCIALES | I11: Ciencia, Tecnología e Innovación | J11: 386.28 | K11: 386.28 | L11: 0 | M11: 0 | N11: 0
A12: 50 | B12: Ministerio de Economía | C12: 377 | D12: Infraestructura Económica y Social | E12: 130191 | F12: CONSTRUCCIÓN DE CLOACA MÁXIMA Y PLANTA DE TRATAMIENTO DE EFLUENTES CLOACALES - CIUDAD DE MALARGÜE - DEPARTAMENTO DE MALARGÜE - PROVINCIA DE MENDOZA | G12: INICIADO | H12: SERVICIOS SOCIALES | I12: Agua Potable y Alcantarillado | J12: 3000 | K12: 0 | L12: 3000 | M12: 0 | N12: 0
A13: 50 | B13: Ministerio de Economía | C13: 604 | D13: Dirección Nacional de Vialidad | E13: 45571 | F13: CONSTRUCCIÓN - RN 40, TRAMO: TUNUYÁN - LUJAN DE CUYO, SECCIÓN: S-03: INTERSECCIÓN RP96 - ANCHORIS. PROVINCIA: MENDOZA | G13: INICIADO | H13: SERVICIOS ECONOMICOS | I13: Transporte | J13: 315.1858 | K13: 315.1858 | L13: 0 | M13: 0 | N13: 0
A14: 50 | B14: Ministerio de Economía | C14: 604 | D14: Dirección Nacional de Vialidad | E14: 109070 | F14: DUPLICACIÓN DE CALZADA EN AUTOPISTA RURAL - AUTOPISTA RN 40 MENDOZA - SAN JUAN - TRAMO: MENDOZA - RP 34 - PROVINCIA DE MENDOZA | G14: INICIADO | H14: SERVICIOS ECONOMICOS | I14: Transporte | J14: 18636.159 | K14: 18636.159 | L14: 0 | M14: 0 | N14: 0
A15: 50 | B15: Ministerio de Economía | C15: 604 | D15: Dirección Nacional de Vialidad | E15: 109099 | F15: SISTEMA CRISTO REDENTOR: AUTOPISTA RUTA NACIONAL Nº 7 VARIANTE PALMIRA - LUJÁN DE CUYO (BID 4418 OC-AR) | G15: INICIADO | H15: SERVICIOS ECONOMICOS | I15: Transporte | J15: 36.604298 | K15: 36.604298 | L15: 0 | M15: 0 | N15: 0
A16: 50 | B16: Ministerio de Economía | C16: 604 | D16: Dirección Nacional de Vialidad | E16: 115587 | F16: SISTEMA CRISTO REDENTOR RUTA SEGURA REPAVIMENTACIÓN RN N° 7 TRAMO: AGUAS DE PIZARRO - POTRERILLOS. (BID 4418 OC-AR) | G16: INICIADO | H16: SERVICIOS ECONOMICOS | I16: Transporte | J16: 112.58946 | K16: 112.58946 | L16: 0 | M16: 0 | N16: 0
A17: 50 | B17: Ministerio de Economía | C17: 604 | D17: Dirección Nacional de Vialidad | E17: 115589 | F17: SISTEMA CRISTO REDENTOR: REPAVIMENTACIÓN RUTA NACIONAL Nº 7 TRAMO POTRERILLOS - USPALLATA (BID 4418 OC-AR) | G17: INICIADO | H17: SERVICIOS ECONOMICOS | I17: Transporte | J17: 0.271702 | K17: 0.271702 | L17: 0 | M17: 0 | N17: 0
A18: 50 | B18: Ministerio de Economía | C18: 604 | D18: Dirección Nacional de Vialidad | E18: 115612 | F18: SISTEMA CRISTO REDENTOR: REFUNCIONALIZACIÓN INTEGRAL DEL PASO SISTEMA CRISTO REDENTOR: TÚNEL CARACOLES Y GALERÍAS DE INTERCONEXIÓN (BID 4652) | G18: INICIADO | H18: SERVICIOS ECONOMICOS | I18: Transporte | J18: 118.748 | K18: 118.748 | L18: 0 | M18: 0 | N18: 0
... A42: 88 | B42: Ministerio de Capital Humano | C42: 330 | D42: Secretaría de Educación | E42: 154368 | F42: EQUIPAMIENTOS DE TALLERES EN INSTITUCIONES DE EDUCACION TECNICO PROFESIONAL PARA LAS PRACTICAS FORMATIVAS | G42: A INICIAR | H42: SERVICIOS SOCIALES | I42: Educación y Cultura | J42: 50.04 | K42: 0 | L42: 50.04 | M42: 0 | N42: 0

Sheet Misiones
A1: PLAN NACIONAL DE INVERSIONES PÚBLICAS 2027 - 2029 - Provincia de Misiones
A2: montos en millones de pesos
A3: GASTO DE INVERSIÓN DE LA ADMINISTRACIÓN PÚBLICA NACIONAL POR PROYECTO
A4: Jurisdicción | C4: SAF | E4: Proyecto de Inversión (BAPIN) | G4: Estado | H4: Finalidad | I4: Función | J4: Monto 2027 Proyecto de ley
A5: Cód. | B5: Descripción | C5: Cód. | D5: Descripción | E5: Cod. BAPIN | F5: Denominación | J5: $ | K5: IRD | L5: Transf. Capital | M5: Inv. Financiera | N5: Aplic. Financ.
A6: GASTO DE INVERSIÓN DE LA ADMINISTRACIÓN PÚBLICA NACIONAL POR PROYECTO EN LA PROVINCIA DE MISIONES | J6: =+SUM(J7:J43) -> 25187.514 | K6: =+SUM(K7:K43) -> 13655.037 | L6: =+SUM(L7:L43) -> 11532.476 | M6: =+SUM(M7:M43) -> 0 | N6: =+SUM(N7:N43) -> 0
A7: 10 | B7: Ministerio Público | C7: 360 | D7: Procuración General de la Nación | E7: 150663 | F7: ADQUISICIÓN DE EQUIPAMIENTO PARA LA CREACIÓN DE NUEVAS SEDES DEL RÉGIMEN ACUSATORIO EN EL TERRITORIO NACIONAL | G7: A INICIAR | H7: ADMINISTRACION GUBERNAMENTAL | I7: Judicial | J7: 89.6896 | K7: 89.6896 | L7: 0 | M7: 0 | N7: 0
A8: 10 | B8: Ministerio Público | C8: 361 | D8: Defensoría General de la Nación | E8: 152161 | F8: REMODELACIÓN Y AMPLIACIÓN DE LA SEDE DE ELDORADO, PROVINCIA DE MISIONES | G8: A INICIAR | H8: ADMINISTRACION GUBERNAMENTAL | I8: Judicial | J8: 166 | K8: 166 | L8: 0 | M8: 0 | N8: 0
A9: 25 | B9: Jefatura de Gabinete de Ministros | C9: 103 | D9: Consejo Nacional de Investigaciones Científicas y Técnicas | E9: 69122 | F9: IMAM - CONSTRUCCIÓN DE NUEVO EDIFICIO PARA LABORATORIOS EN EL INSTITUTO DE MATERIALES DE MISIONES. PCIA. DE MISIONES | G9: INICIADO | H9: SERVICIOS SOCIALES | I9: Ciencia, Tecnología e Innovación | J9: 200 | K9: 0 | L9: 200 | M9: 0 | N9: 0
A10: 25 | B10: Jefatura de Gabinete de Ministros | C10: 107 | D10: Administración de Parques Nacionales | E10: 154714 | F10: ADQUISICIÓN DE EQUIPAMIENTO BÁSICO DE OFICINA PARA TODAS LAS DEPENDENCIAS DE LA ADMINISTRACIÓN DE PARQUES NACIONALES - AÑO 2027 | G10: A INICIAR | H10: SERVICIOS ECONOMICOS | I10: Ecología y Desarrollo Sostenible | J10: 56.028246 | K10: 56.028246 | L10: 0 | M10: 0 | N10: 0
A11: 25 | B11: Jefatura de Gabinete de Ministros | C11: 107 | D11: Administración de Parques Nacionales | E11: 154718 | F11: ADQUISICIÓN DE EQUIPAMIENTO PARA MANTENIMIENTO Y OPERACIÓN DE TODAS LAS ÁREAS PROTEGIDAS DE LA ADMINISTRACIÓN DE PARQUES NACIONALES - NACIONAL - AÑO 2027 | G11: A INICIAR | H11: SERVICIOS ECONOMICOS | I11: Ecología y Desarrollo Sostenible | J11: 96.608017 | K11: 96.608017 | L11: 0 | M11: 0 | N11: 0
A12: 50 | B12: Ministerio de Economía | C12: 357 | D12: Ministerio de Economía | E12: 104226 | F12: CONSTRUCCIÓN NUEVA LÍNEA DE ALTA TENSIÓN 132KV ENTRE ET ARISTÓBULO DEL VALLE - ET SAN VICENTE - PROVINCIA DE MISIONES | G12: INICIADO | H12: SERVICIOS ECONOMICOS | I12: Energía, Combustibles y Minería | J12: 1215 | K12: 0 | L12: 1215 | M12: 0 | N12: 0
A13: 50 | B13: Ministerio de Economía | C13: 377 | D13: Infraestructura Económica y Social | E13: 58603 | F13: CONSTRUCCIÓN DE DESAGÜES CLOACALES DE ARISTÓBULO DEL VALLE. PROVINCIA DE MISIONES. PRÉSTAMO 2776/OC-AR | G13: INICIADO | H13: SERVICIOS SOCIALES | I13: Agua Potable y Alcantarillado | J13: 2200.0009 | K13: 2200.0009 | L13: 0 | M13: 0 | N13: 0
A14: 50 | B14: Ministerio de Economía | C14: 377 | D14: Infraestructura Económica y Social | E14: 111247 | F14: PLAN DIRECTOR DE CONSTRUCCIÓN DE DESAGÜES CLOACALES DE LA CIUDAD DE APÓSTOLES - 1RA ETAPA, PROVINCIA DE MISIONES | G14: INICIADO | H14: SERVICIOS SOCIALES | I14: Agua Potable y Alcantarillado | J14: 9.267714 | K14: 9.267714 | L14: 0 | M14: 0 | N14: 0
A15: 50 | B15: Ministerio de Economía | C15: 377 | D15: Infraestructura Económica y Social | E15: 153553 | F15: CONSTRUCCIÓN DE VIVIENDAS SUSTENTABLES EN ZONA BIOCLIMÁTICA MUY CÁLIDO – PUERTO IGUAZÚ – MISIONES. | G15: A INICIAR | H15: SERVICIOS SOCIALES | I15: Vivienda y Urbanismo | J15: 2858.6465 | K15: 2858.6465 | L15: 0 | M15: 0 | N15: 0
A16: 50 | B16: Ministerio de Economía | C16: 604 | D16: Dirección Nacional de Vialidad | E16: 42720 | F16: PAVIMENTACIÓN RUTA NACIONAL N° 101 (MISIONES) // TRAMO: INTERSECCIÓN RUTA PROVINCIAL N° 19 - ACCESO PARQUE IGUAZÚ // PROV.: MISIONES | G16: INICIADO | H16: SERVICIOS ECONOMICOS | I16: Transporte | J16: 80.926071 | K16: 80.926071 | L16: 0 | M16: 0 | N16: 0
A17: 50 | B17: Ministerio de Economía | C17: 604 | D17: Dirección Nacional de Vialidad | E17: 53448 | F17: CONSTRUCCIÓN DE OBRAS DE SEGURIDAD ACCESO A LOCALIDADES // RN 0012 // TRAMO: C6-14 PUERTO RICO - MONTECARLO // SECCIÓN: ACCESO A PTO RICO (KM 1474) // PROV.: MISIONES | G17: INICIADO | H17: SERVICIOS ECONOMICOS | I17: Transporte | J17: 1.6964 | K17: 1.6964 | L17: 0 | M17: 0 | N17: 0
A18: 50 | B18: Ministerio de Economía | C18: 604 | D18: Dirección Nacional de Vialidad | E18: 109054 | F18: CONSTRUCCIÓN DE AUTOPISTA RUTA NACIONAL N° 12 POSADAS - SAN IGNACIO, PROVINCIA DE MISIONES. | G18: INICIADO | H18: SERVICIOS ECONOMICOS | I18: Transporte | J18: 848.21351 | K18: 848.21351 | L18: 0 | M18: 0 | N18: 0
... A43: 88 | B43: Ministerio de Capital Humano | C43: 330 | D43: Secretaría de Educación | E43: 154368 | F43: EQUIPAMIENTOS DE TALLERES EN INSTITUCIONES DE EDUCACION TECNICO PROFESIONAL PARA LAS PRACTICAS FORMATIVAS | G43: A INICIAR | H43: SERVICIOS SOCIALES | I43: Educación y Cultura | J43: 47.76 | K43: 0 | L43: 47.76 | M43: 0 | N43: 0

Sheet Rio Negro
A1: PLAN NACIONAL DE INVERSIONES PÚBLICAS 2027 - 2029 - Provincia de Rio Negro
A2: montos en millones de pesos
A3: GASTO DE INVERSIÓN DE LA ADMINISTRACIÓN PÚBLICA NACIONAL POR PROYECTO
A4: Jurisdicción | C4: SAF | E4: Proyecto de Inversión (BAPIN) | G4: Estado | H4: Finalidad | I4: Función | J4: Monto 2027 Proyecto de ley
A5: Cód. | B5: Descripción | C5: Cód. | D5: Descripción | E5: Cod. BAPIN | F5: Denominación | J5: $ | K5: IRD | L5: Transf. Capital | M5: Inv. Financiera | N5: Aplic. Financ.
A6: GASTO DE INVERSIÓN DE LA ADMINISTRACIÓN PÚBLICA NACIONAL POR PROYECTO EN LA PROVINCIA DE RIO NEGRO | J6: =+SUM(J7:J56) -> 36052.759 | K6: =+SUM(K7:K56) -> 35765.046 | L6: =+SUM(L7:L56) -> 287.71302 | M6: =+SUM(M7:M56) -> 0 | N6: =+SUM(N7:N56) -> 0
A7: 5 | B7: Poder Judicial de la Nación | C7: 320 | D7: Consejo de la Magistratura | E7: 106362 | F7: AMPLIACIÓN Y REMODELACIÓN DEL EDIFICIO PARA LA JUSTICIA FEDERAL. - CÁMARA FEDERAL DE APELACIONES GENERAL ROCA - ESPAÑA 1690, GRAL. ROCA, PROV. DE RÍO NEGRO | G7: A INICIAR | H7: ADMINISTRACION GUBERNAMENTAL | I7: Judicial | J7: 478.98402 | K7: 478.98402 | L7: 0 | M7: 0 | N7: 0
A8: 10 | B8: Ministerio Público | C8: 360 | D8: Procuración General de la Nación | E8: 150663 | F8: ADQUISICIÓN DE EQUIPAMIENTO PARA LA CREACIÓN DE NUEVAS SEDES DEL RÉGIMEN ACUSATORIO EN EL TERRITORIO NACIONAL | G8: A INICIAR | H8: ADMINISTRACION GUBERNAMENTAL | I8: Judicial | J8: 90.6542 | K8: 90.6542 | L8: 0 | M8: 0 | N8: 0
A9: 25 | B9: Jefatura de Gabinete de Ministros | C9: 107 | D9: Administración de Parques Nacionales | E9: 154714 | F9: ADQUISICIÓN DE EQUIPAMIENTO BÁSICO DE OFICINA PARA TODAS LAS DEPENDENCIAS DE LA ADMINISTRACIÓN DE PARQUES NACIONALES - AÑO 2027 | G9: A INICIAR | H9: SERVICIOS ECONOMICOS | I9: Ecología y Desarrollo Sostenible | J9: 69.130475 | K9: 69.130475 | L9: 0 | M9: 0 | N9: 0
A10: 25 | B10: Jefatura de Gabinete de Ministros | C10: 107 | D10: Administración de Parques Nacionales | E10: 154718 | F10: ADQUISICIÓN DE EQUIPAMIENTO PARA MANTENIMIENTO Y OPERACIÓN DE TODAS LAS ÁREAS PROTEGIDAS DE LA ADMINISTRACIÓN DE PARQUES NACIONALES - NACIONAL - AÑO 2027 | G10: A INICIAR | H10: SERVICIOS ECONOMICOS | I10: Ecología y Desarrollo Sostenible | J10: 332.38518 | K10: 332.38518 | L10: 0 | M10: 0 | N10: 0
A11: 25 | B11: Jefatura de Gabinete de Ministros | C11: 107 | D11: Administración de Parques Nacionales | E11: 154722 | F11: ADQUISICION DE EQUIPOS DE COMUNICACIÓN PARA LA DIRECCIÓN DE LUCHA CONTRA INCENDIOS FORESTALES Y EMERGENCIAS – PROVINCIA DE RIO NEGRO - AÑO 2027 | G11: A INICIAR | H11: SERVICIOS ECONOMICOS | I11: Ecología y Desarrollo Sostenible | J11: 304.64851 | K11: 304.64851 | L11: 0 | M11: 0 | N11: 0
A12: 25 | B12: Jefatura de Gabinete de Ministros | C12: 107 | D12: Administración de Parques Nacionales | E12: 154727 | F12: ADQUISICIÓN DE EQUIPAMIENTO PARA EL COMBATE DE INCENDIOS FORESTALES Y EMERGENCIAS - NACIONAL - AÑO 2027 | G12: A INICIAR | H12: SERVICIOS ECONOMICOS | I12: Ecología y Desarrollo Sostenible | J12: 3031.7678 | K12: 3031.7678 | L12: 0 | M12: 0 | N12: 0
A13: 25 | B13: Jefatura de Gabinete de Ministros | C13: 107 | D13: Administración de Parques Nacionales | E13: 154734 | F13: ADQUISICIÓN DE EQUIPAMIENTO PARA PROYECTOS DE CONSERVACIÓN DE LA DIRECCION NACIONAL DE CONSERVACION Y DIRECCIONES REGIONALES - AÑO 2027 | G13: A INICIAR | H13: SERVICIOS ECONOMICOS | I13: Ecología y Desarrollo Sostenible | J13: 126.89082 | K13: 126.89082 | L13: 0 | M13: 0 | N13: 0
A14: 25 | B14: Jefatura de Gabinete de Ministros | C14: 107 | D14: Administración de Parques Nacionales | E14: 154735 | F14: ADQUISICIÓN DE MAQUINARIA PESADA Y EQUIPAMIENTO MAYOR PARA TODAS LAS AREAS PROTEGIDAS Y LA LUCHA CONTRA INCENDIOS FORESTALES Y EMERGENCIAS DE LA ADMINISTRACIÓN DE PARQUES NACIONALES - NACIONAL - AÑO 2027 | G14: A INICIAR | H14: SERVICIOS ECONOMICOS | I14: Ecología y Desarrollo Sostenible | J14: 794.73525 | K14: 794.73525 | L14: 0 | M14: 0 | N14: 0
A15: 25 | B15: Jefatura de Gabinete de Ministros | C15: 107 | D15: Administración de Parques Nacionales | E15: 154745 | F15: ADQUISICIÓN DE EQUIPAMIENTO DE SISTEMAS DE ENERGÍAS ALTERNATIVAS PARA TODAS LAS DEPENDENCIAS DEL ORGANISMO - AÑO 2027 | G15: A INICIAR | H15: SERVICIOS ECONOMICOS | I15: Ecología y Desarrollo Sostenible | J15: 335.55488 | K15: 335.55488 | L15: 0 | M15: 0 | N15: 0
A16: 50 | B16: Ministerio de Economía | C16: 105 | D16: Comisión Nacional de Energía Atómica | E16: 71139 | F16: MODERNIZACIÓN DE LA PLANTA DE PRODUCCIÓN CRIOGÉNICA - FASE II- CENTRO ATÓMICO BARILOCHE, PROVINCIA DE RÍO NEGRO | G16: INICIADO | H16: SERVICIOS SOCIALES | I16: Ciencia, Tecnología e Innovación | J16: 486 | K16: 486 | L16: 0 | M16: 0 | N16: 0
A17: 50 | B17: Ministerio de Economía | C17: 105 | D17: Comisión Nacional de Energía Atómica | E17: 102331 | F17: DESARROLLO DE TECNOLOGÍA DE LÁSERES PARA ENRIQUECIMIENTO DE URANIO - CENTRO ATÓMICO BARILOCHE - PROVINCIA DE RIO NEGRO | G17: INICIADO | H17: SERVICIOS SOCIALES | I17: Ciencia, Tecnología e Innovación | J17: 1176 | K17: 1176 | L17: 0 | M17: 0 | N17: 0
A18: 50 | B18: Ministerio de Economía | C18: 105 | D18: Comisión Nacional de Energía Atómica | E18: 102333 | F18: AMPLIACIÓN Y ACTUALIZACIÓN DE LAS CAPACIDADES EXPERIMENTALES DEL LABORATORIO DE PROPIEDADES MECÁNICAS DEL CENTRO ATÓMICO BARILOCHE - FASE 2 - PROVINCIA DE RIO NEGRO | G18: INICIADO | H18: SERVICIOS SOCIALES | I18: Ciencia, Tecnología e Innovación | J18: 105 | K18: 105 | L18: 0 | M18: 0 | N18: 0
... A55: 88 | B55: Ministerio de Capital Humano | C55: 330 | D55: Secretaría de Educación | E55: 154368 | F55: EQUIPAMIENTOS DE TALLERES EN INSTITUCIONES DE EDUCACION TECNICO PROFESIONAL PARA LAS PRACTICAS FORMATIVAS | G55: A INICIAR | H55: SERVICIOS SOCIALES | I55: Educación y Cultura | J55: 21.6 | K55: 0 | L55: 21.6 | M55: 0 | N55: 0
A56: 91 | B56: Obligaciones a Cargo del Tesoro | C56: 356 | D56: Obligaciones a Cargo del Tesoro | E56: No BAPIN | F56: OTRAS ASISTENCIAS FINANCIERAS | G56: NO APLICA | H56: SERVICIOS SOCIALES | I56: Ciencia, Tecnología e Innovación | J56: 50 | K56: 50 | L56: 0 | M56: 0 | N56: 0

Sheet Salta
A1: PLAN NACIONAL DE INVERSIONES PÚBLICAS 2027 - 2029 - Provincia de Salta
A2: montos en millones de pesos
A3: GASTO DE INVERSIÓN DE LA ADMINISTRACIÓN PÚBLICA NACIONAL POR PROYECTO
A4: Jurisdicción | C4: SAF | E4: Proyecto de Inversión (BAPIN) | G4: Estado | H4: Finalidad | I4: Función | J4: Monto 2027 Proyecto de ley
A5: Cód. | B5: Descripción | C5: Cód. | D5: Descripción | E5: Cod. BAPIN | F5: Denominación | J5: $ | K5: IRD | L5: Transf. Capital | M5: Inv. Financiera | N5: Aplic. Financ.
A6: GASTO DE INVERSIÓN DE LA ADMINISTRACIÓN PÚBLICA NACIONAL POR PROYECTO EN LA PROVINCIA DE SALTA | J6: =+SUM(J7:J44) -> 130128.52 | K6: =+SUM(K7:K44) -> 127824.17 | L6: =+SUM(L7:L44) -> 2304.343 | M6: =+SUM(M7:M44) -> 0 | N6: =+SUM(N7:N44) -> 0
A7: 10 | B7: Ministerio Público | C7: 361 | D7: Defensoría General de la Nación | E7: 153988 | F7: IMPERMEABILIZACIÓN DE TERRAZAS PARA INMUEBLE EN LA CIUDAD DE SALTA, PROVINCIA DE SALTA | G7: A INICIAR | H7: ADMINISTRACION GUBERNAMENTAL | I7: Judicial | J7: 30 | K7: 30 | L7: 0 | M7: 0 | N7: 0
A8: 25 | B8: Jefatura de Gabinete de Ministros | C8: 107 | D8: Administración de Parques Nacionales | E8: 154714 | F8: ADQUISICIÓN DE EQUIPAMIENTO BÁSICO DE OFICINA PARA TODAS LAS DEPENDENCIAS DE LA ADMINISTRACIÓN DE PARQUES NACIONALES - AÑO 2027 | G8: A INICIAR | H8: SERVICIOS ECONOMICOS | I8: Ecología y Desarrollo Sostenible | J8: 69.124306 | K8: 69.124306 | L8: 0 | M8: 0 | N8: 0
A9: 25 | B9: Jefatura de Gabinete de Ministros | C9: 107 | D9: Administración de Parques Nacionales | E9: 154718 | F9: ADQUISICIÓN DE EQUIPAMIENTO PARA MANTENIMIENTO Y OPERACIÓN DE TODAS LAS ÁREAS PROTEGIDAS DE LA ADMINISTRACIÓN DE PARQUES NACIONALES - NACIONAL - AÑO 2027 | G9: A INICIAR | H9: SERVICIOS ECONOMICOS | I9: Ecología y Desarrollo Sostenible | J9: 107.40347 | K9: 107.40347 | L9: 0 | M9: 0 | N9: 0
A10: 25 | B10: Jefatura de Gabinete de Ministros | C10: 107 | D10: Administración de Parques Nacionales | E10: 154734 | F10: ADQUISICIÓN DE EQUIPAMIENTO PARA PROYECTOS DE CONSERVACIÓN DE LA DIRECCION NACIONAL DE CONSERVACION Y DIRECCIONES REGIONALES - AÑO 2027 | G10: A INICIAR | H10: SERVICIOS ECONOMICOS | I10: Ecología y Desarrollo Sostenible | J10: 19.120741 | K10: 19.120741 | L10: 0 | M10: 0 | N10: 0
A11: 50 | B11: Ministerio de Economía | C11: 105 | D11: Comisión Nacional de Energía Atómica | E11: 146107 | F11: EXPLORACIÓN DE YACIMIENTOS DE URANIO DE TIPO SUPERFICIAL EN LAS PROVINCIAS DE JUJUY, SALTA Y CATAMARCA | G11: INICIADO | H11: SERVICIOS SOCIALES | I11: Ciencia, Tecnología e Innovación | J11: 100 | K11: 100 | L11: 0 | M11: 0 | N11: 0
A12: 50 | B12: Ministerio de Economía | C12: 377 | D12: Infraestructura Económica y Social | E12: 101848 | F12: AMPLIACIÓN Y OPTIMIZACIÓN DE LA PLANTA DE TRATAMIENTO DE AGUAS RESIDUALES EN LA CIUDAD DE SALTA, PROVINCIA DE SALTA | G12: INICIADO | H12: SERVICIOS SOCIALES | I12: Agua Potable y Alcantarillado | J12: 11242.105 | K12: 11242.105 | L12: 0 | M12: 0 | N12: 0
A13: 50 | B13: Ministerio de Economía | C13: 377 | D13: Infraestructura Económica y Social | E13: 132457 | F13: CONSTRUCCIÓN DE PLANTA DEPURADORA Y COLECTORA MÁXIMA DE LA LOCALIDAD DE CAFAYATE - SALTA | G13: INICIADO | H13: SERVICIOS SOCIALES | I13: Agua Potable y Alcantarillado | J13: 5399.1878 | K13: 5399.1878 | L13: 0 | M13: 0 | N13: 0
A14: 50 | B14: Ministerio de Economía | C14: 377 | D14: Infraestructura Económica y Social | E14: 137202 | F14: CONSTRUCCIÓN DE CIUDAD JUDICIAL, ORÁN, SALTA (1°ETAPA) (SIPPE 152050) | G14: INICIADO | H14: SERVICIOS DE DEFENSA Y SEGURIDAD | I14: Sistema Penal | J14: 200 | K14: 0 | L14: 200 | M14: 0 | N14: 0
A15: 50 | B15: Ministerio de Economía | C15: 604 | D15: Dirección Nacional de Vialidad | E15: 108960 | F15: CREMA MALLA 406 - OBRAS DE RECUPERACIÓN Y MANTENIMIENTO EN RUTA RN 0034 / RN 0050 - PROVINCIA DE SALTA (BID 3050) | G15: INICIADO | H15: SERVICIOS ECONOMICOS | I15: Transporte | J15: 568.24459 | K15: 568.24459 | L15: 0 | M15: 0 | N15: 0
A16: 50 | B16: Ministerio de Economía | C16: 604 | D16: Dirección Nacional de Vialidad | E16: 109092 | F16: AUTOPISTA RUTA NACIONALE Nº 9/34 -PROVINCIA DE SALTA, TRAMO: ROSARIO DE LA FRONTERA - LIMITE SALTA/JUJUY, SECCIÓN IA: ROSARIO DE LA FRONTERA (RN N9 KM 1.422) - RN N9 KM 1449,5 | G16: INICIADO | H16: SERVICIOS ECONOMICOS | I16: Transporte | J16: 69113.537 | K16: 69113.537 | L16: 0 | M16: 0 | N16: 0
A17: 50 | B17: Ministerio de Economía | C17: 604 | D17: Dirección Nacional de Vialidad | E17: 121368 | F17: CONSERVACION MEJORATIVA, RUTA NAC. N° 16, TRAMO: TALAVERA – EL GALPON, SECIÓN: KM574,33 - KM661,00, PROVINCIA DE SALTA | G17: INICIADO | H17: SERVICIOS ECONOMICOS | I17: Transporte | J17: 768.09091 | K17: 768.09091 | L17: 0 | M17: 0 | N17: 0
A18: 50 | B18: Ministerio de Economía | C18: 604 | D18: Dirección Nacional de Vialidad | E18: 121369 | F18: CONSERVACION MEJORATIVA, RUTA NAC. N° 16, TRAMO: J.V.GONZALEZ – EMP. R.N.N°9/34, SECIÓN II: KM661,00 – KM707,25, PROVINCIA DE SALTA | G18: INICIADO | H18: SERVICIOS ECONOMICOS | I18: Transporte | J18: 987.31388 | K18: 987.31388 | L18: 0 | M18: 0 | N18: 0
... A44: 88 | B44: Ministerio de Capital Humano | C44: 330 | D44: Secretaría de Educación | E44: 154368 | F44: EQUIPAMIENTOS DE TALLERES EN INSTITUCIONES DE EDUCACION TECNICO PROFESIONAL PARA LAS PRACTICAS FORMATIVAS | G44: A INICIAR | H44: SERVICIOS SOCIALES | I44: Educación y Cultura | J44: 49.8 | K44: 0 | L44: 49.8 | M44: 0 | N44: 0

Sheet San Juan
A1: PLAN NACIONAL DE INVERSIONES PÚBLICAS 2027 - 2029 - Provincia de San Juan
A2: montos en millones de pesos
A3: GASTO DE INVERSIÓN DE LA ADMINISTRACIÓN PÚBLICA NACIONAL POR PROYECTO
A4: Jurisdicción | C4: SAF | E4: Proyecto de Inversión (BAPIN) | G4: Estado | H4: Finalidad | I4: Función | J4: Monto 2027 Proyecto de ley
A5: Cód. | B5: Descripción | C5: Cód. | D5: Descripción | E5: Cod. BAPIN | F5: Denominación | J5: $ | K5: IRD | L5: Transf. Capital | M5: Inv. Financiera | N5: Aplic. Financ.
A6: GASTO DE INVERSIÓN DE LA ADMINISTRACIÓN PÚBLICA NACIONAL POR PROYECTO EN LA PROVINCIA DE SAN JUAN | J6: =+SUM(J7:J29) -> 33396.565 | K6: =+SUM(K7:K29) -> 31743.87 | L6: =+SUM(L7:L29) -> 1652.695 | M6: =+SUM(M7:M29) -> 0 | N6: =+SUM(N7:N29) -> 0
A7: 5 | B7: Poder Judicial de la Nación | C7: 320 | D7: Consejo de la Magistratura | E7: 106324 | F7: REPARACIÓN DE CUBIERTAS Y RENOVACIÓN INSTALACIÓN ELÉCTRICA. - JUZGADO FEDERAL N°2 DE SAN JUAN - ENTRE RÍOS SUR 282, SAN JUAN, PROV. DE SAN JUAN | G7: A INICIAR | H7: ADMINISTRACION GUBERNAMENTAL | I7: Judicial | J7: 169.91058 | K7: 169.91058 | L7: 0 | M7: 0 | N7: 0
A8: 25 | B8: Jefatura de Gabinete de Ministros | C8: 107 | D8: Administración de Parques Nacionales | E8: 154714 | F8: ADQUISICIÓN DE EQUIPAMIENTO BÁSICO DE OFICINA PARA TODAS LAS DEPENDENCIAS DE LA ADMINISTRACIÓN DE PARQUES NACIONALES - AÑO 2027 | G8: A INICIAR | H8: SERVICIOS ECONOMICOS | I8: Ecología y Desarrollo Sostenible | J8: 30.378902 | K8: 30.378902 | L8: 0 | M8: 0 | N8: 0
A9: 25 | B9: Jefatura de Gabinete de Ministros | C9: 107 | D9: Administración de Parques Nacionales | E9: 154718 | F9: ADQUISICIÓN DE EQUIPAMIENTO PARA MANTENIMIENTO Y OPERACIÓN DE TODAS LAS ÁREAS PROTEGIDAS DE LA ADMINISTRACIÓN DE PARQUES NACIONALES - NACIONAL - AÑO 2027 | G9: A INICIAR | H9: SERVICIOS ECONOMICOS | I9: Ecología y Desarrollo Sostenible | J9: 12.833502 | K9: 12.833502 | L9: 0 | M9: 0 | N9: 0
A10: 50 | B10: Ministerio de Economía | C10: 357 | D10: Ministerio de Economía | E10: 105869 | F10: CONSTRUCCIÓN DE NUEVA LÍNEA DE EXTRA ALTA TENSIÓN DE 500 KV ENTRE ET RODEO - ET LA RIOJA Y AMPLIACIONES ET - PROVINCIAS DE LA RIOJA Y SAN JUAN. | G10: INICIADO | H10: SERVICIOS ECONOMICOS | I10: Energía, Combustibles y Minería | J10: 115 | K10: 0 | L10: 115 | M10: 0 | N10: 0
A11: 50 | B11: Ministerio de Economía | C11: 604 | D11: Dirección Nacional de Vialidad | E11: 139138 | F11: CONSTRUCCIÓN DE AUTOPISTA RUTA NACIONAL N° 40, TRAMO: LTE. INTERPROVINCIAL MENDOZA / SAN JUAN - INTERSECCIÓN DE ACC. SUR Y RUTA PROVINCIAL N° 179 (CALLE 8), SECCIÓN II: LOCALIDAD DE TRES ESQUINAS - INTERSECCIÓN DE RUTA NACIONAL N°40 Y RUTA PROVINCIAL Nº295 (ACCESO A COCHAGUAL), PROVINCIA DE SAN JUAN. (BID 4418 OC-AR) | G11: INICIADO | H11: SERVICIOS ECONOMICOS | I11: Transporte | J11: 22573.106 | K11: 22573.106 | L11: 0 | M11: 0 | N11: 0
A12: 50 | B12: Ministerio de Economía | C12: 604 | D12: Dirección Nacional de Vialidad | E12: 154009 | F12: OBRAS DE MANTENIMIENTO POR ADMINISTRACIÓN EN LOS 24 DISTRITOS DE LA DIRECCIÓN NACIONAL DE VIALIDAD (AÑO 2027) | G12: A INICIAR | H12: SERVICIOS ECONOMICOS | I12: Transporte | J12: 5244.7014 | K12: 5244.7014 | L12: 0 | M12: 0 | N12: 0
A13: 50 | B13: Ministerio de Economía | C13: 604 | D13: Dirección Nacional de Vialidad | E13: 154020 | F13: DESARROLLO DE INFRAESTRUCTURA DE MANTENIMIENTO Y EQUIPAMIENTO BÁSICO EN LOS 24 DISTRITOS DE LA DIRECCIÓN NACIONAL DE VIALIDAD (AÑO 2027) | G13: A INICIAR | H13: SERVICIOS ECONOMICOS | I13: Transporte | J13: 200.58732 | K13: 200.58732 | L13: 0 | M13: 0 | N13: 0
A14: 50 | B14: Ministerio de Economía | C14: 604 | D14: Dirección Nacional de Vialidad | E14: 154030 | F14: OBRAS DE SEGURIDAD EN DISTRITO SAN JUAN (AÑO 2027) | G14: A INICIAR | H14: SERVICIOS ECONOMICOS | I14: Transporte | J14: 950.07305 | K14: 950.07305 | L14: 0 | M14: 0 | N14: 0
A15: 50 | B15: Ministerio de Economía | C15: 604 | D15: Dirección Nacional de Vialidad | E15: 154059 | F15: MANTENIMIENTO Y REPARACIÓN DE OBRAS DE ARTE EN DISTRITO SAN JUAN (AÑO 2027) | G15: A INICIAR | H15: SERVICIOS ECONOMICOS | I15: Transporte | J15: 1330.1023 | K15: 1330.1023 | L15: 0 | M15: 0 | N15: 0
A16: 50 | B16: Ministerio de Economía | C16: 604 | D16: Dirección Nacional de Vialidad | E16: 154080 | F16: OBRAS DE MANTENIMIENTO EN DISTRITO SAN JUAN (AÑO 2027) | G16: A INICIAR | H16: SERVICIOS ECONOMICOS | I16: Transporte | J16: 1140.0877 | K16: 1140.0877 | L16: 0 | M16: 0 | N16: 0
A17: 50 | B17: Ministerio de Economía | C17: 624 | D17: Servicio Geológico Minero Argentino | E17: 154410 | F17: EQUIPAMIENTO BASICO SAF 624-SEGEMAR 2027 | G17: A INICIAR | H17: SERVICIOS SOCIALES | I17: Ciencia, Tecnología e Innovación | J17: 62.5 | K17: 62.5 | L17: 0 | M17: 0 | N17: 0
A18: 80 | B18: Ministerio de Salud | C18: 310 | D18: Ministerio de Salud | E18: 154959 | F18: TRANSFERENCIAS PARA FINANCIAR EL PROGRAMA DE APOYOS TÉCNICOS PARA PERSONAS CON DISCAPACIDAD 2027 | G18: A INICIAR | H18: SERVICIOS SOCIALES | I18: Promoción y Asistencia Social | J18: 42.293614 | K18: 0 | L18: 42.293614 | M18: 0 | N18: 0
... A29: 88 | B29: Ministerio de Capital Humano | C29: 330 | D29: Secretaría de Educación | E29: 154368 | F29: EQUIPAMIENTOS DE TALLERES EN INSTITUCIONES DE EDUCACION TECNICO PROFESIONAL PARA LAS PRACTICAS FORMATIVAS | G29: A INICIAR | H29: SERVICIOS SOCIALES | I29: Educación y Cultura | J29: 44.76 | K29: 0 | L29: 44.76 | M29: 0 | N29: 0

Sheet San Luis
A1: PLAN NACIONAL DE INVERSIONES PÚBLICAS 2027 - 2029 - Provincia de San Luis
A2: montos en millones de pesos
A3: GASTO DE INVERSIÓN DE LA ADMINISTRACIÓN PÚBLICA NACIONAL POR PROYECTO
A4: Jurisdicción | C4: SAF | E4: Proyecto de Inversión (BAPIN) | G4: Estado | H4: Finalidad | I4: Función | J4: Monto 2027 Proyecto de ley
A5: Cód. | B5: Descripción | C5: Cód. | D5: Descripción | E5: Cod. BAPIN | F5: Denominación | J5: $ | K5: IRD | L5: Transf. Capital | M5: Inv. Financiera | N5: Aplic. Financ.
A6: GASTO DE INVERSIÓN DE LA ADMINISTRACIÓN PÚBLICA NACIONAL POR PROYECTO EN LA PROVINCIA DE SAN LUIS | J6: =+SUM(J7:J26) -> 10499.068 | K6: =+SUM(K7:K26) -> 4340.9916 | L6: =+SUM(L7:L26) -> 6158.0759 | M6: =+SUM(M7:M26) -> 0 | N6: =+SUM(N7:N26) -> 0
A7: 25 | B7: Jefatura de Gabinete de Ministros | C7: 103 | D7: Consejo Nacional de Investigaciones Científicas y Técnicas | E7: 153726 | F7: CONSTRUCCIÓN DE LA NUEVA SEDE DEL INSTITUTO DE FÍSICA APLICADA - INFAP. CIUDAD DE SAN LUIS, PROVINCIA DE SAN LUIS | G7: INICIADO | H7: SERVICIOS SOCIALES | I7: Ciencia, Tecnología e Innovación | J7: 1100 | K7: 0 | L7: 1100 | M7: 0 | N7: 0
A8: 25 | B8: Jefatura de Gabinete de Ministros | C8: 107 | D8: Administración de Parques Nacionales | E8: 154714 | F8: ADQUISICIÓN DE EQUIPAMIENTO BÁSICO DE OFICINA PARA TODAS LAS DEPENDENCIAS DE LA ADMINISTRACIÓN DE PARQUES NACIONALES - AÑO 2027 | G8: A INICIAR | H8: SERVICIOS ECONOMICOS | I8: Ecología y Desarrollo Sostenible | J8: 34.674005 | K8: 34.674005 | L8: 0 | M8: 0 | N8: 0
A9: 25 | B9: Jefatura de Gabinete de Ministros | C9: 107 | D9: Administración de Parques Nacionales | E9: 154718 | F9: ADQUISICIÓN DE EQUIPAMIENTO PARA MANTENIMIENTO Y OPERACIÓN DE TODAS LAS ÁREAS PROTEGIDAS DE LA ADMINISTRACIÓN DE PARQUES NACIONALES - NACIONAL - AÑO 2027 | G9: A INICIAR | H9: SERVICIOS ECONOMICOS | I9: Ecología y Desarrollo Sostenible | J9: 42.009117 | K9: 42.009117 | L9: 0 | M9: 0 | N9: 0
A10: 50 | B10: Ministerio de Economía | C10: 377 | D10: Infraestructura Económica y Social | E10: 153541 | F10: ACUERDO MARCO DE COLABORACIÓN EN MATERIA DE OBRAS PÚBLICAS DE VIVIENDAS - PROVINCIA DE SAN LUIS. | G10: INICIADO | H10: SERVICIOS SOCIALES | I10: Vivienda y Urbanismo | J10: 1000 | K10: 0 | L10: 1000 | M10: 0 | N10: 0
A11: 50 | B11: Ministerio de Economía | C11: 604 | D11: Dirección Nacional de Vialidad | E11: 121392 | F11: CONSERVACION MEJORATIVA, RUTA NAC. N° 146, TRAMO: LMIITE CON SAN LUIS /MENDOZA - MONTE COMAN, SECIÓN: KM. 221,52 - KM. 278,00, PROVINCIA DE MENDOZA | G11: INICIADO | H11: SERVICIOS ECONOMICOS | I11: Transporte | J11: 20.874448 | K11: 20.874448 | L11: 0 | M11: 0 | N11: 0
A12: 50 | B12: Ministerio de Economía | C12: 604 | D12: Dirección Nacional de Vialidad | E12: 143737 | F12: OBRA POR CONVENIO REPAVIMENTACIÓN DE CALZADA EN EX RUTA NACIONAL N° 7, TRAMO: GRAN VILLE - CIUDAD DE SAN LUIS, SECCIÓN: PROG. 780 - PROG 792. PROVINCIA DE SAN LUIS. | G12: INICIADO | H12: SERVICIOS ECONOMICOS | I12: Transporte | J12: 3796.7331 | K12: 0 | L12: 3796.7331 | M12: 0 | N12: 0
A13: 50 | B13: Ministerio de Economía | C13: 604 | D13: Dirección Nacional de Vialidad | E13: 154009 | F13: OBRAS DE MANTENIMIENTO POR ADMINISTRACIÓN EN LOS 24 DISTRITOS DE LA DIRECCIÓN NACIONAL DE VIALIDAD (AÑO 2027) | G13: A INICIAR | H13: SERVICIOS ECONOMICOS | I13: Transporte | J13: 903.73156 | K13: 903.73156 | L13: 0 | M13: 0 | N13: 0
A14: 50 | B14: Ministerio de Economía | C14: 604 | D14: Dirección Nacional de Vialidad | E14: 154020 | F14: DESARROLLO DE INFRAESTRUCTURA DE MANTENIMIENTO Y EQUIPAMIENTO BÁSICO EN LOS 24 DISTRITOS DE LA DIRECCIÓN NACIONAL DE VIALIDAD (AÑO 2027) | G14: A INICIAR | H14: SERVICIOS ECONOMICOS | I14: Transporte | J14: 9.40253 | K14: 9.40253 | L14: 0 | M14: 0 | N14: 0
A15: 50 | B15: Ministerio de Economía | C15: 604 | D15: Dirección Nacional de Vialidad | E15: 154036 | F15: OBRAS DE SEGURIDAD EN DISTRITO SAN LUIS (AÑO 2027) | G15: A INICIAR | H15: SERVICIOS ECONOMICOS | I15: Transporte | J15: 1780.5934 | K15: 1780.5934 | L15: 0 | M15: 0 | N15: 0
A16: 50 | B16: Ministerio de Economía | C16: 604 | D16: Dirección Nacional de Vialidad | E16: 154066 | F16: MANTENIMIENTO Y REPARACIÓN DE OBRAS DE ARTE EN DISTRITO SAN LUIS (AÑO 2027) | G16: A INICIAR | H16: SERVICIOS ECONOMICOS | I16: Transporte | J16: 950.07305 | K16: 950.07305 | L16: 0 | M16: 0 | N16: 0
A17: 50 | B17: Ministerio de Economía | C17: 604 | D17: Dirección Nacional de Vialidad | E17: 154084 | F17: OBRAS DE MANTENIMIENTO EN DISTRITO SAN LUIS (AÑO 2027) | G17: A INICIAR | H17: SERVICIOS ECONOMICOS | I17: Transporte | J17: 570.04383 | K17: 570.04383 | L17: 0 | M17: 0 | N17: 0
A18: 80 | B18: Ministerio de Salud | C18: 310 | D18: Ministerio de Salud | E18: 154959 | F18: TRANSFERENCIAS PARA FINANCIAR EL PROGRAMA DE APOYOS TÉCNICOS PARA PERSONAS CON DISCAPACIDAD 2027 | G18: A INICIAR | H18: SERVICIOS SOCIALES | I18: Promoción y Asistencia Social | J18: 27.958783 | K18: 0 | L18: 27.958783 | M18: 0 | N18: 0
... A26: 88 | B26: Ministerio de Capital Humano | C26: 330 | D26: Secretaría de Educación | E26: 154368 | F26: EQUIPAMIENTOS DE TALLERES EN INSTITUCIONES DE EDUCACION TECNICO PROFESIONAL PARA LAS PRACTICAS FORMATIVAS | G26: A INICIAR | H26: SERVICIOS SOCIALES | I26: Educación y Cultura | J26: 34.32 | K26: 0 | L26: 34.32 | M26: 0 | N26: 0

Sheet Santa Cruz
A1: PLAN NACIONAL DE INVERSIONES PÚBLICAS 2027 - 2029 - Provincia de Santa Cruz
A2: montos en millones de pesos
A3: GASTO DE INVERSIÓN DE LA ADMINISTRACIÓN PÚBLICA NACIONAL POR PROYECTO
A4: Jurisdicción | C4: SAF | E4: Proyecto de Inversión (BAPIN) | G4: Estado | H4: Finalidad | I4: Función | J4: Monto 2027 Proyecto de ley
A5: Cód. | B5: Descripción | C5: Cód. | D5: Descripción | E5: Cod. BAPIN | F5: Denominación | J5: $ | K5: IRD | L5: Transf. Capital | M5: Inv. Financiera | N5: Aplic. Financ.
A6: GASTO DE INVERSIÓN DE LA ADMINISTRACIÓN PÚBLICA NACIONAL POR PROYECTO EN LA PROVINCIA DE SANTA CRUZ | J6: =+SUM(J7:J35) -> 100028.67 | K6: =+SUM(K7:K35) -> 98859.666 | L6: =+SUM(L7:L35) -> 1169.0054 | M6: =+SUM(M7:M35) -> 0 | N6: =+SUM(N7:N35) -> 0
A7: 10 | B7: Ministerio Público | C7: 360 | D7: Procuración General de la Nación | E7: 150663 | F7: ADQUISICIÓN DE EQUIPAMIENTO PARA LA CREACIÓN DE NUEVAS SEDES DEL RÉGIMEN ACUSATORIO EN EL TERRITORIO NACIONAL | G7: A INICIAR | H7: ADMINISTRACION GUBERNAMENTAL | I7: Judicial | J7: 4.01856 | K7: 4.01856 | L7: 0 | M7: 0 | N7: 0
A8: 25 | B8: Jefatura de Gabinete de Ministros | C8: 107 | D8: Administración de Parques Nacionales | E8: 154714 | F8: ADQUISICIÓN DE EQUIPAMIENTO BÁSICO DE OFICINA PARA TODAS LAS DEPENDENCIAS DE LA ADMINISTRACIÓN DE PARQUES NACIONALES - AÑO 2027 | G8: A INICIAR | H8: SERVICIOS ECONOMICOS | I8: Ecología y Desarrollo Sostenible | J8: 102.43254 | K8: 102.43254 | L8: 0 | M8: 0 | N8: 0
A9: 25 | B9: Jefatura de Gabinete de Ministros | C9: 107 | D9: Administración de Parques Nacionales | E9: 154718 | F9: ADQUISICIÓN DE EQUIPAMIENTO PARA MANTENIMIENTO Y OPERACIÓN DE TODAS LAS ÁREAS PROTEGIDAS DE LA ADMINISTRACIÓN DE PARQUES NACIONALES - NACIONAL - AÑO 2027 | G9: A INICIAR | H9: SERVICIOS ECONOMICOS | I9: Ecología y Desarrollo Sostenible | J9: 316.83635 | K9: 316.83635 | L9: 0 | M9: 0 | N9: 0
A10: 25 | B10: Jefatura de Gabinete de Ministros | C10: 107 | D10: Administración de Parques Nacionales | E10: 154734 | F10: ADQUISICIÓN DE EQUIPAMIENTO PARA PROYECTOS DE CONSERVACIÓN DE LA DIRECCION NACIONAL DE CONSERVACION Y DIRECCIONES REGIONALES - AÑO 2027 | G10: A INICIAR | H10: SERVICIOS ECONOMICOS | I10: Ecología y Desarrollo Sostenible | J10: 46.153514 | K10: 46.153514 | L10: 0 | M10: 0 | N10: 0
A11: 50 | B11: Ministerio de Economía | C11: 377 | D11: Infraestructura Económica y Social | E11: 103897 | F11: CONSTRUCCIÓN APROVECHAMIENTO HIDROELÉCTRICO DEL RÍO SANTA CRUZ - CÓNDOR CLIFF Y LA BARRANCOSA - PROVINCIA DE SANTA CRUZ | G11: INICIADO | H11: SERVICIOS ECONOMICOS | I11: Energía, Combustibles y Minería | J11: 82142.847 | K11: 82142.847 | L11: 0 | M11: 0 | N11: 0
A12: 50 | B12: Ministerio de Economía | C12: 377 | D12: Infraestructura Económica y Social | E12: 132923 | F12: CONSTRUCCIÓN DEL COLECTOR INDUSTRIAL Y PLANTA DE TRATAMIENTO-VILLA MERCEDES - SAN LUIS | G12: INICIADO | H12: SERVICIOS SOCIALES | I12: Agua Potable y Alcantarillado | J12: 935.26651 | K12: 0 | L12: 935.26651 | M12: 0 | N12: 0
A13: 50 | B13: Ministerio de Economía | C13: 604 | D13: Dirección Nacional de Vialidad | E13: 121354 | F13: CONSERVAC. MEJORATIVA: RUTA: 3; TRAMO: LTE. CHUBUT/SANTA CRUZ - CALETA OLIVIA; SECC: PROG. KM 1855,91 - PROG. KM 1908,00 ; PROV: SANTA CRUZ | G13: INICIADO | H13: SERVICIOS ECONOMICOS | I13: Transporte | J13: 1.6964 | K13: 1.6964 | L13: 0 | M13: 0 | N13: 0
A14: 50 | B14: Ministerio de Economía | C14: 604 | D14: Dirección Nacional de Vialidad | E14: 123581 | F14: OBRA DE REPARACIÓN INTEGRAL DE LOS TABLEROS DE LOS PUENTES SOBRE EL RIO SANTA CRUZ. RUTA NACIONAL N° 3 - TRAMO: CMTE. PIEDRA BUENA RN 288 - EMP. RP 9. SECCIÓN: KM. 2.374,72 - KM. 2.375,27-, PROVINCIA DE SANTA CRUZ | G14: A INICIAR | H14: SERVICIOS ECONOMICOS | I14: Transporte | J14: 845.78734 | K14: 845.78734 | L14: 0 | M14: 0 | N14: 0
A15: 50 | B15: Ministerio de Economía | C15: 604 | D15: Dirección Nacional de Vialidad | E15: 146133 | F15: MANTENIMIENTO DE RUTINA POR T.F.O. 2025 (TRANSFERENCIA DE FUNCIONES OPERATIVAS ) EN RUTAS NACIONALES RN 3, RN 40, RN 281, RN 288 Y RN 293, PROVINCIA DE SANTA CRUZ | G15: INICIADO | H15: SERVICIOS ECONOMICOS | I15: Transporte | J15: 4289.729 | K15: 4289.729 | L15: 0 | M15: 0 | N15: 0
A16: 50 | B16: Ministerio de Economía | C16: 604 | D16: Dirección Nacional de Vialidad | E16: 152312 | F16: CONSTRUCCIÓN DE DOS PUENTES NUEVOS SOBRE EL RIO SANTA CRUZ EN RUTA NACIONAL N° 3. PROVINCIA DE SANTA CRUZ. | G16: A INICIAR | H16: SERVICIOS ECONOMICOS | I16: Transporte | J16: 1000.876 | K16: 1000.876 | L16: 0 | M16: 0 | N16: 0
A17: 50 | B17: Ministerio de Economía | C17: 604 | D17: Dirección Nacional de Vialidad | E17: 152317 | F17: MANTENIMIENTO RUTINARIO (TFO) 2026 - PROVINCIA DE SANTA CRUZ. RUTAS NACIONALES N° 3, N° 40, N° 281, N° 288 Y N° 293. | G17: A INICIAR | H17: SERVICIOS ECONOMICOS | I17: Transporte | J17: 2249.1083 | K17: 2249.1083 | L17: 0 | M17: 0 | N17: 0
A18: 50 | B18: Ministerio de Economía | C18: 604 | D18: Dirección Nacional de Vialidad | E18: 154009 | F18: OBRAS DE MANTENIMIENTO POR ADMINISTRACIÓN EN LOS 24 DISTRITOS DE LA DIRECCIÓN NACIONAL DE VIALIDAD (AÑO 2027) | G18: A INICIAR | H18: SERVICIOS ECONOMICOS | I18: Transporte | J18: 3315.5615 | K18: 3315.5615 | L18: 0 | M18: 0 | N18: 0
... A35: 88 | B35: Ministerio de Capital Humano | C35: 330 | D35: Secretaría de Educación | E35: 154368 | F35: EQUIPAMIENTOS DE TALLERES EN INSTITUCIONES DE EDUCACION TECNICO PROFESIONAL PARA LAS PRACTICAS FORMATIVAS | G35: A INICIAR | H35: SERVICIOS SOCIALES | I35: Educación y Cultura | J35: 11.4 | K35: 0 | L35: 11.4 | M35: 0 | N35: 0

Sheet Santa Fe
A1: PLAN NACIONAL DE INVERSIONES PÚBLICAS 2027 - 2029 - Provincia de Santa Fe
A2: montos en millones de pesos
A3: GASTO DE INVERSIÓN DE LA ADMINISTRACIÓN PÚBLICA NACIONAL POR PROYECTO
A4: Jurisdicción | C4: SAF | E4: Proyecto de Inversión (BAPIN) | G4: Estado | H4: Finalidad | I4: Función | J4: Monto 2027 Proyecto de ley
A5: Cód. | B5: Descripción | C5: Cód. | D5: Descripción | E5: Cod. BAPIN | F5: Denominación | J5: $ | K5: IRD | L5: Transf. Capital | M5: Inv. Financiera | N5: Aplic. Financ.
A6: GASTO DE INVERSIÓN DE LA ADMINISTRACIÓN PÚBLICA NACIONAL POR PROYECTO EN LA PROVINCIA DE SANTA FE | J6: =+SUM(J7:J44) -> 66110.066 | K6: =+SUM(K7:K44) -> 30645.293 | L6: =+SUM(L7:L44) -> 35464.773 | M6: =+SUM(M7:M44) -> 0 | N6: =+SUM(N7:N44) -> 0
A7: 5 | B7: Poder Judicial de la Nación | C7: 320 | D7: Consejo de la Magistratura | E7: 112540 | F7: COMPRA DE INMUEBLE PARA SEDE VENADO TUERTO - JF | G7: A INICIAR | H7: ADMINISTRACION GUBERNAMENTAL | I7: Judicial | J7: 548.1 | K7: 548.1 | L7: 0 | M7: 0 | N7: 0
A8: 10 | B8: Ministerio Público | C8: 360 | D8: Procuración General de la Nación | E8: 150663 | F8: ADQUISICIÓN DE EQUIPAMIENTO PARA LA CREACIÓN DE NUEVAS SEDES DEL RÉGIMEN ACUSATORIO EN EL TERRITORIO NACIONAL | G8: A INICIAR | H8: ADMINISTRACION GUBERNAMENTAL | I8: Judicial | J8: 5.0232 | K8: 5.0232 | L8: 0 | M8: 0 | N8: 0
A9: 25 | B9: Jefatura de Gabinete de Ministros | C9: 103 | D9: Consejo Nacional de Investigaciones Científicas y Técnicas | E9: 57663 | F9: CEFOBI IFISE - CONSTRUCCIÓN DEL EDIFICIO PARA EL CENTRO DE ESTUDIOS FOTOSINTÉTICOS Y BIOQUÍMICOS Y EL INSTITUTO DE FISIOLOGÍA EXPERIMENTAL. CIUDAD DE ROSARIO. PCIA. DE SANTA FE | G9: INICIADO | H9: SERVICIOS SOCIALES | I9: Ciencia, Tecnología e Innovación | J9: 200 | K9: 0 | L9: 200 | M9: 0 | N9: 0
A10: 25 | B10: Jefatura de Gabinete de Ministros | C10: 103 | D10: Consejo Nacional de Investigaciones Científicas y Técnicas | E10: 154488 | F10: INLAIN - NUEVO EDIFICIO INLAIN - PCIA. DE SANTA FE | G10: INICIADO | H10: SERVICIOS SOCIALES | I10: Ciencia, Tecnología e Innovación | J10: 200 | K10: 0 | L10: 200 | M10: 0 | N10: 0
A11: 25 | B11: Jefatura de Gabinete de Ministros | C11: 107 | D11: Administración de Parques Nacionales | E11: 154714 | F11: ADQUISICIÓN DE EQUIPAMIENTO BÁSICO DE OFICINA PARA TODAS LAS DEPENDENCIAS DE LA ADMINISTRACIÓN DE PARQUES NACIONALES - AÑO 2027 | G11: A INICIAR | H11: SERVICIOS ECONOMICOS | I11: Ecología y Desarrollo Sostenible | J11: 9.713431 | K11: 9.713431 | L11: 0 | M11: 0 | N11: 0
A12: 25 | B12: Jefatura de Gabinete de Ministros | C12: 107 | D12: Administración de Parques Nacionales | E12: 154718 | F12: ADQUISICIÓN DE EQUIPAMIENTO PARA MANTENIMIENTO Y OPERACIÓN DE TODAS LAS ÁREAS PROTEGIDAS DE LA ADMINISTRACIÓN DE PARQUES NACIONALES - NACIONAL - AÑO 2027 | G12: A INICIAR | H12: SERVICIOS ECONOMICOS | I12: Ecología y Desarrollo Sostenible | J12: 19.897816 | K12: 19.897816 | L12: 0 | M12: 0 | N12: 0
A13: 50 | B13: Ministerio de Economía | C13: 377 | D13: Infraestructura Económica y Social | E13: 122733 | F13: AMPLIACIÓN PLANTA DEPURADORA LÍQUIDOS CLOACALES - RAFAELA - SANTA FÉ | G13: INICIADO | H13: SERVICIOS SOCIALES | I13: Agua Potable y Alcantarillado | J13: 2027.3739 | K13: 2027.3739 | L13: 0 | M13: 0 | N13: 0
A14: 50 | B14: Ministerio de Economía | C14: 377 | D14: Infraestructura Económica y Social | E14: 123294 | F14: CONSTRUCCIÓN NUEVO EDIFICIO SEDE SAN PEDRO, UNIVERSIDAD NACIONAL DE JUJUY, EN LA LOCALIDAD DE SAN PEDRO, PROVINCIA DE JUJUY | G14: INICIADO | H14: SERVICIOS SOCIALES | I14: Educación y Cultura | J14: 3500 | K14: 0 | L14: 3500 | M14: 0 | N14: 0
A15: 50 | B15: Ministerio de Economía | C15: 377 | D15: Infraestructura Económica y Social | E15: 131151 | F15: AMPLIACIÓN DE PLANTA POTABILIZADORA EN LA CIUDAD DE SANTA FÉ, PROVINCIA DE SANTA FÉ | G15: INICIADO | H15: SERVICIOS SOCIALES | I15: Agua Potable y Alcantarillado | J15: 22811.288 | K15: 0 | L15: 22811.288 | M15: 0 | N15: 0
A16: 50 | B16: Ministerio de Economía | C16: 377 | D16: Infraestructura Económica y Social | E16: 136876 | F16: AMPLIACIÓN DE PLANTA DE AGUA POTABLE BAIGORRIA ETAPA II - ROSARIO - ACUEDUCTO GRAN ROSARIO II - SANTA FE | G16: INICIADO | H16: SERVICIOS SOCIALES | I16: Agua Potable y Alcantarillado | J16: 4642.8625 | K16: 0 | L16: 4642.8625 | M16: 0 | N16: 0
A17: 50 | B17: Ministerio de Economía | C17: 604 | D17: Dirección Nacional de Vialidad | E17: 108980 | F17: CREMA MALLA RN11D - OBRAS DE RECUPERACIÓN Y MANTENIMIENTO EN RUTA RN 0011 - TRAMO: EMP. RUTA PROVINCIAL N° 31 (PROVINCIA DE SANTA FE) - ACC. CEMENTERIO PARQUE JAZMÍN (PROVINCIA DEL CHACO). PROVINCIAS DE SANTA FE Y CHACO | G17: INICIADO | H17: SERVICIOS ECONOMICOS | I17: Transporte | J17: 9375.6344 | K17: 9375.6344 | L17: 0 | M17: 0 | N17: 0
A18: 50 | B18: Ministerio de Economía | C18: 604 | D18: Dirección Nacional de Vialidad | E18: 109033 | F18: CREMA MALLA 235 - OBRAS DE RECUPERACIÓN Y MANTENIMIENTO EN RUTA RN 1V09 - PROVINCIA DE SANTA FE | G18: INICIADO | H18: SERVICIOS ECONOMICOS | I18: Transporte | J18: 5418.5031 | K18: 5418.5031 | L18: 0 | M18: 0 | N18: 0
... A44: 88 | B44: Ministerio de Capital Humano | C44: 330 | D44: Secretaría de Educación | E44: 154368 | F44: EQUIPAMIENTOS DE TALLERES EN INSTITUCIONES DE EDUCACION TECNICO PROFESIONAL PARA LAS PRACTICAS FORMATIVAS | G44: A INICIAR | H44: SERVICIOS SOCIALES | I44: Educación y Cultura | J44: 76.32 | K44: 0 | L44: 76.32 | M44: 0 | N44: 0

Sheet Santiago del Estero
A1: PLAN NACIONAL DE INVERSIONES PÚBLICAS 2027 - 2029 - Provincia de Santiago del Estero
A2: montos en millones de pesos
A3: GASTO DE INVERSIÓN DE LA ADMINISTRACIÓN PÚBLICA NACIONAL POR PROYECTO
A4: Jurisdicción | C4: SAF | E4: Proyecto de Inversión (BAPIN) | G4: Estado | H4: Finalidad | I4: Función | J4: Monto 2027 Proyecto de ley
A5: Cód. | B5: Descripción | C5: Cód. | D5: Descripción | E5: Cod. BAPIN | F5: Denominación | J5: $ | K5: IRD | L5: Transf. Capital | M5: Inv. Financiera | N5: Aplic. Financ.
A6: GASTO DE INVERSIÓN DE LA ADMINISTRACIÓN PÚBLICA NACIONAL POR PROYECTO EN LA PROVINCIA DE SANTIAGO DEL ESTERO | J6: =+SUM(J7:J31) -> 29893.664 | K6: =+SUM(K7:K31) -> 29270.637 | L6: =+SUM(L7:L31) -> 623.02742 | M6: =+SUM(M7:M31) -> 0 | N6: =+SUM(N7:N31) -> 0
A7: 10 | B7: Ministerio Público | C7: 360 | D7: Procuración General de la Nación | E7: 150663 | F7: ADQUISICIÓN DE EQUIPAMIENTO PARA LA CREACIÓN DE NUEVAS SEDES DEL RÉGIMEN ACUSATORIO EN EL TERRITORIO NACIONAL | G7: A INICIAR | H7: ADMINISTRACION GUBERNAMENTAL | I7: Judicial | J7: 15.0696 | K7: 15.0696 | L7: 0 | M7: 0 | N7: 0
A8: 10 | B8: Ministerio Público | C8: 361 | D8: Defensoría General de la Nación | E8: 146606 | F8: CONSTRUCCIÓN DE INMUEBLE PARA SEDE DE LA DEFENSORÍA DE SANTIAGO DEL ESTERO | G8: INICIADO | H8: ADMINISTRACION GUBERNAMENTAL | I8: Judicial | J8: 783.94607 | K8: 783.94607 | L8: 0 | M8: 0 | N8: 0
A9: 25 | B9: Jefatura de Gabinete de Ministros | C9: 107 | D9: Administración de Parques Nacionales | E9: 154714 | F9: ADQUISICIÓN DE EQUIPAMIENTO BÁSICO DE OFICINA PARA TODAS LAS DEPENDENCIAS DE LA ADMINISTRACIÓN DE PARQUES NACIONALES - AÑO 2027 | G9: A INICIAR | H9: SERVICIOS ECONOMICOS | I9: Ecología y Desarrollo Sostenible | J9: 28.963684 | K9: 28.963684 | L9: 0 | M9: 0 | N9: 0
A10: 25 | B10: Jefatura de Gabinete de Ministros | C10: 107 | D10: Administración de Parques Nacionales | E10: 154718 | F10: ADQUISICIÓN DE EQUIPAMIENTO PARA MANTENIMIENTO Y OPERACIÓN DE TODAS LAS ÁREAS PROTEGIDAS DE LA ADMINISTRACIÓN DE PARQUES NACIONALES - NACIONAL - AÑO 2027 | G10: A INICIAR | H10: SERVICIOS ECONOMICOS | I10: Ecología y Desarrollo Sostenible | J10: 88.885545 | K10: 88.885545 | L10: 0 | M10: 0 | N10: 0
A11: 50 | B11: Ministerio de Economía | C11: 377 | D11: Infraestructura Económica y Social | E11: 130193 | F11: CONSTRUCCIÓN DE PLANTA DE TRATAMIENTO Y REDES CLOACALES EN LA LOCALIDAD DE AÑATUYA, PROVINCIA DE SANTIAGO DEL ESTERO. | G11: INICIADO | H11: SERVICIOS SOCIALES | I11: Agua Potable y Alcantarillado | J11: 4455.2309 | K11: 4455.2309 | L11: 0 | M11: 0 | N11: 0
A12: 50 | B12: Ministerio de Economía | C12: 604 | D12: Dirección Nacional de Vialidad | E12: 109283 | F12: REPAVIMENTACIÓN RUTA NACIONAL Nº 16 - SANTIAGO DEL ESTERO (BID 2698 OC-AR) | G12: INICIADO | H12: SERVICIOS ECONOMICOS | I12: Transporte | J12: 7.004129 | K12: 7.004129 | L12: 0 | M12: 0 | N12: 0
A13: 50 | B13: Ministerio de Economía | C13: 604 | D13: Dirección Nacional de Vialidad | E13: 137535 | F13: CONSTRUCCIÓN DE AUTOVÍA EN RUTA NACIONAL Nº 9, TRAMO: SANTIAGO DEL ESTERO CAPITAL - ACC. A TERMAS DE RÍO HONDO, SECCIÓN: KM. 1139,76 - KM. 1203,72. PROVINCIA DE SANTIAGO DEL ESTERO | G13: INICIADO | H13: SERVICIOS ECONOMICOS | I13: Transporte | J13: 18096.963 | K13: 18096.963 | L13: 0 | M13: 0 | N13: 0
A14: 50 | B14: Ministerio de Economía | C14: 604 | D14: Dirección Nacional de Vialidad | E14: 154009 | F14: OBRAS DE MANTENIMIENTO POR ADMINISTRACIÓN EN LOS 24 DISTRITOS DE LA DIRECCIÓN NACIONAL DE VIALIDAD (AÑO 2027) | G14: A INICIAR | H14: SERVICIOS ECONOMICOS | I14: Transporte | J14: 1954.6868 | K14: 1954.6868 | L14: 0 | M14: 0 | N14: 0
A15: 50 | B15: Ministerio de Economía | C15: 604 | D15: Dirección Nacional de Vialidad | E15: 154010 | F15: OBRAS DE MANTENIMIENTO EN DISTRITO SANTIAGO DEL ESTERO (AÑO 2027) | G15: A INICIAR | H15: SERVICIOS ECONOMICOS | I15: Transporte | J15: 950.07305 | K15: 950.07305 | L15: 0 | M15: 0 | N15: 0
A16: 50 | B16: Ministerio de Economía | C16: 604 | D16: Dirección Nacional de Vialidad | E16: 154020 | F16: DESARROLLO DE INFRAESTRUCTURA DE MANTENIMIENTO Y EQUIPAMIENTO BÁSICO EN LOS 24 DISTRITOS DE LA DIRECCIÓN NACIONAL DE VIALIDAD (AÑO 2027) | G16: A INICIAR | H16: SERVICIOS ECONOMICOS | I16: Transporte | J16: 92.950408 | K16: 92.950408 | L16: 0 | M16: 0 | N16: 0
A17: 50 | B17: Ministerio de Economía | C17: 604 | D17: Dirección Nacional de Vialidad | E17: 154039 | F17: OBRAS DE SEGURIDAD EN DISTRITO SANTIAGO DEL ESTERO (AÑO 2027) | G17: A INICIAR | H17: SERVICIOS ECONOMICOS | I17: Transporte | J17: 573.84412 | K17: 573.84412 | L17: 0 | M17: 0 | N17: 0
A18: 50 | B18: Ministerio de Economía | C18: 604 | D18: Dirección Nacional de Vialidad | E18: 154068 | F18: MANTENIMIENTO Y REPARACIÓN DE OBRAS DE ARTE EN DISTRITO SANTIAGO DEL ESTERO (AÑO 2027) | G18: A INICIAR | H18: SERVICIOS ECONOMICOS | I18: Transporte | J18: 2066.5206 | K18: 2066.5206 | L18: 0 | M18: 0 | N18: 0
... A31: 88 | B31: Ministerio de Capital Humano | C31: 330 | D31: Secretaría de Educación | E31: 154368 | F31: EQUIPAMIENTOS DE TALLERES EN INSTITUCIONES DE EDUCACION TECNICO PROFESIONAL PARA LAS PRACTICAS FORMATIVAS | G31: A INICIAR | H31: SERVICIOS SOCIALES | I31: Educación y Cultura | J31: 55.92 | K31: 0 | L31: 55.92 | M31: 0 | N31: 0

Sheet Tierra del Fuego
A1: PLAN NACIONAL DE INVERSIONES PÚBLICAS 2027 - 2029 - Provincia de Tierra del Fuego, Antártida e Islas del Atlántico Sur
A2: montos en millones de pesos
A3: GASTO DE INVERSIÓN DE LA ADMINISTRACIÓN PÚBLICA NACIONAL POR PROYECTO
A4: Jurisdicción | C4: SAF | E4: Proyecto de Inversión (BAPIN) | G4: Estado | H4: Finalidad | I4: Función | J4: Monto 2027 Proyecto de ley
A5: Cód. | B5: Descripción | C5: Cód. | D5: Descripción | E5: Cod. BAPIN | F5: Denominación | J5: $ | K5: IRD | L5: Transf. Capital | M5: Inv. Financiera | N5: Aplic. Financ.
A6: GASTO DE INVERSIÓN DE LA ADMINISTRACIÓN PÚBLICA NACIONAL POR PROYECTO EN LA PROVINCIA DE TIERRA DEL FUEGO, ANTÁRTIDA E ISLAS DEL ATLÁNTICO SUR | J6: =+SUM(J7:J34) -> 10829.204 | K6: =+SUM(K7:K34) -> 10056.677 | L6: =+SUM(L7:L34) -> 772.52704 | M6: =+SUM(M7:M34) -> 0 | N6: =+SUM(N7:N34) -> 0
A7: 5 | B7: Poder Judicial de la Nación | C7: 320 | D7: Consejo de la Magistratura | E7: 148891 | F7: CONTINUIDAD DE LOS TRABAJOS DE OBRA, EX VIVIENDAS NRO. 1 Y 5 - SECRETARÍA ELECTORAL DE USHUAIA, MALVINAS ARGENTINAS 160, USHUAIA, TIERRA DEL FUEGO | G7: A INICIAR | H7: ADMINISTRACION GUBERNAMENTAL | I7: Judicial | J7: 552.84268 | K7: 552.84268 | L7: 0 | M7: 0 | N7: 0
A8: 25 | B8: Jefatura de Gabinete de Ministros | C8: 106 | D8: Comisión Nacional de Actividades Espaciales | E8: 155055 | F8: INSTALACIÓN Y PUESTA EN MARCHA DE DOS ANTENAS EN LA BASE BELGRANO II DE LA ANTÁRTIDA ARGENTINA. | G8: INICIADO | H8: SERVICIOS SOCIALES | I8: Ciencia, Tecnología e Innovación | J8: 1050 | K8: 1050 | L8: 0 | M8: 0 | N8: 0
A9: 25 | B9: Jefatura de Gabinete de Ministros | C9: 107 | D9: Administración de Parques Nacionales | E9: 154714 | F9: ADQUISICIÓN DE EQUIPAMIENTO BÁSICO DE OFICINA PARA TODAS LAS DEPENDENCIAS DE LA ADMINISTRACIÓN DE PARQUES NACIONALES - AÑO 2027 | G9: A INICIAR | H9: SERVICIOS ECONOMICOS | I9: Ecología y Desarrollo Sostenible | J9: 7.064313 | K9: 7.064313 | L9: 0 | M9: 0 | N9: 0
A10: 25 | B10: Jefatura de Gabinete de Ministros | C10: 107 | D10: Administración de Parques Nacionales | E10: 154718 | F10: ADQUISICIÓN DE EQUIPAMIENTO PARA MANTENIMIENTO Y OPERACIÓN DE TODAS LAS ÁREAS PROTEGIDAS DE LA ADMINISTRACIÓN DE PARQUES NACIONALES - NACIONAL - AÑO 2027 | G10: A INICIAR | H10: SERVICIOS ECONOMICOS | I10: Ecología y Desarrollo Sostenible | J10: 47.036553 | K10: 47.036553 | L10: 0 | M10: 0 | N10: 0
A11: 50 | B11: Ministerio de Economía | C11: 604 | D11: Dirección Nacional de Vialidad | E11: 121356 | F11: CONSERVAC. MEJORATIVA: RUTA: 003; TRAMO: TOLHUIN - KOSOVO; SECC: KM. 2949,94 - KM. 2974,42 ; PROV: TDF | G11: INICIADO | H11: SERVICIOS ECONOMICOS | I11: Transporte | J11: 132.94961 | K11: 132.94961 | L11: 0 | M11: 0 | N11: 0
A12: 50 | B12: Ministerio de Economía | C12: 604 | D12: Dirección Nacional de Vialidad | E12: 133004 | F12: MANTENIMIENTO DE RUTINA POR T.F.O. (TRANSFERENCIA DE FUNCIONES OPERATIVAS ) EN RUTAS NACIONALES RN 24CA, RN 24 CB, RN 24 CI Y RN 3, PROVINCIA DE TIERRA DEL FUEGO | G12: INICIADO | H12: SERVICIOS ECONOMICOS | I12: Transporte | J12: 406.23948 | K12: 406.23948 | L12: 0 | M12: 0 | N12: 0
A13: 50 | B13: Ministerio de Economía | C13: 604 | D13: Dirección Nacional de Vialidad | E13: 137420 | F13: CONSTRUCCIÓN DE OBRA BÁSICA EN RUTA PROVINCIAL N° 1, TRAMO: RUTA NACIONAL N° 3 - TOLHUIN, SECCIÓN: PROG. 0,00 - PROG. 6,646. PROVINCIA DE TIERRA DEL FUEGO. | G13: INICIADO | H13: SERVICIOS ECONOMICOS | I13: Transporte | J13: 504.22356 | K13: 0 | L13: 504.22356 | M13: 0 | N13: 0
A14: 50 | B14: Ministerio de Economía | C14: 604 | D14: Dirección Nacional de Vialidad | E14: 138210 | F14: CONSTRUCCIÓN DE OBRA BASICA Y PAVIMENTO DE CONCRETO ASFALTICO EN RUTA NACIONAL Nº 3, TRAMO: EMP AV ALEM- ACCESO A PARQUE NACIONAL TIERRA DEL FUEGO, SECCION: PROG. 3061,27 - PROG. 3066,92. PROVINCIA DE TIERRA DEL FUEGO | G14: A INICIAR | H14: SERVICIOS ECONOMICOS | I14: Transporte | J14: 678.56 | K14: 678.56 | L14: 0 | M14: 0 | N14: 0
A15: 50 | B15: Ministerio de Economía | C15: 604 | D15: Dirección Nacional de Vialidad | E15: 143304 | F15: REPAVIMENTACIÓN RUTA NACIONAL N° 3, TRAMO: EMP.R.N. 24 CJ - USHUAIA (INICIO ZONA URBANA), SECCIÓN: KM.3049,12-KM. 3055,19, TIERRA DEL FUEGO. | G15: INICIADO | H15: SERVICIOS ECONOMICOS | I15: Transporte | J15: 67.856 | K15: 67.856 | L15: 0 | M15: 0 | N15: 0
A16: 50 | B16: Ministerio de Economía | C16: 604 | D16: Dirección Nacional de Vialidad | E16: 145482 | F16: CONSTRUCCION DE NUEVOS PUENTES SOBRE RÍO BELLA VISTA Y RÍO RSMUSSEN EN RUTA NACIONAL COMP B, PROVINCIA DE TIERRA DEL FUEGO | G16: A INICIAR | H16: SERVICIOS ECONOMICOS | I16: Transporte | J16: 100.0876 | K16: 100.0876 | L16: 0 | M16: 0 | N16: 0
A17: 50 | B17: Ministerio de Economía | C17: 604 | D17: Dirección Nacional de Vialidad | E17: 154009 | F17: OBRAS DE MANTENIMIENTO POR ADMINISTRACIÓN EN LOS 24 DISTRITOS DE LA DIRECCIÓN NACIONAL DE VIALIDAD (AÑO 2027) | G17: A INICIAR | H17: SERVICIOS ECONOMICOS | I17: Transporte | J17: 3220.4795 | K17: 3220.4795 | L17: 0 | M17: 0 | N17: 0
A18: 50 | B18: Ministerio de Economía | C18: 604 | D18: Dirección Nacional de Vialidad | E18: 154019 | F18: OBRAS DE MANTENIMIENTO EN DISTRITO TIERRA DEL FUEGO (AÑO 2027) | G18: A INICIAR | H18: SERVICIOS ECONOMICOS | I18: Transporte | J18: 950.07305 | K18: 950.07305 | L18: 0 | M18: 0 | N18: 0
... A34: 88 | B34: Ministerio de Capital Humano | C34: 330 | D34: Secretaría de Educación | E34: 154368 | F34: EQUIPAMIENTOS DE TALLERES EN INSTITUCIONES DE EDUCACION TECNICO PROFESIONAL PARA LAS PRACTICAS FORMATIVAS | G34: A INICIAR | H34: SERVICIOS SOCIALES | I34: Educación y Cultura | J34: 5.76 | K34: 0 | L34: 5.76 | M34: 0 | N34: 0

Sheet Tucumán
A1: PLAN NACIONAL DE INVERSIONES PÚBLICAS 2027 - 2029 - Provincia de Tucumán
A2: montos en millones de pesos
A3: GASTO DE INVERSIÓN DE LA ADMINISTRACIÓN PÚBLICA NACIONAL POR PROYECTO
A4: Jurisdicción | C4: SAF | E4: Proyecto de Inversión (BAPIN) | G4: Estado | H4: Finalidad | I4: Función | J4: Monto 2027 Proyecto de ley
A5: Cód. | B5: Descripción | C5: Cód. | D5: Descripción | E5: Cod. BAPIN | F5: Denominación | J5: $ | K5: IRD | L5: Transf. Capital | M5: Inv. Financiera | N5: Aplic. Financ.
A6: GASTO DE INVERSIÓN DE LA ADMINISTRACIÓN PÚBLICA NACIONAL POR PROYECTO EN LA PROVINCIA DE TUCUMÁN | J6: =+SUM(J7:J44) -> 109171.89 | K6: =+SUM(K7:K44) -> 53574.96 | L6: =+SUM(L7:L44) -> 55596.926 | M6: =+SUM(M7:M44) -> 0 | N6: =+SUM(N7:N44) -> 0
A7: 5 | B7: Poder Judicial de la Nación | C7: 320 | D7: Consejo de la Magistratura | E7: 151427 | F7: CÁMARA FEDERAL TUCUMÁN - CONGRESO N°319 - AMPLIACIÓN DEL EDIFICIO, LIBERA ESPACIOS SUFICIENTES CON DESTINO AL JUZGADO FEDERAL N°3 TUCUMÁN | G7: A INICIAR | H7: ADMINISTRACION GUBERNAMENTAL | I7: Judicial | J7: 532.30791 | K7: 532.30791 | L7: 0 | M7: 0 | N7: 0
A8: 10 | B8: Ministerio Público | C8: 360 | D8: Procuración General de la Nación | E8: 150663 | F8: ADQUISICIÓN DE EQUIPAMIENTO PARA LA CREACIÓN DE NUEVAS SEDES DEL RÉGIMEN ACUSATORIO EN EL TERRITORIO NACIONAL | G8: A INICIAR | H8: ADMINISTRACION GUBERNAMENTAL | I8: Judicial | J8: 90.8544 | K8: 90.8544 | L8: 0 | M8: 0 | N8: 0
A9: 10 | B9: Ministerio Público | C9: 361 | D9: Defensoría General de la Nación | E9: 140491 | F9: REMODELACIÓN Y PUESTA EN FUNCIONAMIENTO DEL NUEVO EDIFICIO EN LA CIUDAD DE TUCUMAN | G9: INICIADO | H9: ADMINISTRACION GUBERNAMENTAL | I9: Judicial | J9: 580.74496 | K9: 580.74496 | L9: 0 | M9: 0 | N9: 0
A10: 25 | B10: Jefatura de Gabinete de Ministros | C10: 107 | D10: Administración de Parques Nacionales | E10: 154714 | F10: ADQUISICIÓN DE EQUIPAMIENTO BÁSICO DE OFICINA PARA TODAS LAS DEPENDENCIAS DE LA ADMINISTRACIÓN DE PARQUES NACIONALES - AÑO 2027 | G10: A INICIAR | H10: SERVICIOS ECONOMICOS | I10: Ecología y Desarrollo Sostenible | J10: 32.920724 | K10: 32.920724 | L10: 0 | M10: 0 | N10: 0
A11: 25 | B11: Jefatura de Gabinete de Ministros | C11: 107 | D11: Administración de Parques Nacionales | E11: 154718 | F11: ADQUISICIÓN DE EQUIPAMIENTO PARA MANTENIMIENTO Y OPERACIÓN DE TODAS LAS ÁREAS PROTEGIDAS DE LA ADMINISTRACIÓN DE PARQUES NACIONALES - NACIONAL - AÑO 2027 | G11: A INICIAR | H11: SERVICIOS ECONOMICOS | I11: Ecología y Desarrollo Sostenible | J11: 61.518395 | K11: 61.518395 | L11: 0 | M11: 0 | N11: 0
A12: 50 | B12: Ministerio de Economía | C12: 357 | D12: Ministerio de Economía | E12: 123966 | F12: AMPLIACIÓN LÍNEA DE ALTA TENSIÓN 132 KV ENTRE EL BRACHO Y VILLA QUINTEROS Y NUEVA ESTACIÓN TRANSFORMADORA LEALES, EN LA PROVINCIA DE TUCUMÁN | G12: INICIADO | H12: SERVICIOS ECONOMICOS | I12: Energía, Combustibles y Minería | J12: 47530 | K12: 0 | L12: 47530 | M12: 0 | N12: 0
A13: 50 | B13: Ministerio de Economía | C13: 377 | D13: Infraestructura Económica y Social | E13: 60902 | F13: CONSTRUCCIÓN DE REDES COLECTORES - ALDERETES - BANDA DEL RÍO SALÍ - PROVINCIA DE TUCUMÁN (PAYS II - BID 3451)- PROYECTO INTEGRAL DE DESAGÜES CLOCALES DE LAS LOCALIDADES DE ALDERETES, BANDA DEL RÍO SALÍ Y SAN ANDRÉS, EN EL GRAN TUCUMÁN | G13: INICIADO | H13: SERVICIOS SOCIALES | I13: Agua Potable y Alcantarillado | J13: 6311.1618 | K13: 6311.1618 | L13: 0 | M13: 0 | N13: 0
A14: 50 | B14: Ministerio de Economía | C14: 377 | D14: Infraestructura Económica y Social | E14: 101630 | F14: CONSTRUCCIÓN DE PLANTA DEPURADORA DE LÍQUIDOS CLOACALES EN LA CIUDAD DE CONCEPCIÓN - PROVINCIA DE TUCUMÁN | G14: INICIADO | H14: SERVICIOS SOCIALES | I14: Agua Potable y Alcantarillado | J14: 2196.0004 | K14: 2196.0004 | L14: 0 | M14: 0 | N14: 0
A15: 50 | B15: Ministerio de Economía | C15: 377 | D15: Infraestructura Económica y Social | E15: 102288 | F15: AMPLIACIÓN PLANTA DEPURADORA - ALDERETES Y BANDA DE RIO SALI -TUCUMÁN (PAYS II -BID 3451) -PROYECTO INTEGRAL DE DESAGÜES CLOACALES DE LAS LOCALIDADES DE ALDERETES, BANDA DEL RÍO SALÍ Y SAN ANDRÉS, EN EL GRAN TUCUMÁN | G15: INICIADO | H15: SERVICIOS SOCIALES | I15: Agua Potable y Alcantarillado | J15: 6927.3201 | K15: 6927.3201 | L15: 0 | M15: 0 | N15: 0
A16: 50 | B16: Ministerio de Economía | C16: 377 | D16: Infraestructura Económica y Social | E16: 122745 | F16: MEJORAS EN LA CAPACIDAD DE TRATAMIENTO Y REFUNCIONALIZACIÓN EN PLANTA SAN FELIPE - SAN MIGUEL DE TUCUMÁN - TUCUMÁN | G16: INICIADO | H16: SERVICIOS SOCIALES | I16: Agua Potable y Alcantarillado | J16: 936.3643 | K16: 0 | L16: 936.3643 | M16: 0 | N16: 0
A17: 50 | B17: Ministerio de Economía | C17: 377 | D17: Infraestructura Económica y Social | E17: 128777 | F17: CONSTRUCCIÓN DEL NUEVO COMPLEJO PENITENCIARIO BENJAMÍN PAZ - PROVINCIA DE TUCUMÁN - PLAN DE INFRAESTRUCTURA PENITENCIARIA | G17: INICIADO | H17: SERVICIOS DE DEFENSA Y SEGURIDAD | I17: Sistema Penal | J17: 200 | K17: 0 | L17: 200 | M17: 0 | N17: 0
A18: 50 | B18: Ministerio de Economía | C18: 377 | D18: Infraestructura Económica y Social | E18: 136375 | F18: CONSTRUCCIÓN DEL SISTEMA DE PROVISIÓN DE AGUA POTABLE (OBRA DE CAPTACIÓN RÍO VIPOS, PLANTA POTABILIZADORA, ACUEDUCTO Y RESERVAS) PARA LA COMUNA TAPIA, CIUDAD DE SAN MIGUEL, TAFÍ VIEJO Y VILLA CARMELA - TUCUMÁN. | G18: A INICIAR | H18: SERVICIOS SOCIALES | I18: Agua Potable y Alcantarillado | J18: 25113.217 | K18: 25113.217 | L18: 0 | M18: 0 | N18: 0
... A44: 88 | B44: Ministerio de Capital Humano | C44: 330 | D44: Secretaría de Educación | E44: 154368 | F44: EQUIPAMIENTOS DE TALLERES EN INSTITUCIONES DE EDUCACION TECNICO PROFESIONAL PARA LAS PRACTICAS FORMATIVAS | G44: A INICIAR | H44: SERVICIOS SOCIALES | I44: Educación y Cultura | J44: 58.8 | K44: 0 | L44: 58.8 | M44: 0 | N44: 0

Sheet Chaco
A1: PLAN NACIONAL DE INVERSIONES PÚBLICAS 2027 - 2029 - Provincia de Chaco
A2: montos en millones de pesos
A3: GASTO DE INVERSIÓN DE LA ADMINISTRACIÓN PÚBLICA NACIONAL POR PROYECTO
A4: Jurisdicción | C4: SAF | E4: Proyecto de Inversión (BAPIN) | G4: Estado | H4: Finalidad | I4: Función | J4: Monto 2027 Proyecto de ley
A5: Cód. | B5: Descripción | C5: Cód. | D5: Descripción | E5: Cod. BAPIN | F5: Denominación | J5: $ | K5: IRD | L5: Transf. Capital | M5: Inv. Financiera | N5: Aplic. Financ.
A6: GASTO DE INVERSIÓN DE LA ADMINISTRACIÓN PÚBLICA NACIONAL POR PROYECTO EN LA PROVINCIA DE CHACO | J6: =+SUM(J7:J37) -> 44178.604 | K6: =+SUM(K7:K37) -> 11612.311 | L6: =+SUM(L7:L37) -> 32566.293 | M6: =+SUM(M7:M37) -> 0 | N6: =+SUM(N7:N37) -> 0
A7: 10 | B7: Ministerio Público | C7: 360 | D7: Procuración General de la Nación | E7: 150663 | F7: ADQUISICIÓN DE EQUIPAMIENTO PARA LA CREACIÓN DE NUEVAS SEDES DEL RÉGIMEN ACUSATORIO EN EL TERRITORIO NACIONAL | G7: A INICIAR | H7: ADMINISTRACION GUBERNAMENTAL | I7: Judicial | J7: 69.5968 | K7: 69.5968 | L7: 0 | M7: 0 | N7: 0
A8: 25 | B8: Jefatura de Gabinete de Ministros | C8: 107 | D8: Administración de Parques Nacionales | E8: 154714 | F8: ADQUISICIÓN DE EQUIPAMIENTO BÁSICO DE OFICINA PARA TODAS LAS DEPENDENCIAS DE LA ADMINISTRACIÓN DE PARQUES NACIONALES - AÑO 2027 | G8: A INICIAR | H8: SERVICIOS ECONOMICOS | I8: Ecología y Desarrollo Sostenible | J8: 40.525729 | K8: 40.525729 | L8: 0 | M8: 0 | N8: 0
A9: 25 | B9: Jefatura de Gabinete de Ministros | C9: 107 | D9: Administración de Parques Nacionales | E9: 154718 | F9: ADQUISICIÓN DE EQUIPAMIENTO PARA MANTENIMIENTO Y OPERACIÓN DE TODAS LAS ÁREAS PROTEGIDAS DE LA ADMINISTRACIÓN DE PARQUES NACIONALES - NACIONAL - AÑO 2027 | G9: A INICIAR | H9: SERVICIOS ECONOMICOS | I9: Ecología y Desarrollo Sostenible | J9: 185.90918 | K9: 185.90918 | L9: 0 | M9: 0 | N9: 0
A10: 50 | B10: Ministerio de Economía | C10: 357 | D10: Ministerio de Economía | E10: 136445 | F10: CONSTRUCCIÓN DE LAS OBRAS QUE INTEGRAN LA AMPLIACIÓN «INSTALACIÓN SEGUNDO TRANSFORMADOR EN LA ET CHACO», EN LA PROVINCIA DE CHACO. | G10: INICIADO | H10: SERVICIOS ECONOMICOS | I10: Energía, Combustibles y Minería | J10: 11819.45 | K10: 0 | L10: 11819.45 | M10: 0 | N10: 0
A11: 50 | B11: Ministerio de Economía | C11: 377 | D11: Infraestructura Económica y Social | E11: 123729 | F11: CONSTRUCCIÓN DE REDES DE AGUA POTABLE - HERMOSO CAMPO - CHACO (PROAS II) | G11: INICIADO | H11: SERVICIOS SOCIALES | I11: Agua Potable y Alcantarillado | J11: 1049.9244 | K11: 1049.9244 | L11: 0 | M11: 0 | N11: 0
A12: 50 | B12: Ministerio de Economía | C12: 377 | D12: Infraestructura Económica y Social | E12: 123732 | F12: CONSTRUCCIÓN DE REDES DE AGUA POTABLE - GRAL. CAPDEVILA - CHACO (PROAS II) | G12: INICIADO | H12: SERVICIOS SOCIALES | I12: Agua Potable y Alcantarillado | J12: 1306.6854 | K12: 1306.6854 | L12: 0 | M12: 0 | N12: 0
A13: 50 | B13: Ministerio de Economía | C13: 377 | D13: Infraestructura Económica y Social | E13: 132711 | F13: CONSTRUCCIÓN DE ESTACIÓN ELEVADORA Nº 118 E IMPULSION DE 630 HASTA COLECTOR OESTE DEL PLAN DIRECTOR DE CLOACA AMGR (SOLUCIÓN A ZONA NORTE DE RCIA) SAMEEP - CHACO | G13: INICIADO | H13: SERVICIOS SOCIALES | I13: Agua Potable y Alcantarillado | J13: 3961.2951 | K13: 0 | L13: 3961.2951 | M13: 0 | N13: 0
A14: 50 | B14: Ministerio de Economía | C14: 604 | D14: Dirección Nacional de Vialidad | E14: 108958 | F14: CREMA MALLA 545 - OBRAS DE RECUPERACIÓN Y MANTENIMIENTO EN RUTA RN 0011 - PROVINCIAS DE CHACO Y FORMOSA | G14: INICIADO | H14: SERVICIOS ECONOMICOS | I14: Transporte | J14: 351.04846 | K14: 351.04846 | L14: 0 | M14: 0 | N14: 0
A15: 50 | B15: Ministerio de Economía | C15: 604 | D15: Dirección Nacional de Vialidad | E15: 109083 | F15: AUTOVÍA RN 11 TRAVESÍA URBANA RESISTENCIA | G15: INICIADO | H15: SERVICIOS ECONOMICOS | I15: Transporte | J15: 7.004129 | K15: 7.004129 | L15: 0 | M15: 0 | N15: 0
A16: 50 | B16: Ministerio de Economía | C16: 604 | D16: Dirección Nacional de Vialidad | E16: 134062 | F16: OBRA DE CONSERVACIÓN MEJORATIVA EN RUTA NACIONAL N° 95, TRAMO: KM. 1130 - EMP. R.P.N°9, SECCIÓN: KM. 1130 - KM.1167, PROVINCIA DEL CHACO. | G16: INICIADO | H16: SERVICIOS ECONOMICOS | I16: Transporte | J16: 666.89027 | K16: 666.89027 | L16: 0 | M16: 0 | N16: 0
A17: 50 | B17: Ministerio de Economía | C17: 604 | D17: Dirección Nacional de Vialidad | E17: 136390 | F17: OBRA BÁSICA, PAVIMENTO FLEXIBLE, CONSTRUCCIÓN DE INTERSECCIONES E ILUMINACIÓN EN RUTA PROVINCIAL N° 6, TRAMO: ACCESO A CIUDAD DE BREÑAS - AV. JONES / PAMPA CARNEVALE - EMP. RUTA PROVINCIAL N° 24, SECCIÓN: CALLE SAN MARTIN - EMP. RUTA PROVINCIAL N° 6 / KM. 53,20 - KM. 95,20. PROVINCIA DEL CHACO | G17: INICIADO | H17: SERVICIOS ECONOMICOS | I17: Transporte | J17: 8125.9633 | K17: 0 | L17: 8125.9633 | M17: 0 | N17: 0
A18: 50 | B18: Ministerio de Economía | C18: 604 | D18: Dirección Nacional de Vialidad | E18: 138895 | F18: CONSTRUCCIÓN DE VARIANTE DE PASO CIUDAD DE RESISTENCIA EN RUTA NACIONAL N° 11. PROVINCIA DEL CHACO | G18: A INICIAR | H18: SERVICIOS ECONOMICOS | I18: Transporte | J18: 565.66639 | K18: 565.66639 | L18: 0 | M18: 0 | N18: 0
... A37: 88 | B37: Ministerio de Capital Humano | C37: 330 | D37: Secretaría de Educación | E37: 154368 | F37: EQUIPAMIENTOS DE TALLERES EN INSTITUCIONES DE EDUCACION TECNICO PROFESIONAL PARA LAS PRACTICAS FORMATIVAS | G37: A INICIAR | H37: SERVICIOS SOCIALES | I37: Educación y Cultura | J37: 60.96 | K37: 0 | L37: 60.96 | M37: 0 | N37: 0

Sheet Chubut
A1: PLAN NACIONAL DE INVERSIONES PÚBLICAS 2027 - 2029 - Provincia de Chubut
A2: montos en millones de pesos
A3: GASTO DE INVERSIÓN DE LA ADMINISTRACIÓN PÚBLICA NACIONAL POR PROYECTO
A4: Jurisdicción | C4: SAF | E4: Proyecto de Inversión (BAPIN) | G4: Estado | H4: Finalidad | I4: Función | J4: Monto 2027 Proyecto de ley
A5: Cód. | B5: Descripción | C5: Cód. | D5: Descripción | E5: Cod. BAPIN | F5: Denominación | J5: $ | K5: IRD | L5: Transf. Capital | M5: Inv. Financiera | N5: Aplic. Financ.
A6: GASTO DE INVERSIÓN DE LA ADMINISTRACIÓN PÚBLICA NACIONAL POR PROYECTO EN LA PROVINCIA DE CHUBUT | J6: =+SUM(J7:J40) -> 31577.719 | K6: =+SUM(K7:K40) -> 31317.325 | L6: =+SUM(L7:L40) -> 260.39459 | M6: =+SUM(M7:M40) -> 0 | N6: =+SUM(N7:N40) -> 0
A7: 25 | B7: Jefatura de Gabinete de Ministros | C7: 107 | D7: Administración de Parques Nacionales | E7: 154714 | F7: ADQUISICIÓN DE EQUIPAMIENTO BÁSICO DE OFICINA PARA TODAS LAS DEPENDENCIAS DE LA ADMINISTRACIÓN DE PARQUES NACIONALES - AÑO 2027 | G7: A INICIAR | H7: SERVICIOS ECONOMICOS | I7: Ecología y Desarrollo Sostenible | J7: 260.86232 | K7: 260.86232 | L7: 0 | M7: 0 | N7: 0
A8: 25 | B8: Jefatura de Gabinete de Ministros | C8: 107 | D8: Administración de Parques Nacionales | E8: 154718 | F8: ADQUISICIÓN DE EQUIPAMIENTO PARA MANTENIMIENTO Y OPERACIÓN DE TODAS LAS ÁREAS PROTEGIDAS DE LA ADMINISTRACIÓN DE PARQUES NACIONALES - NACIONAL - AÑO 2027 | G8: A INICIAR | H8: SERVICIOS ECONOMICOS | I8: Ecología y Desarrollo Sostenible | J8: 129.69323 | K8: 129.69323 | L8: 0 | M8: 0 | N8: 0
A9: 41 | B9: Ministerio de Seguridad Nacional | C9: 201 | D9: Dirección Nacional de Migraciones | E9: 153948 | F9: MODULO HABITACIONAL PARA EL PASO FRONTERIZO FUTALEUFÚ EN LA PROVINCIA DE CHUBUT. | G9: A INICIAR | H9: ADMINISTRACION GUBERNAMENTAL | I9: Relaciones Interiores | J9: 161.142 | K9: 161.142 | L9: 0 | M9: 0 | N9: 0
A10: 50 | B10: Ministerio de Economía | C10: 105 | D10: Comisión Nacional de Energía Atómica | E10: 137534 | F10: EXPLORACIÓN INTEGRAL Y EVALUACIÓN DE RECURSOS URANÍFEROS EN LA CUENCA CAÑADÓN ASFALTO (CHUBUT) Y EL MACIZO DEL DESEADO Y SUS ÁREAS DE INFLUENCIA (SANTA CRUZ) | G10: INICIADO | H10: SERVICIOS SOCIALES | I10: Ciencia, Tecnología e Innovación | J10: 295 | K10: 295 | L10: 0 | M10: 0 | N10: 0
A11: 50 | B11: Ministerio de Economía | C11: 377 | D11: Infraestructura Económica y Social | E11: 102104 | F11: REHABILITACIÓN Y AMPLIACIÓN DE LA PLANTA DE TRATAMIENTO DE LÍQUIDOS CLOACALES PARA LA LOCALIDAD DE RADA TILLY - CHUBUT (PROAS II) | G11: INICIADO | H11: SERVICIOS SOCIALES | I11: Agua Potable y Alcantarillado | J11: 7071.4817 | K11: 7071.4817 | L11: 0 | M11: 0 | N11: 0
A12: 50 | B12: Ministerio de Economía | C12: 604 | D12: Dirección Nacional de Vialidad | E12: 37381 | F12: CONSTRUCCIÓN. RNNº 260; TRAMO: EMP. RPNº 51 - LÍMITE CON CHILE; SECC I : PROG. 0,00 - PROG. 23,21. PROVINCIA DE CHUBUT. | G12: INICIADO | H12: SERVICIOS ECONOMICOS | I12: Transporte | J12: 481.48264 | K12: 481.48264 | L12: 0 | M12: 0 | N12: 0
A13: 50 | B13: Ministerio de Economía | C13: 604 | D13: Dirección Nacional de Vialidad | E13: 108943 | F13: MALLA CREMA 632 – RN 40 - T-01: EA. LA PAULINA - EMP. R.N.Nº 259 Y RN 259: T-01: EMP.R.N.Nº40 - EMPALME R.P.N° 17 - PROVINCIA DE CHUBUT | G13: A INICIAR | H13: SERVICIOS ECONOMICOS | I13: Transporte | J13: 258.76091 | K13: 258.76091 | L13: 0 | M13: 0 | N13: 0
A14: 50 | B14: Ministerio de Economía | C14: 604 | D14: Dirección Nacional de Vialidad | E14: 109019 | F14: CREMA MALLA 630 - OBRAS DE RECUPERACIÓN Y MANTENIMIENTO EN RUTA RN 0025 - PROVINCIA DE CHUBUT | G14: INICIADO | H14: SERVICIOS ECONOMICOS | I14: Transporte | J14: 3694.4241 | K14: 3694.4241 | L14: 0 | M14: 0 | N14: 0
A15: 50 | B15: Ministerio de Economía | C15: 604 | D15: Dirección Nacional de Vialidad | E15: 121419 | F15: CONSERVACIÓN MEJORATIVA: RUTA NACIONAL N° 25; TRAMO: LAS PLUMAS - PASO DE INDIOS; SECC: KM. 234,12 - KM. 313,52 ; PROVINCIA DE CHUBUT. | G15: INICIADO | H15: SERVICIOS ECONOMICOS | I15: Transporte | J15: 75.163935 | K15: 75.163935 | L15: 0 | M15: 0 | N15: 0
A16: 50 | B16: Ministerio de Economía | C16: 604 | D16: Dirección Nacional de Vialidad | E16: 121430 | F16: CONSERVACION MEJORATIVA: RUTA NACIONAL Nº 3; TRAMO: EMPALME RUTA PROVINCIAL N° 27 - LÍMITE CHUBUT/SANTA CRUZ; SECCIÓN: KM. 1.822,20 – KM 1.842,77; PROVINCIA: CHUBUT | G16: INICIADO | H16: SERVICIOS ECONOMICOS | I16: Transporte | J16: 219.16773 | K16: 219.16773 | L16: 0 | M16: 0 | N16: 0
A17: 50 | B17: Ministerio de Economía | C17: 604 | D17: Dirección Nacional de Vialidad | E17: 121462 | F17: CONSTRUCCIÓN Y REPAVIMENTACIÓN DE LA DUPLICACIÓN DE CALZADA, RUTA NAC.N° 3 - AUTOVÍA RADA TILLY - CALETA OLIVIA, TRAMO II: KM 1867,00 - KM 1908,60, PROVINCIA DE SANTA CRUZ. | G17: INICIADO | H17: SERVICIOS ECONOMICOS | I17: Transporte | J17: 8755.1611 | K17: 8755.1611 | L17: 0 | M17: 0 | N17: 0
A18: 50 | B18: Ministerio de Economía | C18: 604 | D18: Dirección Nacional de Vialidad | E18: 121782 | F18: CONSTRUCCIÓN Y REPAVIMENTACIÓN DE LA DUPLICACIÓN DE CALZADA, RN 3 - AUTOVÍA RADA TILLY - CALETA OLIVIA, TRAMO I: KM 1.843,30 - KM 1.867,00; PCIAS. DEL CHUBUT Y SANTA CRUZ | G18: INICIADO | H18: SERVICIOS ECONOMICOS | I18: Transporte | J18: 399.61062 | K18: 399.61062 | L18: 0 | M18: 0 | N18: 0
... A40: 88 | B40: Ministerio de Capital Humano | C40: 330 | D40: Secretaría de Educación | E40: 154368 | F40: EQUIPAMIENTOS DE TALLERES EN INSTITUCIONES DE EDUCACION TECNICO PROFESIONAL PARA LAS PRACTICAS FORMATIVAS | G40: A INICIAR | H40: SERVICIOS SOCIALES | I40: Educación y Cultura | J40: 11.4 | K40: 0 | L40: 11.4 | M40: 0 | N40: 0

Sheet Neuquén
A1: PLAN NACIONAL DE INVERSIONES PÚBLICAS 2027 - 2029 - Provincia de Neuquén
A2: montos en millones de pesos
A3: GASTO DE INVERSIÓN DE LA ADMINISTRACIÓN PÚBLICA NACIONAL POR PROYECTO
A4: Jurisdicción | C4: SAF | E4: Proyecto de Inversión (BAPIN) | G4: Estado | H4: Finalidad | I4: Función | J4: Monto 2027 Proyecto de ley
A5: Cód. | B5: Descripción | C5: Cód. | D5: Descripción | E5: Cod. BAPIN | F5: Denominación | J5: $ | K5: IRD | L5: Transf. Capital | M5: Inv. Financiera | N5: Aplic. Financ.
A6: GASTO DE INVERSIÓN DE LA ADMINISTRACIÓN PÚBLICA NACIONAL POR PROYECTO EN LA PROVINCIA DE NEUQUÉN | J6: =+SUM(J7:J39) -> 16236.965 | K6: =+SUM(K7:K39) -> 15743.403 | L6: =+SUM(L7:L39) -> 493.56209 | M6: =+SUM(M7:M39) -> 0 | N6: =+SUM(N7:N39) -> 0
A7: 10 | B7: Ministerio Público | C7: 360 | D7: Procuración General de la Nación | E7: 150663 | F7: ADQUISICIÓN DE EQUIPAMIENTO PARA LA CREACIÓN DE NUEVAS SEDES DEL RÉGIMEN ACUSATORIO EN EL TERRITORIO NACIONAL | G7: A INICIAR | H7: ADMINISTRACION GUBERNAMENTAL | I7: Judicial | J7: 85.631 | K7: 85.631 | L7: 0 | M7: 0 | N7: 0
A8: 10 | B8: Ministerio Público | C8: 361 | D8: Defensoría General de la Nación | E8: 152225 | F8: REMODELACIÓN Y AMPLIACIÓN DEL EDIFICIO SEDE DE LA CIUDAD DE NEUQUÉN, PROVINCIA DE NEUQUÉN | G8: A INICIAR | H8: ADMINISTRACION GUBERNAMENTAL | I8: Judicial | J8: 581.875 | K8: 581.875 | L8: 0 | M8: 0 | N8: 0
A9: 25 | B9: Jefatura de Gabinete de Ministros | C9: 107 | D9: Administración de Parques Nacionales | E9: 154714 | F9: ADQUISICIÓN DE EQUIPAMIENTO BÁSICO DE OFICINA PARA TODAS LAS DEPENDENCIAS DE LA ADMINISTRACIÓN DE PARQUES NACIONALES - AÑO 2027 | G9: A INICIAR | H9: SERVICIOS ECONOMICOS | I9: Ecología y Desarrollo Sostenible | J9: 12.998336 | K9: 12.998336 | L9: 0 | M9: 0 | N9: 0
A10: 25 | B10: Jefatura de Gabinete de Ministros | C10: 107 | D10: Administración de Parques Nacionales | E10: 154718 | F10: ADQUISICIÓN DE EQUIPAMIENTO PARA MANTENIMIENTO Y OPERACIÓN DE TODAS LAS ÁREAS PROTEGIDAS DE LA ADMINISTRACIÓN DE PARQUES NACIONALES - NACIONAL - AÑO 2027 | G10: A INICIAR | H10: SERVICIOS ECONOMICOS | I10: Ecología y Desarrollo Sostenible | J10: 45.058545 | K10: 45.058545 | L10: 0 | M10: 0 | N10: 0
A11: 41 | B11: Ministerio de Seguridad Nacional | C11: 201 | D11: Dirección Nacional de Migraciones | E11: 153950 | F11: CONSTRUCCIÓN DE VIVIENDA PARA EL PASO FRONTERIZO MAMUIL MALAL EN LA PROVINCIA DE NEUQUÉN. | G11: A INICIAR | H11: ADMINISTRACION GUBERNAMENTAL | I11: Relaciones Interiores | J11: 235 | K11: 235 | L11: 0 | M11: 0 | N11: 0
A12: 41 | B12: Ministerio de Seguridad Nacional | C12: 375 | D12: Gendarmería Nacional Argentina (GNA) | E12: 148350 | F12: ADQUISICIÓN DE MÓDULO HABILITACIONAL TRANSPORTABLE PARA EDIFICIO PASO INTERNACIONAL ICALMA | G12: A INICIAR | H12: SERVICIOS DE DEFENSA Y SEGURIDAD | I12: Seguridad Interior | J12: 528.14119 | K12: 528.14119 | L12: 0 | M12: 0 | N12: 0
A13: 50 | B13: Ministerio de Economía | C13: 377 | D13: Infraestructura Económica y Social | E13: 123417 | F13: CONSTRUCCIÓN DE SISTEMA DE AGUA POTABLE PARA LA LOCALIDAD DE JUNÍN DE LOS ANDES, NEUQUÉN (PROAS II) | G13: INICIADO | H13: SERVICIOS SOCIALES | I13: Agua Potable y Alcantarillado | J13: 2967.6392 | K13: 2967.6392 | L13: 0 | M13: 0 | N13: 0
A14: 50 | B14: Ministerio de Economía | C14: 604 | D14: Dirección Nacional de Vialidad | E14: 109060 | F14: CONSTRUCCIÓN DE AUTOPISTA RUTA NACIONAL N° 22 NEUQUÉN - ARROYITO, PROVINCIA DE NEUQUÉN. | G14: INICIADO | H14: SERVICIOS ECONOMICOS | I14: Transporte | J14: 561.98946 | K14: 561.98946 | L14: 0 | M14: 0 | N14: 0
A15: 50 | B15: Ministerio de Economía | C15: 604 | D15: Dirección Nacional de Vialidad | E15: 109129 | F15: RUTA SEGURA RN 40 CIRCUNVALACIÓN A VILLA LA ANGOSTURA | G15: INICIADO | H15: SERVICIOS ECONOMICOS | I15: Transporte | J15: 3724.9155 | K15: 3724.9155 | L15: 0 | M15: 0 | N15: 0
A16: 50 | B16: Ministerio de Economía | C16: 604 | D16: Dirección Nacional de Vialidad | E16: 109312 | F16: CONSTRUCCIÓN PUENTE DE LA RINCONADA SOBRE RÍO COLLÓN CURÁ. PROVINCIA DE NEUQUÉN | G16: INICIADO | H16: SERVICIOS ECONOMICOS | I16: Transporte | J16: 18.667377 | K16: 18.667377 | L16: 0 | M16: 0 | N16: 0
A17: 50 | B17: Ministerio de Economía | C17: 604 | D17: Dirección Nacional de Vialidad | E17: 121375 | F17: CONSERVAC. MEJORATIVA: RUTA: 237; TRAMO: PIEDRA DEL AGUILA - EMP. RN 1S40 (ALICURA); SECC: KM 1498,20 (EA. CORRAL DE PIEDRA) - KM 1519,60 ; PROV: NEUQUEN | G17: INICIADO | H17: SERVICIOS ECONOMICOS | I17: Transporte | J17: 1.6964 | K17: 1.6964 | L17: 0 | M17: 0 | N17: 0
A18: 50 | B18: Ministerio de Economía | C18: 604 | D18: Dirección Nacional de Vialidad | E18: 121426 | F18: SISTEMA MODULAR DE MANTENIMIENTO: RUTA: 242; TRAMO: LAS LAJAS - LTE. CHILE PO. P. HACHADO; SECC: KM. 0,00 (EMP. RN 40) - KM. 58,84 (PO. PINO HACHADO) ; PROV: NEUQUEN | G18: INICIADO | H18: SERVICIOS ECONOMICOS | I18: Transporte | J18: 805.08664 | K18: 805.08664 | L18: 0 | M18: 0 | N18: 0
... A39: 88 | B39: Ministerio de Capital Humano | C39: 330 | D39: Secretaría de Educación | E39: 154368 | F39: EQUIPAMIENTOS DE TALLERES EN INSTITUCIONES DE EDUCACION TECNICO PROFESIONAL PARA LAS PRACTICAS FORMATIVAS | G39: A INICIAR | H39: SERVICIOS SOCIALES | I39: Educación y Cultura | J39: 14.04 | K39: 0 | L39: 14.04 | M39: 0 | N39: 0

Sheet Nacional
A1: PLAN NACIONAL DE INVERSIONES PÚBLICAS 2027 - 2029 - Nacional
A2: montos en millones de pesos
A3: GASTO DE INVERSIÓN DE LA ADMINISTRACIÓN PÚBLICA NACIONAL POR PROYECTO
A4: Jurisdicción | C4: SAF | E4: Proyecto de Inversión (BAPIN) | G4: Estado | H4: Finalidad | I4: Función | J4: Monto 2027 Proyecto de ley
A5: Cód. | B5: Descripción | C5: Cód. | D5: Descripción | E5: Cod. BAPIN | F5: Denominación | J5: $ | K5: IRD | L5: Transf. Capital | M5: Inv. Financiera | N5: Aplic. Financ.
A6: GASTO DE INVERSIÓN DE LA ADMINISTRACIÓN PÚBLICA NACIONAL POR PROYECTOS NACIONALES | J6: =+SUM(J7:J80) -> 1060035 | K6: =+SUM(K7:K80) -> 195952.78 | L6: =+SUM(L7:L80) -> 859566.35 | M6: =+SUM(M7:M80) -> 4515.835 | N6: =+SUM(N7:N80) -> 0
A7: 5 | B7: Poder Judicial de la Nación | C7: 320 | D7: Consejo de la Magistratura | E7: 154628 | F7: MOBILIARIO, MAQUINARIA, Y EQUIPAMIENTO BÁSICO DE OFICINA - 2027 | G7: A INICIAR | H7: ADMINISTRACION GUBERNAMENTAL | I7: Judicial | J7: 39356.254 | K7: 39356.254 | L7: 0 | M7: 0 | N7: 0
A8: 20 | B8: Presidencia de la Nación | C8: 802 | D8: Fondo Nacional de las Artes | E8: 154668 | F8: OTORGAMIENTO DE PRESTAMOS A LOS ARTISTAS DEL TERRITORIO NACIONAL 2027 | G8: A INICIAR | H8: SERVICIOS SOCIALES | I8: Educación y Cultura | J8: 1805 | K8: 0 | L8: 0 | M8: 1805 | N8: 0
A9: 20 | B9: Presidencia de la Nación | C9: 802 | D9: Fondo Nacional de las Artes | E9: 154671 | F9: OTORGAMIENTO DE SUBSIDIOS A ENTIDADES CULTURALES 2027 | G9: A INICIAR | H9: SERVICIOS SOCIALES | I9: Educación y Cultura | J9: 10 | K9: 0 | L9: 10 | M9: 0 | N9: 0
A10: 25 | B10: Jefatura de Gabinete de Ministros | C10: 103 | D10: Consejo Nacional de Investigaciones Científicas y Técnicas | E10: 154489 | F10: OBRAS MENORES EN LOS DISTINTOS CENTROS E INSTITUTOS DE INVESTIGACIÓN AÑO 2027 | G10: A INICIAR | H10: SERVICIOS SOCIALES | I10: Ciencia, Tecnología e Innovación | J10: 216 | K10: 0 | L10: 216 | M10: 0 | N10: 0
A11: 25 | B11: Jefatura de Gabinete de Ministros | C11: 103 | D11: Consejo Nacional de Investigaciones Científicas y Técnicas | E11: 154506 | F11: ADQUISICIÓN DE EQUIPAMIENTO PARA UNIDADES EJECUTORAS AÑO 2027 | G11: A INICIAR | H11: SERVICIOS SOCIALES | I11: Ciencia, Tecnología e Innovación | J11: 86 | K11: 0 | L11: 86 | M11: 0 | N11: 0
A12: 25 | B12: Jefatura de Gabinete de Ministros | C12: 106 | D12: Comisión Nacional de Actividades Espaciales | E12: 44570 | F12: SATÉLITE ARGENTINO BRASILEÑO DE INFORMACIÓN AMBIENTAL CON OBJETIVO PRINCIPAL EN EL MAR (SABIA – MAR) | G12: INICIADO | H12: SERVICIOS SOCIALES | I12: Ciencia, Tecnología e Innovación | J12: 67344.8 | K12: 67344.8 | L12: 0 | M12: 0 | N12: 0
A13: 25 | B13: Jefatura de Gabinete de Ministros | C13: 106 | D13: Comisión Nacional de Actividades Espaciales | E13: 44575 | F13: DISEÑO, CONSTRUCCIÓN, LANZAMIENTO Y OPERACIÓN DE DOS SATÉLITES DE ÓRBITA POLAR - MISIÓN SAOCOM 2 A/B | G13: INICIADO | H13: SERVICIOS SOCIALES | I13: Ciencia, Tecnología e Innovación | J13: 801 | K13: 801 | L13: 0 | M13: 0 | N13: 0
A14: 25 | B14: Jefatura de Gabinete de Ministros | C14: 106 | D14: Comisión Nacional de Actividades Espaciales | E14: 53821 | F14: DISEÑO, FABRICACIÓN, INTEGRACIÓN Y ENSAYO DE 4 SATÉLITES (SARE II A). | G14: INICIADO | H14: SERVICIOS SOCIALES | I14: Ciencia, Tecnología e Innovación | J14: 25801 | K14: 25801 | L14: 0 | M14: 0 | N14: 0
A15: 25 | B15: Jefatura de Gabinete de Ministros | C15: 106 | D15: Comisión Nacional de Actividades Espaciales | E15: 63980 | F15: CONSTRUCCIÓN, INTEGRACIÓN, ENSAYO, PROVISIÓN Y LANZAMIENTO DE 4 VEHÍCULOS LANZADORES (TRONADOR II A). | G15: INICIADO | H15: SERVICIOS SOCIALES | I15: Ciencia, Tecnología e Innovación | J15: 10901 | K15: 10901 | L15: 0 | M15: 0 | N15: 0
A16: 25 | B16: Jefatura de Gabinete de Ministros | C16: 173 | D16: Agencia Nacional de Promoción de la Investigación, el Desarrollo Tecnológico y la Innovación | E16: 154618 | F16: OTORGAMIENTO DE CRÉDITOS PARA MEJORA DE LA COMPETITIVIDAD DEL SECTOR PRODUCTIVO, BASADO EN EL CONOCIMIENTO CIENTÍFICO Y/O TECNOLÓGICO, A TRAVÉS DEL FONDO TECNOLÓGICO ARGENTINO (FONTAR) - TOTAL PAÍS - AGRUPADO - 2027 | G16: A INICIAR | H16: SERVICIOS SOCIALES | I16: Ciencia, Tecnología e Innovación | J16: 2053 | K16: 0 | L16: 0 | M16: 2053 | N16: 0
A17: 41 | B17: Ministerio de Seguridad Nacional | C17: 201 | D17: Dirección Nacional de Migraciones | E17: 153956 | F17: ADQUISICIÓN DE SISTEMAS UPS PARA PASOS FRONTERIZOS 2027 | G17: A INICIAR | H17: ADMINISTRACION GUBERNAMENTAL | I17: Relaciones Interiores | J17: 675 | K17: 675 | L17: 0 | M17: 0 | N17: 0
A18: 41 | B18: Ministerio de Seguridad Nacional | C18: 201 | D18: Dirección Nacional de Migraciones | E18: 153957 | F18: ADQUISICIÓN DE TERMINALES DE AUTOGESTIÓN PARA DELEGACIONES Y CENTROS DE ATENCIÓN MIGRATORIA 2027 | G18: A INICIAR | H18: ADMINISTRACION GUBERNAMENTAL | I18: Relaciones Interiores | J18: 115.4475 | K18: 115.4475 | L18: 0 | M18: 0 | N18: 0
... A80: 91 | B80: Obligaciones a Cargo del Tesoro | C80: 356 | D80: Obligaciones a Cargo del Tesoro | E80: 155135 | F80: TRANSFERENCIA A PRÉSTAMO AFD 1010 OBRA RENOVACIÓN Y PROVISIÓN DE RED DE CABLES TRONCALES, DERIVACIONES Y REEMPLAZO DE RELÉS DE SEÑALES EN EL SECTOR CIUDADELA-HAEDO | G80: A INICIAR | H80: SERVICIOS ECONOMICOS | I80: Transporte | J80: 1445.3695 | K80: 0 | L80: 1445.3695 | M80: 0 | N80: 0

Sheet Binacional
A1: PLAN NACIONAL DE INVERSIONES PÚBLICAS 2027 - 2029 - Binacional
A2: montos en millones de pesos
A3: GASTO DE INVERSIÓN DE LA ADMINISTRACIÓN PÚBLICA NACIONAL POR PROYECTO
A4: Jurisdicción | C4: SAF | E4: Proyecto de Inversión (BAPIN) | G4: Estado | H4: Finalidad | I4: Función | J4: Monto 2027 Proyecto de ley
A5: Cód. | B5: Descripción | C5: Cód. | D5: Descripción | E5: Cod. BAPIN | F5: Denominación | J5: $ | K5: IRD | L5: Transf. Capital | M5: Inv. Financiera | N5: Aplic. Financ.
A6: GASTO DE INVERSIÓN DE LA ADMINISTRACIÓN PÚBLICA NACIONAL POR PROYECTOS BINACIONALES | J6: =+SUM(J7:J10) -> 50882.584 | K6: =+SUM(K7:K10) -> 0 | L6: =+SUM(L7:L10) -> 50882.584 | M6: =+SUM(M7:M10) -> 0 | N6: =+SUM(N7:N10) -> 0
A7: 25 | B7: Jefatura de Gabinete de Ministros | C7: 305 | D7: Vicejefatura de Gabinete | E7: 127936 | F7: TRANSFERENCIA A ARSAT PARA EL DESARROLLO E IMPLEMENTACIÓN DEL SISTEMA SATELITAL GEOESTACIONARIO DE TELECOMUNICACIONES SEGUNDA GENERACIÓN | G7: INICIADO | H7: SERVICIOS ECONOMICOS | I7: Comunicaciones | J7: 8682.6365 | K7: 0 | L7: 8682.6365 | M7: 0 | N7: 0
A8: 25 | B8: Jefatura de Gabinete de Ministros | C8: 305 | D8: Vicejefatura de Gabinete | E8: 154588 | F8: TRANSFERENCIAS A ARSAT PARA GASTOS DE CAPITAL - 2027 | G8: A INICIAR | H8: SERVICIOS ECONOMICOS | I8: Comunicaciones | J8: 6944.4724 | K8: 0 | L8: 6944.4724 | M8: 0 | N8: 0
A9: 25 | B9: Jefatura de Gabinete de Ministros | C9: 305 | D9: Vicejefatura de Gabinete | E9: 154803 | F9: TRANSFERENCIAS A ARSAT PARA GASTOS DE CAPITAL - AÑO 2027 | G9: A INICIAR | H9: SERVICIOS ECONOMICOS | I9: Comunicaciones | J9: 14044 | K9: 0 | L9: 14044 | M9: 0 | N9: 0
A10: 50 | B10: Ministerio de Economía | C10: 357 | D10: Ministerio de Economía | E10: 145345 | F10: TRANSFERENCIA RENOVACIÓN DEL COMPLEJO HIDROELÉCTRICO BINACIONAL DE SALTO GRANDE – FASE II- A, EN LA PROVINCIA DE ENTRE RÍOS | G10: A INICIAR | H10: SERVICIOS ECONOMICOS | I10: Energía, Combustibles y Minería | J10: 21211.475 | K10: 0 | L10: 21211.475 | M10: 0 | N10: 0

Sheet Interprovincial
A1: PLAN NACIONAL DE INVERSIONES PÚBLICAS 2027 - 2029 - Interprovincial
A2: montos en millones de pesos
A3: GASTO DE INVERSIÓN DE LA ADMINISTRACIÓN PÚBLICA NACIONAL POR PROYECTO
A4: Jurisdicción | C4: SAF | E4: Proyecto de Inversión (BAPIN) | G4: Estado | H4: Finalidad | I4: Función | J4: Monto 2027 Proyecto de ley
A5: Cód. | B5: Descripción | C5: Cód. | D5: Descripción | E5: Cod. BAPIN | F5: Denominación | J5: $ | K5: IRD | L5: Transf. Capital | M5: Inv. Financiera | N5: Aplic. Financ.
A6: GASTO DE INVERSIÓN DE LA ADMINISTRACIÓN PÚBLICA NACIONAL POR PROYECTOS INTERPROVINCIALES | J6: =+SUM(J7:J36) -> 575680.14 | K6: =+SUM(K7:K36) -> 203611.14 | L6: =+SUM(L7:L36) -> 372069 | M6: =+SUM(M7:M36) -> 0 | N6: =+SUM(N7:N36) -> 0
A7: 41 | B7: Ministerio de Seguridad Nacional | C7: 201 | D7: Dirección Nacional de Migraciones | E7: 153951 | F7: ADQUISICIÓN DE SISTEMAS DE ALIMENTACIÓN SOLAR PARA PASOS FRONTERIZOS. | G7: A INICIAR | H7: ADMINISTRACION GUBERNAMENTAL | I7: Relaciones Interiores | J7: 450 | K7: 450 | L7: 0 | M7: 0 | N7: 0
A8: 41 | B8: Ministerio de Seguridad Nacional | C8: 201 | D8: Dirección Nacional de Migraciones | E8: 153953 | F8: ADQUISICIÓN DE GENERADORES ELÉCTRICOS PARA PASOS FRONTERIZOS | G8: A INICIAR | H8: ADMINISTRACION GUBERNAMENTAL | I8: Relaciones Interiores | J8: 525 | K8: 525 | L8: 0 | M8: 0 | N8: 0
A9: 41 | B9: Ministerio de Seguridad Nacional | C9: 201 | D9: Dirección Nacional de Migraciones | E9: 153961 | F9: ADQUISICIÓN DE CÁMARAS DE SEGURIDAD Y MONITOREO | G9: A INICIAR | H9: ADMINISTRACION GUBERNAMENTAL | I9: Relaciones Interiores | J9: 16.2 | K9: 16.2 | L9: 0 | M9: 0 | N9: 0
A10: 41 | B10: Ministerio de Seguridad Nacional | C10: 201 | D10: Dirección Nacional de Migraciones | E10: 153964 | F10: ADQUISICIÓN DE VEHÍCULOS PARA LA DNM 2027 | G10: A INICIAR | H10: ADMINISTRACION GUBERNAMENTAL | I10: Relaciones Interiores | J10: 2429.36 | K10: 2429.36 | L10: 0 | M10: 0 | N10: 0
A11: 41 | B11: Ministerio de Seguridad Nacional | C11: 201 | D11: Dirección Nacional de Migraciones | E11: 153966 | F11: EQUIPAMIENTO BÁSICO DE OFICINA 2027 | G11: A INICIAR | H11: ADMINISTRACION GUBERNAMENTAL | I11: Relaciones Interiores | J11: 1544.298 | K11: 1544.298 | L11: 0 | M11: 0 | N11: 0
A12: 41 | B12: Ministerio de Seguridad Nacional | C12: 201 | D12: Dirección Nacional de Migraciones | E12: 153967 | F12: ADQUISICIÓN E IMPLEMENTACIÓN DE RACKS AUTOCONTENIDOS MODULARES PARA SITIOS (PASOS FRONTERIZOS) 2027 | G12: A INICIAR | H12: ADMINISTRACION GUBERNAMENTAL | I12: Relaciones Interiores | J12: 3000 | K12: 3000 | L12: 0 | M12: 0 | N12: 0
A13: 41 | B13: Ministerio de Seguridad Nacional | C13: 201 | D13: Dirección Nacional de Migraciones | E13: 153968 | F13: ADQUISICIÓN DE ELECTRODOMÉSTICOS | G13: A INICIAR | H13: ADMINISTRACION GUBERNAMENTAL | I13: Relaciones Interiores | J13: 71.7525 | K13: 71.7525 | L13: 0 | M13: 0 | N13: 0
A14: 41 | B14: Ministerio de Seguridad Nacional | C14: 201 | D14: Dirección Nacional de Migraciones | E14: 154282 | F14: ADQUISICIÓN DE LICENCIA PARA SERVICIO DE PROTECCIÓN CONTRA AMENAZAS EN REDES INSTITUCIONALES 2027 | G14: A INICIAR | H14: ADMINISTRACION GUBERNAMENTAL | I14: Relaciones Interiores | J14: 1038 | K14: 1038 | L14: 0 | M14: 0 | N14: 0
A15: 41 | B15: Ministerio de Seguridad Nacional | C15: 201 | D15: Dirección Nacional de Migraciones | E15: 155029 | F15: IMPLEMENTACIÓN DE UN SISTEMA AUTOMATIZADO DE CONTROL MIGRATORIO CON DISPOSITIVOS MÓVILES Y FIJOS (BCIE) | G15: A INICIAR | H15: ADMINISTRACION GUBERNAMENTAL | I15: Relaciones Interiores | J15: 2100 | K15: 2100 | L15: 0 | M15: 0 | N15: 0
A16: 45 | B16: Ministerio de Defensa | C16: 379 | D16: Estado Mayor General de la Armada Argentina (EMGA) | E16: 153639 | F16: ADQUISICIÓN DE EQUIPAMIENTO TECNOLÓGICO, MOBILIARIO Y SISTEMAS DE CLIMATIZACIÓN PARA ESTABLECIMIENTOS EDUCATIVOS DE LA ARMADA ARGENTINA, PROVINCIAS DE BUENOS AIRES, MISIONES Y CABA. | G16: A INICIAR | H16: SERVICIOS SOCIALES | I16: Educación y Cultura | J16: 395.64274 | K16: 395.64274 | L16: 0 | M16: 0 | N16: 0
A17: 45 | B17: Ministerio de Defensa | C17: 381 | D17: Estado Mayor General de la Fuerza Aérea Argentina (EMGFA) | E17: 107753 | F17: CONSTRUCCIÓN DE INFRAESTRUCTURA BÁSICA CORRESPONDIENTE A LOS SITIOS DE RADAR DE LOS RP3DLA PARA LA AMPLIACIÓN DE LA SUBCAPACIDAD DE VIGILANCIA Y CONTROL AEROESPACIAL DE LA REPUBLICA ARGENTINA. | G17: INICIADO | H17: SERVICIOS DE DEFENSA Y SEGURIDAD | I17: Defensa | J17: 761.77165 | K17: 761.77165 | L17: 0 | M17: 0 | N17: 0
A18: 45 | B18: Ministerio de Defensa | C18: 381 | D18: Estado Mayor General de la Fuerza Aérea Argentina (EMGFA) | E18: 122174 | F18: RECUPERACIÓN DE 18 HELICÓPTEROS DE CORTO Y MEDIANO ALCANCE EN EL ÁREA MATERIAL QUILMES, QUILMES - PROVINCIA DE BUENOS AIRES; GRUPO TÉCNICO 4, EL PLUMERILLO – PROVINCIA DE MENDOZA Y GRUPO TÉCNICO 7, MORENO – PROVINCIA DE BUENOS AIRES | G18: INICIADO | H18: SERVICIOS DE DEFENSA Y SEGURIDAD | I18: Defensa | J18: 2472.8168 | K18: 2472.8168 | L18: 0 | M18: 0 | N18: 0
... A36: 91 | B36: Obligaciones a Cargo del Tesoro | C36: 356 | D36: Obligaciones a Cargo del Tesoro | E36: 149488 | F36: TRASNFERENCIAS A SOFSE 2027 | G36: A INICIAR | H36: SERVICIOS ECONOMICOS | I36: Transporte | J36: 200000 | K36: 0 | L36: 200000 | M36: 0 | N36: 0

Sheet No clasificado
A1: PLAN NACIONAL DE INVERSIONES PÚBLICAS 2027 - 2029 - No clasificado
A2: montos en millones de pesos
A3: GASTO DE INVERSIÓN DE LA ADMINISTRACIÓN PÚBLICA NACIONAL POR PROYECTO
A4: Jurisdicción | C4: SAF | E4: Proyecto de Inversión (BAPIN) | G4: Estado | H4: Finalidad | I4: Función | J4: Monto 2027 Proyecto de ley
A5: Cód. | B5: Descripción | C5: Cód. | D5: Descripción | E5: Cod. BAPIN | F5: Denominación | J5: $ | K5: IRD | L5: Transf. Capital | M5: Inv. Financiera | N5: Aplic. Financ.
A6: GASTO DE INVERSIÓN DE LA ADMINISTRACIÓN PÚBLICA NACIONAL POR PROYECTOS NO CLASIFICADOS SEGÚN UG | J6: =SUM(J7:J56) -> 1141898.8 | K6: =SUM(K7:K56) -> 0 | L6: =SUM(L7:L56) -> 0 | M6: =SUM(M7:M56) -> 0 | N6: =SUM(N7:N56) -> 1141898.8
A7: 41 | B7: Ministerio de Seguridad Nacional | C7: 343 | D7: Ministerio de Seguridad Nacional | E7: 136386 | F7: RECUPERACIÓN Y PUESTA EN VALOR DE 6 (SEIS) HELICÓPTEROS MODELO H125 DE LA GENDARMERÍA NACIONAL | G7: A INICIAR | H7: OTROS | I7: OTROS | J7: 14000 | K7: 0 | L7: 0 | M7: 0 | N7: 14000
A8: 41 | B8: Ministerio de Seguridad Nacional | C8: 380 | D8: Prefectura Naval Argentina (PNA) | E8: 36686 | F8: RECONVERSIÓN DE 1(UNA) AERONAVE DAUPHIN AS365N2 A LA ÚLTIMA VERSIÓN DAUPHIN AS365N3+ PARA AUMENTAR LA CAPACIDAD DE LA ESCUADRILLA EN OPERACIONES DE BÚSQUEDA Y RESCATE (SAR) EN EL LITORAL MARÍTIMO Y FLUVIAL | G8: A INICIAR | H8: OTROS | I8: OTROS | J8: 4320 | K8: 0 | L8: 0 | M8: 0 | N8: 4320
A9: 45 | B9: Ministerio de Defensa | C9: 371 | D9: Estado Mayor Conjunto de las Fuerzas Armadas (EMCO) | E9: 107708 | F9: INCORPORACIÓN DE UN SISTEMA DE DEFENSA ANTIAÉREO. | G9: INICIADO | H9: OTROS | I9: OTROS | J9: 37324.595 | K9: 0 | L9: 0 | M9: 0 | N9: 37324.595
A10: 45 | B10: Ministerio de Defensa | C10: 371 | D10: Estado Mayor Conjunto de las Fuerzas Armadas (EMCO) | E10: 128391 | F10: ADQUISICIÓN DE HELICÓPTEROS DE MONTAÑA, PARA RECUPERAR LA CAPACIDAD DE BÚSQUEDA Y SALVAMENTO (SAR), Y APOYO A LA COMUNIDAD, EN LA ZONA CORDILLERANA DE LA REPÚBLICA ARGENTINA. | G10: INICIADO | H10: OTROS | I10: OTROS | J10: 7033.7 | K10: 0 | L10: 0 | M10: 0 | N10: 7033.7
A11: 45 | B11: Ministerio de Defensa | C11: 371 | D11: Estado Mayor Conjunto de las Fuerzas Armadas (EMCO) | E11: 130457 | F11: INCORPORACIÓN DE EQUIPAMIENTO DE COMUNICACIONES E INFORMÁTICA PARA IMPLEMENTAR EL PROYECTO FAS D CC 0050 PLAN DE VUELO MILITAR / SICCOP EN EL ÁMBITO DE LAS FUERZAS ARMADAS ARGENTINAS. | G11: INICIADO | H11: OTROS | I11: OTROS | J11: 300 | K11: 0 | L11: 0 | M11: 0 | N11: 300
A12: 45 | B12: Ministerio de Defensa | C12: 371 | D12: Estado Mayor Conjunto de las Fuerzas Armadas (EMCO) | E12: 148206 | F12: INCORPORACIÓN DE UN SISTEMA DE GESTIÓN DE INCIDENTES Y RESPUESTA ANTE CIBERATAQUES. COMANDO CONJUNTO DE CIBERDEFENSA. CABA | G12: INICIADO | H12: OTROS | I12: OTROS | J12: 5162.3449 | K12: 0 | L12: 0 | M12: 0 | N12: 5162.3449
A13: 45 | B13: Ministerio de Defensa | C13: 371 | D13: Estado Mayor Conjunto de las Fuerzas Armadas (EMCO) | E13: 153666 | F13: INCORPORACIÓN DE TERMINALES DE ARMAS PARA SISTEMAS DE ARTILLERÍA ANTIAÉREA | G13: A INICIAR | H13: OTROS | I13: OTROS | J13: 2805.0099 | K13: 0 | L13: 0 | M13: 0 | N13: 2805.0099
A14: 45 | B14: Ministerio de Defensa | C14: 371 | D14: Estado Mayor Conjunto de las Fuerzas Armadas (EMCO) | E14: 153667 | F14: ADQUISICIÓN DE SISTEMAS DE ENLACE DE VOZ Y DATOS PARA LAS FUERZAS ARMADAS | G14: A INICIAR | H14: OTROS | I14: OTROS | J14: 2985 | K14: 0 | L14: 0 | M14: 0 | N14: 2985
A15: 45 | B15: Ministerio de Defensa | C15: 371 | D15: Estado Mayor Conjunto de las Fuerzas Armadas (EMCO) | E15: 153668 | F15: ADQUISICIÓN DE PUESTO COMANDO Y CONTROL DE DEFENSA ANTIAÉREA SISTEMA RBS70NG | G15: A INICIAR | H15: OTROS | I15: OTROS | J15: 2694.7305 | K15: 0 | L15: 0 | M15: 0 | N15: 2694.7305
A16: 45 | B16: Ministerio de Defensa | C16: 371 | D16: Estado Mayor Conjunto de las Fuerzas Armadas (EMCO) | E16: 153721 | F16: AMPLIACIÓN DEL SISTEMA DE COMUNICACIONES E INFORMÁTICA PARA LA ACCIÓN MILITAR CONJUNTA EN TODO EL ÁMBITO DEL TERRITORIO NACIONAL. | G16: A INICIAR | H16: OTROS | I16: OTROS | J16: 2512.923 | K16: 0 | L16: 0 | M16: 0 | N16: 2512.923
A17: 45 | B17: Ministerio de Defensa | C17: 371 | D17: Estado Mayor Conjunto de las Fuerzas Armadas (EMCO) | E17: 153801 | F17: ADQUISICIÓN DE TRES (3) SISTEMAS ANTIDRONES PARA EL INSTRUMENTO MILITAR | G17: A INICIAR | H17: OTROS | I17: OTROS | J17: 2807.7 | K17: 0 | L17: 0 | M17: 0 | N17: 2807.7
A18: 45 | B18: Ministerio de Defensa | C18: 371 | D18: Estado Mayor Conjunto de las Fuerzas Armadas (EMCO) | E18: 153802 | F18: INCORPORACIÓN DE CENTRO DE ADIESTRAMIENTO CONJUNTO DE DEFENSA ANTIAREA PARA LAS FUERZAS ARMADAS EN TODO EL TERRITORIO NACIONAL | G18: A INICIAR | H18: OTROS | I18: OTROS | J18: 1495.1752 | K18: 0 | L18: 0 | M18: 0 | N18: 1495.1752
... A56: 50 | B56: Ministerio de Economía | C56: 105 | D56: Comisión Nacional de Energía Atómica | E56: 140129 | F56: CONSTRUCCIÓN, ADECUACIÓN EDILICIA Y ADQUISICIÓN DE EQUIPOS PARA EL CENTRO AVANZADO DE RADIOTERAPIA E IMÁGENES DEL HOSPITAL DE PEDIATRÍA GARRAHAN CABA | G56: INICIADO | H56: OTROS | I56: OTROS | J56: 5500 | K56: 0 | L56: 0 | M56: 0 | N56: 5500

Sheet Exterior
A1: PLAN NACIONAL DE INVERSIONES PÚBLICAS 2027 - 2029 - Exterior
A2: montos en millones de pesos
A3: GASTO DE INVERSIÓN DE LA ADMINISTRACIÓN PÚBLICA NACIONAL POR PROYECTO
A4: Jurisdicción | C4: SAF | E4: Proyecto de Inversión (BAPIN) | G4: Estado | H4: Finalidad | I4: Función | J4: Monto 2027 Proyecto de ley
A5: Cód. | B5: Descripción | C5: Cód. | D5: Descripción | E5: Cod. BAPIN | F5: Denominación | J5: $ | K5: IRD | L5: Transf. Capital | M5: Inv. Financiera | N5: Aplic. Financ.
A6: GASTO DE INVERSIÓN DE LA ADMINISTRACIÓN PÚBLICA NACIONAL POR PROYECTOS EN EL EXTERIOR | J6: =+SUM(J7:J12) -> 359990.4 | K6: =+SUM(K7:K12) -> 3514.6161 | L6: =+SUM(L7:L12) -> 0 | M6: =+SUM(M7:M12) -> 356475.78 | N6: =+SUM(N7:N12) -> 0
A7: 35 | B7: Ministerio de Relaciones Exteriores, Comercio Internacional y Culto | C7: 307 | D7: Ministerio de Relaciones Exteriores, Comercio Internacional y Culto | E7: 111163 | F7: RESTAURACIÓN DE LA RESIDENCIA OFICIAL EN WASHINGTON, ESTADOS UNIDOS | G7: A INICIAR | H7: ADMINISTRACION GUBERNAMENTAL | I7: Relaciones Exteriores | J7: 1770.6161 | K7: 1770.6161 | L7: 0 | M7: 0 | N7: 0
A8: 35 | B8: Ministerio de Relaciones Exteriores, Comercio Internacional y Culto | C8: 307 | D8: Ministerio de Relaciones Exteriores, Comercio Internacional y Culto | E8: 139580 | F8: RESTAURACION Y PUESTA EN VALOR RESIDENCIA OFICIAL EMBAJADA EN CANADA | G8: A INICIAR | H8: ADMINISTRACION GUBERNAMENTAL | I8: Relaciones Exteriores | J8: 624.75 | K8: 624.75 | L8: 0 | M8: 0 | N8: 0
A9: 35 | B9: Ministerio de Relaciones Exteriores, Comercio Internacional y Culto | C9: 307 | D9: Ministerio de Relaciones Exteriores, Comercio Internacional y Culto | E9: 149054 | F9: ADQUISICIÓN DE EQUIPAMIENTO BÁSICO CABA Y SEDES EXTERIOR - 2027 | G9: A INICIAR | H9: ADMINISTRACION GUBERNAMENTAL | I9: Relaciones Exteriores | J9: 661.5 | K9: 661.5 | L9: 0 | M9: 0 | N9: 0
A10: 35 | B10: Ministerio de Relaciones Exteriores, Comercio Internacional y Culto | C10: 307 | D10: Ministerio de Relaciones Exteriores, Comercio Internacional y Culto | E10: 149072 | F10: ADQUISICIÓN DE EQUIPAMIENTO PARA EL NORMAL FUNCIONAMIENTO DE LAS SEDES EN EL EXTERIOR - 2027 | G10: A INICIAR | H10: ADMINISTRACION GUBERNAMENTAL | I10: Relaciones Exteriores | J10: 367.5 | K10: 367.5 | L10: 0 | M10: 0 | N10: 0
A11: 35 | B11: Ministerio de Relaciones Exteriores, Comercio Internacional y Culto | C11: 307 | D11: Ministerio de Relaciones Exteriores, Comercio Internacional y Culto | E11: 154642 | F11: RENOVACIÓN PARQUE AUTOMOTOR - SEDES EXTERIOR - 2027. | G11: A INICIAR | H11: ADMINISTRACION GUBERNAMENTAL | I11: Relaciones Exteriores | J11: 90.25 | K11: 90.25 | L11: 0 | M11: 0 | N11: 0
A12: 91 | B12: Obligaciones a Cargo del Tesoro | C12: 356 | D12: Obligaciones a Cargo del Tesoro | E12: No BAPIN | F12: APORTES AL SECTOR EXTERNO | G12: NO APLICA | H12: ADMINISTRACION GUBERNAMENTAL | I12: Relaciones Exteriores | J12: 356475.78 | K12: 0 | L12: 0 | M12: 356475.78 | N12: 0
